Workbook
Name BES: [1]Dropdowns!$E$2:$E$137
Name ControlType: #REF!
Name EfficientLtg: #REF!
Name EfficientLtgSub: #REF!
Name ExistingLtg: #REF!
Name Federal: #REF!
Name Funding: [1]Dropdowns!$B$2:$B$4
Name Option2: #REF!
Name Primary_Building_Type: #REF!
Name Progress_Payment: #REF!
Name Project_Type: #REF!
Name Reportable: #REF!
Name Resource_Opp_Type: #REF!
Name Secondary_Building_Type: #REF!
Name Sectors: [2]Calculations!$A$8:$A$12
Name Space_Use_Type: #REF!
Name State: [1]Dropdowns!$D$2:$D$9
Name Utility_Name: #REF!

Sheet Instructions
A1: Option 2 Custom Project Instructions (FOR BEETS USE ONLY)
A3: Utility Name:
A4: Ensure your utility is selected from the dropdown on top of the Input tab.
A6: Email Address:
A7: Ensure your email address is entered in the purple area on top of the Input tab.
A9: Data arrangement:
A10: Group the measures together in adjacent rows if they have the same Utility-Assigned Project ID. Do not have blank rows in the data.
A12: Required data:
A13: o Ensure that all 16 required fields are filled out.
A14: o The most critical ones are Completion Date and Utility-Assigned Project ID. They must be both filled out; otherwise, the project cannot be created in BEETS.
A15: o The next critical one is the RefNo. If the RefNo is invalid or missing, then no payment can be calculated and the project will go to Revisions Requires status in BEETS.
A17: Actual Project Start Date:
... A109: Measure RefNo:
B110: Measure Reference Numbers (RefNos) are listed in Column A of the Measure List Tab. To find a RefNo,
B111: · First filter Column B: Resource Opportunity Type. New construction/ major renovation (L) or retrofit (R),
B112: · then filter Column C: Sector,
B113: · then filter Column D: End Use,
B114: · then filter Column E: Category,
B115: · then filter Column F: Technology/ Activity/ Practice.
B116: · Finally, select the appropriate RefNo in Column A, Copy and Paste Values into Column Q of the Input tab.
B117: For a multiple-measure project,
B118: · All RefNos must have the same Resource Opportunity Type and Sector.
B119: · All measure RefNos for each project must have the same first letter and the same first and second numbers.
B120: For example, all measure RefNos uploaded for a commercial retrofit project must be CXXXX92# ##.
C121: The bolded, underlined characters must match for all measures within a single project.
A123: Actual Annual O&M Change ($/Year):
B124: Enter the actual change in annual O&M cost, if any, resulting from the installation of this measure.
B125: · If the change in O&M cost is periodic (e.g. occurs once every three years), the value entered should be an average annual amount over the pre-assigned life of the measure.
B126: · A “savings” (reduction) in annual O&M cost should be reported as a negative (-) dollar amount and will be treated as a “benefit ” in the B/C ratio calculation.
B127: · An increase in annual O&M cost should be reported as a positive (+) dollar amount and will be treated as a “cost” in the B/C ratio calculation.

Sheet Input
A1: Version: | B1: 4.1
C2: Select Utility: | I2: Account Number: | J2: =IFERROR(VLOOKUP(D2,'Drop Downs'!C3:D9,2,FALSE),"")
C3: Email Address of Submitter: | I3: (Auto-Populated) | J3: zzIFERROR(VLOOKUP(D2,'Drop Downs'!C3:D9,2,FALSE),"")
A4: Enter your information in the white space below starting with row 11. Click on each column header in row 9 for definition.
A5: Required fields are indicated in row 6 in blue. Row 7 indicates whether the information is at the project level or measure level.
B6: Optional | C6: Required | D6: Required | E6: Required | F6: Required | G6: Required | H6: Required | I6: Required | J6: Required | K6: Required | L6: Required | M6: Required | N6: Optional | O6: Required | P6: Required | Q6: Required | R6: Optional | S6: Required | T6: Required | U6: Optional | V6: Optional | W6: Optional
A7: Measure Level | B7: Project Level | C7: Project Level | D7: Project Level | E7: Project Level | F7: Project Level | G7: Project Level | H7: Project Level | I7: Project Level | J7: Project Level | K7: Project Level | L7: Project Level | M7: Project Level | N7: Project Level | O7: Project Level | P7: Project Level | Q7: Measure Level | R7: Measure Level | S7: Measure Level | T7: Measure Level | U7: Measure Level | V7: Measure Level | W7: Measure Level
A8: Auto-Populated | C8: Site Information | K8: Project Information | Q8: Measure Inputs
A9: Row Number | B9: Utility Retail Rate ($/kWh) | C9: Unique Site ID | D9: Company Name | E9: Facility Street Address | F9: Facility City | G9: Facility State | H9: Facility ZIP | I9: Primary Building Use | J9: Federal? (Yes/No) | K9: Actual Project Start Date (MM/DD/YYYY) | L9: Completion Date of Project (MM/DD/YYYY) | M9: Project Name (50 characters or less) | N9: Project Description | O9: Utility-Assigned Project ID | P9: Percentage EEI Funding | Q9: Measure RefNo | R9: Utility Measure Name | S9: Actual Measure Cost ($) | T9: Actual Site Savings (kWh) | U9: Actual Annual Non-Energy Benefits ($/Year) | V9: Actual Annual O&M Change ($/Year) | W9: Wildcard
A10: 0 | B10: 0.055 | C10: 55555 | D10: Any Customer | E10: Any Street | F10: Any Town | G10: WA | H10: 98888 | I10: Health Care | J10: No | K10: 44326 | L10: 44075 | M10: Project A | N10: April 2022 Project | O10: 11111 | P10: 80% | Q10: CHVHI82031 | R10: VFD | S10: 120439 | T10: 68565 | U10: 1500 | V10: -750 | W10: Anything
A11: =IF(COUNTA(B11:W11)>0, ROW(A11)-10,"")
A12: =IF(COUNTA(B12:W12)>0, ROW(A12)-10,"")
A13: =IF(COUNTA(B13:W13)>0, ROW(A13)-10,"")
A14: =IF(COUNTA(B14:W14)>0, ROW(A14)-10,"")
A15: =IF(COUNTA(B15:W15)>0, ROW(A15)-10,"")
A16: =IF(COUNTA(B16:W16)>0, ROW(A16)-10,"")
A17: =IF(COUNTA(B17:W17)>0, ROW(A17)-10,"")
A18: =IF(COUNTA(B18:W18)>0, ROW(A18)-10,"")
A19: =IF(COUNTA(B19:W19)>0, ROW(A19)-10,"")
A20: =IF(COUNTA(B20:W20)>0, ROW(A20)-10,"")
A21: =IF(COUNTA(B21:W21)>0, ROW(A21)-10,"")
A22: =IF(COUNTA(B22:W22)>0, ROW(A22)-10,"")
... A510: =IF(COUNTA(B510:W510)>0, ROW(A510)-10,"")

Sheet Error Check before Upload
C2: Missing Data Count | D2: Skipped Row Count | E2: Invalid RefNo Count | F2: Invalid EEI % Check | G2: Within-Project EEI % Check | H2: Invalid Numeric Input Count | I2: Expired RefNo Count | J2: Multi-Sector Count | K2: Utility Selected? | L2: Last Row of Data | X2: Reference Cells
C3: =IF(X4>0,X4,"") | D3: =IF(Y4>0,Y4,"") | E3: =IF(Z4>0,Z4,"") | F3: =IF(AA4>0,AA4,"") | G3: =IF(AB4>0,AB4,"") | H3: =IF(AC4>0,AC4,"") | I3: =IF(AD4>0,AD4,"") | J3: =IF(AE4>0,AE4,"") | K3: =IF(Input!D2="","Please select utility at top of Input tab.","") -> Please select utility at top of Input tab. | L3: =IF(LOOKUP(2,1/(B:B<>""),B:B)="Input Sheet Row #","No data is entered yet.",LOOKUP(2,1/(B:B<>""),B:B)) -> No data is entered yet. | X3: Missing Data | Y3: Skipped Row | Z3: Invalid RefNo | AA3: Invalid EEI % Check | AB3: Within-Project EEI % Check | AC3: Invalid Numeric Input | AD3: Expired RefNo Check | AE3: Multi-Sector Check
C4: =IF(X4=0,X4,"") -> 0 | D4: =IF(Y4=0,Y4,"") -> 0 | E4: =IF(Z4=0,Z4,"") -> 0 | F4: =IF(AA4=0,AA4,"") -> 0 | G4: =IF(AB4=0,AB4,"") -> 0 | H4: =IF(AC4=0,AC4,"") -> 0 | I4: =IF(AD4=0,AD4,"") -> 0 | J4: =IF(AE4=0,AE4,"") -> 0 | K4: =IF(Input!D2<>"","Yes","") | X4: =IF(ISERROR(COUNTIF(C8:R507,"Data is missing.")),"",COUNTIF(C8:R507,"Data is missing.")) -> 0 | Y4: =IF(ISERROR(COUNTIF(C8:C507,"Row is skipped.")),"",COUNTIF(C8:C507,"Row is skipped.")) -> 0 | Z4: =COUNTIF(T8:T507,"Invalid RefNo") -> 0 | AA4: =COUNTIF(AF8:AF507,"Invalid EEI %") -> 0 | AB4: =COUNTIF(AH8:AH507,"EEI% Mismatch within Project") -> 0 | AC4: =COUNTIF(AJ8:AO507,"Needs to be a number.") -> 0 | AD4: =COUNTIF(AQ8:AQ507,"Project start date occurred after measure expiration date.") -> 0 | AE4: =COUNTIF(AS8:AS507,"Multiple sectors for this project") -> 0
C5: If errors indicated in table above, scroll down and to the right to view all ‘Input’ worksheet error details. Then, resolve errors by adjusting the data on the ‘Input’ worksheet. Do not upload template into BEETS until all errors have been corrected or revisions required errors may result.
B6: Check for Missing Required Data & Skipped Rows | G6: BLANK FIELDS BELOW INDICATE NO ERRORS | T6: RefNo Check | AF6: Invalid EEI % Check | AH6: Within-Project EEI % Check | AJ6: Numeric Input Check | AQ6: Expired RefNo Check | AS6: Multi-Sector Check
B7: (Input Tab Columns B-W) | T7: (Input Tab Column Q) | AF7: (Input Tab Column P) | AH7: (Input Tab Column P) | AJ7: (Input Tab Columns B, P, S, T, U, V) | AQ7: (Input Tab Column Q) | AS7: (Measure List Lookup)
B8: Input Sheet Row # | C8: Unique Site ID | D8: Company Name | E8: Facility Street Address | F8: Facility City | G8: Facility State | H8: Facility ZIP | I8: Primary Building Use | J8: Federal? | K8: Actual Project Start Date | L8: Completion Date of Project | M8: Project Name | N8: Utility-Assigned Project ID | O8: Percentage EEI Funding | P8: Measure RefNo | Q8: Actual Measure Cost | R8: Actual SITE Savings | T8: Measure RefNo | AF8: Percentage EEI Funding | AH8: Percentage EEI Funding | AJ8: Utility Retail Rate | AK8: Percentage EEI Funding | AL8: Actual Measure Cost | AM8: Actual Site Savings | AN8: Actual Annual Non-Energy Benefits | AO8: Actual Annual O&M Change | AQ8: Measure RefNo | AS8: Check if the project has multiple sectors
B9: =Input!A11 | C9: =IF(ISERROR(IF(AND(Input!$A11="",SUMPRODUCT(--(LEN(Input!$A12:'Input'!$A$510)>0))<>0),"Row is skipped.",IF(AND(Input!$A11="",Input!$A12=""),"", IF(Input!C11="","Data is missing.","")))),"",IF(AND(Input!$A11="",SUMPRODUCT(--(LEN(Input!$A12:'Input'!$A$510)>0))<>0),"Row is skipped.",IF(AND(Input!$A11="",Input!$A12=""),"", IF(Input!C11="","Data is missing.","")))) | D9: =IF(ISERROR(IF(AND(Input!$A11="",SUMPRODUCT(--(LEN(Input!$A12:'Input'!$A$510)>0))<>0),"Row is skipped.",IF(AND(Input!$A11="",Input!$A12=""),"", IF(Input!D11="","Data is missing.","")))),"",IF(AND(Input!$A11="",SUMPRODUCT(--(LEN(Input!$A12:'Input'!$A$510)>0))<>0),"Row is skipped.",IF(AND(Input!$A11="",Input!$A12=""),"", IF(Input!D11="","Data is missing.","")))) | E9: =IF(ISERROR(IF(AND(Input!$A11="",SUMPRODUCT(--(LEN(Input!$A12:'Input'!$A$510)>0))<>0),"Row is skipped.",IF(AND(Input!$A11="",Input!$A12=""),"", IF(Input!E11="","Data is missing.","")))),"",IF(AND(Input!$A11="",SUMPRODUCT(--(LEN(Input!$A12:'Input'!$A$510)>0))<>0),"Row is skipped.",IF(AND(Input!$A11="",Input!$A12=""),"", IF(Input!E11="","Data is missing.","")))) | F9: =IF(ISERROR(IF(AND(Input!$A11="",SUMPRODUCT(--(LEN(Input!$A12:'Input'!$A$510)>0))<>0),"Row is skipped.",IF(AND(Input!$A11="",Input!$A12=""),"", IF(Input!F11="","Data is missing.","")))),"",IF(AND(Input!$A11="",SUMPRODUCT(--(LEN(Input!$A12:'Input'!$A$510)>0))<>0),"Row is skipped.",IF(AND(Input!$A11="",Input!$A12=""),"", IF(Input!F11="","Data is missing.","")))) | G9: =IF(ISERROR(IF(AND(Input!$A11="",SUMPRODUCT(--(LEN(Input!$A12:'Input'!$A$510)>0))<>0),"Row is skipped.",IF(AND(Input!$A11="",Input!$A12=""),"", IF(Input!G11="","Data is missing.","")))),"",IF(AND(Input!$A11="",SUMPRODUCT(--(LEN(Input!$A12:'Input'!$A$510)>0))<>0),"Row is skipped.",IF(AND(Input!$A11="",Input!$A12=""),"", IF(Input!G11="","Data is missing.","")))) | H9: =IF(ISERROR(IF(AND(Input!$A11="",SUMPRODUCT(--(LEN(Input!$A12:'Input'!$A$510)>0))<>0),"Row is skipped.",IF(AND(Input!$A11="",Input!$A12=""),"", IF(Input!H11="","Data is missing.","")))),"",IF(AND(Input!$A11="",SUMPRODUCT(--(LEN(Input!$A12:'Input'!$A$510)>0))<>0),"Row is skipped.",IF(AND(Input!$A11="",Input!$A12=""),"", IF(Input!H11="","Data is missing.","")))) | I9: =IF(ISERROR(IF(AND(Input!$A11="",SUMPRODUCT(--(LEN(Input!$A12:'Input'!$A$510)>0))<>0),"Row is skipped.",IF(AND(Input!$A11="",Input!$A12=""),"", IF(Input!I11="","Data is missing.","")))),"",IF(AND(Input!$A11="",SUMPRODUCT(--(LEN(Input!$A12:'Input'!$A$510)>0))<>0),"Row is skipped.",IF(AND(Input!$A11="",Input!$A12=""),"", IF(Input!I11="","Data is missing.","")))) | J9: =IF(ISERROR(IF(AND(Input!$A11="",SUMPRODUCT(--(LEN(Input!$A12:'Input'!$A$510)>0))<>0),"Row is skipped.",IF(AND(Input!$A11="",Input!$A12=""),"", IF(Input!J11="","Data is missing.","")))),"",IF(AND(Input!$A11="",SUMPRODUCT(--(LEN(Input!$A12:'Input'!$A$510)>0))<>0),"Row is skipped.",IF(AND(Input!$A11="",Input!$A12=""),"", IF(Input!J11="","Data is missing.","")))) | ... M9: =IF(ISERROR(IF(AND(Input!$A11="",SUMPRODUCT(--(LEN(Input!$A12:'Input'!$A$510)>0))<>0),"Row is skipped.",IF(AND(Input!$A11="",Input!$A12=""),"", IF(Input!M11="","Data is missing.","")))),"",IF(AND(Input!$A11="",SUMPRODUCT(--(LEN(Input!$A12:'Input'!$A$510)>0))<>0),"Row is skipped.",IF(AND(Input!$A11="",Input!$A12=""),"", IF(Input!M11="","Data is missing.","")))) | N9: =IF(ISERROR(IF(AND(Input!$A11="",SUMPRODUCT(--(LEN(Input!$A12:'Input'!$A$510)>0))<>0),"Row is skipped.",IF(AND(Input!$A11="",Input!$A12=""),"", IF(Input!O11="","Data is missing.","")))),"",IF(AND(Input!$A11="",SUMPRODUCT(--(LEN(Input!$A12:'Input'!$A$510)>0))<>0),"Row is skipped.",IF(AND(Input!$A11="",Input!$A12=""),"", IF(Input!O11="","Data is missing.","")))) | O9: =IF(ISERROR(IF(AND(Input!$A11="",SUMPRODUCT(--(LEN(Input!$A12:'Input'!$A$510)>0))<>0),"Row is skipped.",IF(AND(Input!$A11="",Input!$A12=""),"", IF(Input!P11="","Data is missing.","")))),"",IF(AND(Input!$A11="",SUMPRODUCT(--(LEN(Input!$A12:'Input'!$A$510)>0))<>0),"Row is skipped.",IF(AND(Input!$A11="",Input!$A12=""),"", IF(Input!P11="","Data is missing.","")))) | P9: =IF(ISERROR(IF(AND(Input!$A11="",SUMPRODUCT(--(LEN(Input!$A12:'Input'!$A$510)>0))<>0),"Row is skipped.",IF(AND(Input!$A11="",Input!$A12=""),"", IF(Input!Q11="","Data is missing.","")))),"",IF(AND(Input!$A11="",SUMPRODUCT(--(LEN(Input!$A12:'Input'!$A$510)>0))<>0),"Row is skipped.",IF(AND(Input!$A11="",Input!$A12=""),"", IF(Input!Q11="","Data is missing.","")))) | Q9: =IF(ISERROR(IF(AND(Input!$A11="",SUMPRODUCT(--(LEN(Input!$A12:'Input'!$A$510)>0))<>0),"Row is skipped.",IF(AND(Input!$A11="",Input!$A12=""),"", IF(Input!S11="","Data is missing.","")))),"",IF(AND(Input!$A11="",SUMPRODUCT(--(LEN(Input!$A12:'Input'!$A$510)>0))<>0),"Row is skipped.",IF(AND(Input!$A11="",Input!$A12=""),"", IF(Input!S11="","Data is missing.","")))) | R9: =IF(ISERROR(IF(AND(Input!$A11="",SUMPRODUCT(--(LEN(Input!$A12:'Input'!$A$510)>0))<>0),"Row is skipped.",IF(AND(Input!$A11="",Input!$A12=""),"", IF(Input!T11="","Data is missing.","")))),"",IF(AND(Input!$A11="",SUMPRODUCT(--(LEN(Input!$A12:'Input'!$A$510)>0))<>0),"Row is skipped.",IF(AND(Input!$A11="",Input!$A12=""),"", IF(Input!T11="","Data is missing.","")))) | T9: =IF(ISERROR(IF(Input!Q11="","",IF(ISERROR(VLOOKUP(Input!Q11,'Measures List'!$A$3:$A$30000,1,0)),"Invalid RefNo",""))),"",IF(Input!Q11="","",IF(ISERROR(VLOOKUP(Input!Q11,'Measures List'!$A$3:$A$30000,1,0)),"Invalid RefNo",""))) | AF9: =IF(Input!P11="","",IF(OR(VALUE(Input!P11)<0,VALUE(Input!P11)>1), "Invalid EEI %","")) | AH9: ="" | AJ9: =IF(Input!B11="","",IF(ISNUMBER(VALUE(Input!B11)),"","Needs to be a number.")) | AK9: =IF(Input!P11="","",IF(ISNUMBER(VALUE(Input!P11)),"","Needs to be a number.")) | AL9: =IF(Input!S11="","",IF(ISNUMBER(VALUE(Input!S11)),"","Needs to be a number.")) | AM9: =IF(Input!T11="","",IF(ISNUMBER(VALUE(Input!T11)),"","Needs to be a number.")) | AN9: =IF(Input!U11="","",IF(ISNUMBER(VALUE(Input!U11)),"","Needs to be a number.")) | AO9: =IF(Input!V11="","",IF(ISNUMBER(VALUE(Input!V11)),"","Needs to be a number.")) | AQ9: =IF(Input!Q11="","",IF(OFFSET('Measures List'!$K$2,MATCH(Input!Q11,'Measures List'!$A$3:$A$5000,0),MATCH(Input!K11,'Measures List'!$K$2:$BA$2)-1)="NA","Project start date occurred after measure expiration date.","")) | AS9: =""
B10: =Input!A12 | C10: =IF(ISERROR(IF(AND(Input!$A12="",SUMPRODUCT(--(LEN(Input!$A13:'Input'!$A$510)>0))<>0),"Row is skipped.",IF(AND(Input!$A12="",Input!$A13=""),"", IF(Input!C12="","Data is missing.","")))),"",IF(AND(Input!$A12="",SUMPRODUCT(--(LEN(Input!$A13:'Input'!$A$510)>0))<>0),"Row is skipped.",IF(AND(Input!$A12="",Input!$A13=""),"", IF(Input!C12="","Data is missing.","")))) | D10: =IF(ISERROR(IF(AND(Input!$A12="",SUMPRODUCT(--(LEN(Input!$A13:'Input'!$A$510)>0))<>0),"Row is skipped.",IF(AND(Input!$A12="",Input!$A13=""),"", IF(Input!D12="","Data is missing.","")))),"",IF(AND(Input!$A12="",SUMPRODUCT(--(LEN(Input!$A13:'Input'!$A$510)>0))<>0),"Row is skipped.",IF(AND(Input!$A12="",Input!$A13=""),"", IF(Input!D12="","Data is missing.","")))) | E10: =IF(ISERROR(IF(AND(Input!$A12="",SUMPRODUCT(--(LEN(Input!$A13:'Input'!$A$510)>0))<>0),"Row is skipped.",IF(AND(Input!$A12="",Input!$A13=""),"", IF(Input!E12="","Data is missing.","")))),"",IF(AND(Input!$A12="",SUMPRODUCT(--(LEN(Input!$A13:'Input'!$A$510)>0))<>0),"Row is skipped.",IF(AND(Input!$A12="",Input!$A13=""),"", IF(Input!E12="","Data is missing.","")))) | F10: =IF(ISERROR(IF(AND(Input!$A12="",SUMPRODUCT(--(LEN(Input!$A13:'Input'!$A$510)>0))<>0),"Row is skipped.",IF(AND(Input!$A12="",Input!$A13=""),"", IF(Input!F12="","Data is missing.","")))),"",IF(AND(Input!$A12="",SUMPRODUCT(--(LEN(Input!$A13:'Input'!$A$510)>0))<>0),"Row is skipped.",IF(AND(Input!$A12="",Input!$A13=""),"", IF(Input!F12="","Data is missing.","")))) | G10: =IF(ISERROR(IF(AND(Input!$A12="",SUMPRODUCT(--(LEN(Input!$A13:'Input'!$A$510)>0))<>0),"Row is skipped.",IF(AND(Input!$A12="",Input!$A13=""),"", IF(Input!G12="","Data is missing.","")))),"",IF(AND(Input!$A12="",SUMPRODUCT(--(LEN(Input!$A13:'Input'!$A$510)>0))<>0),"Row is skipped.",IF(AND(Input!$A12="",Input!$A13=""),"", IF(Input!G12="","Data is missing.","")))) | H10: =IF(ISERROR(IF(AND(Input!$A12="",SUMPRODUCT(--(LEN(Input!$A13:'Input'!$A$510)>0))<>0),"Row is skipped.",IF(AND(Input!$A12="",Input!$A13=""),"", IF(Input!H12="","Data is missing.","")))),"",IF(AND(Input!$A12="",SUMPRODUCT(--(LEN(Input!$A13:'Input'!$A$510)>0))<>0),"Row is skipped.",IF(AND(Input!$A12="",Input!$A13=""),"", IF(Input!H12="","Data is missing.","")))) | I10: =IF(ISERROR(IF(AND(Input!$A12="",SUMPRODUCT(--(LEN(Input!$A13:'Input'!$A$510)>0))<>0),"Row is skipped.",IF(AND(Input!$A12="",Input!$A13=""),"", IF(Input!I12="","Data is missing.","")))),"",IF(AND(Input!$A12="",SUMPRODUCT(--(LEN(Input!$A13:'Input'!$A$510)>0))<>0),"Row is skipped.",IF(AND(Input!$A12="",Input!$A13=""),"", IF(Input!I12="","Data is missing.","")))) | J10: =IF(ISERROR(IF(AND(Input!$A12="",SUMPRODUCT(--(LEN(Input!$A13:'Input'!$A$510)>0))<>0),"Row is skipped.",IF(AND(Input!$A12="",Input!$A13=""),"", IF(Input!J12="","Data is missing.","")))),"",IF(AND(Input!$A12="",SUMPRODUCT(--(LEN(Input!$A13:'Input'!$A$510)>0))<>0),"Row is skipped.",IF(AND(Input!$A12="",Input!$A13=""),"", IF(Input!J12="","Data is missing.","")))) | ... M10: =IF(ISERROR(IF(AND(Input!$A12="",SUMPRODUCT(--(LEN(Input!$A13:'Input'!$A$510)>0))<>0),"Row is skipped.",IF(AND(Input!$A12="",Input!$A13=""),"", IF(Input!M12="","Data is missing.","")))),"",IF(AND(Input!$A12="",SUMPRODUCT(--(LEN(Input!$A13:'Input'!$A$510)>0))<>0),"Row is skipped.",IF(AND(Input!$A12="",Input!$A13=""),"", IF(Input!M12="","Data is missing.","")))) | N10: =IF(ISERROR(IF(AND(Input!$A12="",SUMPRODUCT(--(LEN(Input!$A13:'Input'!$A$510)>0))<>0),"Row is skipped.",IF(AND(Input!$A12="",Input!$A13=""),"", IF(Input!O12="","Data is missing.","")))),"",IF(AND(Input!$A12="",SUMPRODUCT(--(LEN(Input!$A13:'Input'!$A$510)>0))<>0),"Row is skipped.",IF(AND(Input!$A12="",Input!$A13=""),"", IF(Input!O12="","Data is missing.","")))) | O10: =IF(ISERROR(IF(AND(Input!$A12="",SUMPRODUCT(--(LEN(Input!$A13:'Input'!$A$510)>0))<>0),"Row is skipped.",IF(AND(Input!$A12="",Input!$A13=""),"", IF(Input!P12="","Data is missing.","")))),"",IF(AND(Input!$A12="",SUMPRODUCT(--(LEN(Input!$A13:'Input'!$A$510)>0))<>0),"Row is skipped.",IF(AND(Input!$A12="",Input!$A13=""),"", IF(Input!P12="","Data is missing.","")))) | P10: =IF(ISERROR(IF(AND(Input!$A12="",SUMPRODUCT(--(LEN(Input!$A13:'Input'!$A$510)>0))<>0),"Row is skipped.",IF(AND(Input!$A12="",Input!$A13=""),"", IF(Input!Q12="","Data is missing.","")))),"",IF(AND(Input!$A12="",SUMPRODUCT(--(LEN(Input!$A13:'Input'!$A$510)>0))<>0),"Row is skipped.",IF(AND(Input!$A12="",Input!$A13=""),"", IF(Input!Q12="","Data is missing.","")))) | Q10: =IF(ISERROR(IF(AND(Input!$A12="",SUMPRODUCT(--(LEN(Input!$A13:'Input'!$A$510)>0))<>0),"Row is skipped.",IF(AND(Input!$A12="",Input!$A13=""),"", IF(Input!S12="","Data is missing.","")))),"",IF(AND(Input!$A12="",SUMPRODUCT(--(LEN(Input!$A13:'Input'!$A$510)>0))<>0),"Row is skipped.",IF(AND(Input!$A12="",Input!$A13=""),"", IF(Input!S12="","Data is missing.","")))) | R10: =IF(ISERROR(IF(AND(Input!$A12="",SUMPRODUCT(--(LEN(Input!$A13:'Input'!$A$510)>0))<>0),"Row is skipped.",IF(AND(Input!$A12="",Input!$A13=""),"", IF(Input!T12="","Data is missing.","")))),"",IF(AND(Input!$A12="",SUMPRODUCT(--(LEN(Input!$A13:'Input'!$A$510)>0))<>0),"Row is skipped.",IF(AND(Input!$A12="",Input!$A13=""),"", IF(Input!T12="","Data is missing.","")))) | T10: =IF(ISERROR(IF(Input!Q12="","",IF(ISERROR(VLOOKUP(Input!Q12,'Measures List'!$A$3:$A$30000,1,0)),"Invalid RefNo",""))),"",IF(Input!Q12="","",IF(ISERROR(VLOOKUP(Input!Q12,'Measures List'!$A$3:$A$30000,1,0)),"Invalid RefNo",""))) | AF10: =IF(Input!P12="","",IF(OR(VALUE(Input!P12)<0,VALUE(Input!P12)>1), "Invalid EEI %","")) | AH10: =IF(B10="","",IF(AND(Input!O12=Input!O11,Input!P12<>Input!P11), "EEI% Mismatch within Project","")) | AJ10: =IF(Input!B12="","",IF(ISNUMBER(VALUE(Input!B12)),"","Needs to be a number.")) | AK10: =IF(Input!P12="","",IF(ISNUMBER(VALUE(Input!P12)),"","Needs to be a number.")) | AL10: =IF(Input!S12="","",IF(ISNUMBER(VALUE(Input!S12)),"","Needs to be a number.")) | AM10: =IF(Input!T12="","",IF(ISNUMBER(VALUE(Input!T12)),"","Needs to be a number.")) | AN10: =IF(Input!U12="","",IF(ISNUMBER(VALUE(Input!U12)),"","Needs to be a number.")) | AO10: =IF(Input!V12="","",IF(ISNUMBER(VALUE(Input!V12)),"","Needs to be a number.")) | AQ10: =IF(Input!Q12="","",IF(OFFSET('Measures List'!$K$2,MATCH(Input!Q12,'Measures List'!$A$3:$A$5000,0),MATCH(Input!K12,'Measures List'!$K$2:$BA$2)-1)="NA","Project start date occurred after measure expiration date.","")) | AS10: =IFERROR(IF(Input!O12<>Input!O11,"",IF( VLOOKUP(Input!Q12,'Measures List'!A3:C5000,3,FALSE)= VLOOKUP(Input!Q11,'Measures List'!A3:C5000,3,FALSE),"","Multiple sectors for this project")),"")
B11: =Input!A13 | C11: =IF(ISERROR(IF(AND(Input!$A13="",SUMPRODUCT(--(LEN(Input!$A14:'Input'!$A$510)>0))<>0),"Row is skipped.",IF(AND(Input!$A13="",Input!$A14=""),"", IF(Input!C13="","Data is missing.","")))),"",IF(AND(Input!$A13="",SUMPRODUCT(--(LEN(Input!$A14:'Input'!$A$510)>0))<>0),"Row is skipped.",IF(AND(Input!$A13="",Input!$A14=""),"", IF(Input!C13="","Data is missing.","")))) | D11: =IF(ISERROR(IF(AND(Input!$A13="",SUMPRODUCT(--(LEN(Input!$A14:'Input'!$A$510)>0))<>0),"Row is skipped.",IF(AND(Input!$A13="",Input!$A14=""),"", IF(Input!D13="","Data is missing.","")))),"",IF(AND(Input!$A13="",SUMPRODUCT(--(LEN(Input!$A14:'Input'!$A$510)>0))<>0),"Row is skipped.",IF(AND(Input!$A13="",Input!$A14=""),"", IF(Input!D13="","Data is missing.","")))) | E11: =IF(ISERROR(IF(AND(Input!$A13="",SUMPRODUCT(--(LEN(Input!$A14:'Input'!$A$510)>0))<>0),"Row is skipped.",IF(AND(Input!$A13="",Input!$A14=""),"", IF(Input!E13="","Data is missing.","")))),"",IF(AND(Input!$A13="",SUMPRODUCT(--(LEN(Input!$A14:'Input'!$A$510)>0))<>0),"Row is skipped.",IF(AND(Input!$A13="",Input!$A14=""),"", IF(Input!E13="","Data is missing.","")))) | F11: =IF(ISERROR(IF(AND(Input!$A13="",SUMPRODUCT(--(LEN(Input!$A14:'Input'!$A$510)>0))<>0),"Row is skipped.",IF(AND(Input!$A13="",Input!$A14=""),"", IF(Input!F13="","Data is missing.","")))),"",IF(AND(Input!$A13="",SUMPRODUCT(--(LEN(Input!$A14:'Input'!$A$510)>0))<>0),"Row is skipped.",IF(AND(Input!$A13="",Input!$A14=""),"", IF(Input!F13="","Data is missing.","")))) | G11: =IF(ISERROR(IF(AND(Input!$A13="",SUMPRODUCT(--(LEN(Input!$A14:'Input'!$A$510)>0))<>0),"Row is skipped.",IF(AND(Input!$A13="",Input!$A14=""),"", IF(Input!G13="","Data is missing.","")))),"",IF(AND(Input!$A13="",SUMPRODUCT(--(LEN(Input!$A14:'Input'!$A$510)>0))<>0),"Row is skipped.",IF(AND(Input!$A13="",Input!$A14=""),"", IF(Input!G13="","Data is missing.","")))) | H11: =IF(ISERROR(IF(AND(Input!$A13="",SUMPRODUCT(--(LEN(Input!$A14:'Input'!$A$510)>0))<>0),"Row is skipped.",IF(AND(Input!$A13="",Input!$A14=""),"", IF(Input!H13="","Data is missing.","")))),"",IF(AND(Input!$A13="",SUMPRODUCT(--(LEN(Input!$A14:'Input'!$A$510)>0))<>0),"Row is skipped.",IF(AND(Input!$A13="",Input!$A14=""),"", IF(Input!H13="","Data is missing.","")))) | I11: =IF(ISERROR(IF(AND(Input!$A13="",SUMPRODUCT(--(LEN(Input!$A14:'Input'!$A$510)>0))<>0),"Row is skipped.",IF(AND(Input!$A13="",Input!$A14=""),"", IF(Input!I13="","Data is missing.","")))),"",IF(AND(Input!$A13="",SUMPRODUCT(--(LEN(Input!$A14:'Input'!$A$510)>0))<>0),"Row is skipped.",IF(AND(Input!$A13="",Input!$A14=""),"", IF(Input!I13="","Data is missing.","")))) | J11: =IF(ISERROR(IF(AND(Input!$A13="",SUMPRODUCT(--(LEN(Input!$A14:'Input'!$A$510)>0))<>0),"Row is skipped.",IF(AND(Input!$A13="",Input!$A14=""),"", IF(Input!J13="","Data is missing.","")))),"",IF(AND(Input!$A13="",SUMPRODUCT(--(LEN(Input!$A14:'Input'!$A$510)>0))<>0),"Row is skipped.",IF(AND(Input!$A13="",Input!$A14=""),"", IF(Input!J13="","Data is missing.","")))) | ... M11: =IF(ISERROR(IF(AND(Input!$A13="",SUMPRODUCT(--(LEN(Input!$A14:'Input'!$A$510)>0))<>0),"Row is skipped.",IF(AND(Input!$A13="",Input!$A14=""),"", IF(Input!M13="","Data is missing.","")))),"",IF(AND(Input!$A13="",SUMPRODUCT(--(LEN(Input!$A14:'Input'!$A$510)>0))<>0),"Row is skipped.",IF(AND(Input!$A13="",Input!$A14=""),"", IF(Input!M13="","Data is missing.","")))) | N11: =IF(ISERROR(IF(AND(Input!$A13="",SUMPRODUCT(--(LEN(Input!$A14:'Input'!$A$510)>0))<>0),"Row is skipped.",IF(AND(Input!$A13="",Input!$A14=""),"", IF(Input!O13="","Data is missing.","")))),"",IF(AND(Input!$A13="",SUMPRODUCT(--(LEN(Input!$A14:'Input'!$A$510)>0))<>0),"Row is skipped.",IF(AND(Input!$A13="",Input!$A14=""),"", IF(Input!O13="","Data is missing.","")))) | O11: =IF(ISERROR(IF(AND(Input!$A13="",SUMPRODUCT(--(LEN(Input!$A14:'Input'!$A$510)>0))<>0),"Row is skipped.",IF(AND(Input!$A13="",Input!$A14=""),"", IF(Input!P13="","Data is missing.","")))),"",IF(AND(Input!$A13="",SUMPRODUCT(--(LEN(Input!$A14:'Input'!$A$510)>0))<>0),"Row is skipped.",IF(AND(Input!$A13="",Input!$A14=""),"", IF(Input!P13="","Data is missing.","")))) | P11: =IF(ISERROR(IF(AND(Input!$A13="",SUMPRODUCT(--(LEN(Input!$A14:'Input'!$A$510)>0))<>0),"Row is skipped.",IF(AND(Input!$A13="",Input!$A14=""),"", IF(Input!Q13="","Data is missing.","")))),"",IF(AND(Input!$A13="",SUMPRODUCT(--(LEN(Input!$A14:'Input'!$A$510)>0))<>0),"Row is skipped.",IF(AND(Input!$A13="",Input!$A14=""),"", IF(Input!Q13="","Data is missing.","")))) | Q11: =IF(ISERROR(IF(AND(Input!$A13="",SUMPRODUCT(--(LEN(Input!$A14:'Input'!$A$510)>0))<>0),"Row is skipped.",IF(AND(Input!$A13="",Input!$A14=""),"", IF(Input!S13="","Data is missing.","")))),"",IF(AND(Input!$A13="",SUMPRODUCT(--(LEN(Input!$A14:'Input'!$A$510)>0))<>0),"Row is skipped.",IF(AND(Input!$A13="",Input!$A14=""),"", IF(Input!S13="","Data is missing.","")))) | R11: =IF(ISERROR(IF(AND(Input!$A13="",SUMPRODUCT(--(LEN(Input!$A14:'Input'!$A$510)>0))<>0),"Row is skipped.",IF(AND(Input!$A13="",Input!$A14=""),"", IF(Input!T13="","Data is missing.","")))),"",IF(AND(Input!$A13="",SUMPRODUCT(--(LEN(Input!$A14:'Input'!$A$510)>0))<>0),"Row is skipped.",IF(AND(Input!$A13="",Input!$A14=""),"", IF(Input!T13="","Data is missing.","")))) | T11: =IF(ISERROR(IF(Input!Q13="","",IF(ISERROR(VLOOKUP(Input!Q13,'Measures List'!$A$3:$A$30000,1,0)),"Invalid RefNo",""))),"",IF(Input!Q13="","",IF(ISERROR(VLOOKUP(Input!Q13,'Measures List'!$A$3:$A$30000,1,0)),"Invalid RefNo",""))) | AF11: =IF(Input!P13="","",IF(OR(VALUE(Input!P13)<0,VALUE(Input!P13)>1), "Invalid EEI %","")) | AH11: =IF(B11="","",IF(AND(Input!O13=Input!O12,Input!P13<>Input!P12), "EEI% Mismatch within Project","")) | AJ11: =IF(Input!B13="","",IF(ISNUMBER(VALUE(Input!B13)),"","Needs to be a number.")) | AK11: =IF(Input!P13="","",IF(ISNUMBER(VALUE(Input!P13)),"","Needs to be a number.")) | AL11: =IF(Input!S13="","",IF(ISNUMBER(VALUE(Input!S13)),"","Needs to be a number.")) | AM11: =IF(Input!T13="","",IF(ISNUMBER(VALUE(Input!T13)),"","Needs to be a number.")) | AN11: =IF(Input!U13="","",IF(ISNUMBER(VALUE(Input!U13)),"","Needs to be a number.")) | AO11: =IF(Input!V13="","",IF(ISNUMBER(VALUE(Input!V13)),"","Needs to be a number.")) | AQ11: =IF(Input!Q13="","",IF(OFFSET('Measures List'!$K$2,MATCH(Input!Q13,'Measures List'!$A$3:$A$5000,0),MATCH(Input!K13,'Measures List'!$K$2:$BA$2)-1)="NA","Project start date occurred after measure expiration date.","")) | AS11: =IFERROR(IF(Input!O13<>Input!O12,"",IF( VLOOKUP(Input!Q13,'Measures List'!A4:C5001,3,FALSE)= VLOOKUP(Input!Q12,'Measures List'!A4:C5001,3,FALSE),"","Multiple sectors for this project")),"")
B12: =Input!A14 | C12: =IF(ISERROR(IF(AND(Input!$A14="",SUMPRODUCT(--(LEN(Input!$A15:'Input'!$A$510)>0))<>0),"Row is skipped.",IF(AND(Input!$A14="",Input!$A15=""),"", IF(Input!C14="","Data is missing.","")))),"",IF(AND(Input!$A14="",SUMPRODUCT(--(LEN(Input!$A15:'Input'!$A$510)>0))<>0),"Row is skipped.",IF(AND(Input!$A14="",Input!$A15=""),"", IF(Input!C14="","Data is missing.","")))) | D12: =IF(ISERROR(IF(AND(Input!$A14="",SUMPRODUCT(--(LEN(Input!$A15:'Input'!$A$510)>0))<>0),"Row is skipped.",IF(AND(Input!$A14="",Input!$A15=""),"", IF(Input!D14="","Data is missing.","")))),"",IF(AND(Input!$A14="",SUMPRODUCT(--(LEN(Input!$A15:'Input'!$A$510)>0))<>0),"Row is skipped.",IF(AND(Input!$A14="",Input!$A15=""),"", IF(Input!D14="","Data is missing.","")))) | E12: =IF(ISERROR(IF(AND(Input!$A14="",SUMPRODUCT(--(LEN(Input!$A15:'Input'!$A$510)>0))<>0),"Row is skipped.",IF(AND(Input!$A14="",Input!$A15=""),"", IF(Input!E14="","Data is missing.","")))),"",IF(AND(Input!$A14="",SUMPRODUCT(--(LEN(Input!$A15:'Input'!$A$510)>0))<>0),"Row is skipped.",IF(AND(Input!$A14="",Input!$A15=""),"", IF(Input!E14="","Data is missing.","")))) | F12: =IF(ISERROR(IF(AND(Input!$A14="",SUMPRODUCT(--(LEN(Input!$A15:'Input'!$A$510)>0))<>0),"Row is skipped.",IF(AND(Input!$A14="",Input!$A15=""),"", IF(Input!F14="","Data is missing.","")))),"",IF(AND(Input!$A14="",SUMPRODUCT(--(LEN(Input!$A15:'Input'!$A$510)>0))<>0),"Row is skipped.",IF(AND(Input!$A14="",Input!$A15=""),"", IF(Input!F14="","Data is missing.","")))) | G12: =IF(ISERROR(IF(AND(Input!$A14="",SUMPRODUCT(--(LEN(Input!$A15:'Input'!$A$510)>0))<>0),"Row is skipped.",IF(AND(Input!$A14="",Input!$A15=""),"", IF(Input!G14="","Data is missing.","")))),"",IF(AND(Input!$A14="",SUMPRODUCT(--(LEN(Input!$A15:'Input'!$A$510)>0))<>0),"Row is skipped.",IF(AND(Input!$A14="",Input!$A15=""),"", IF(Input!G14="","Data is missing.","")))) | H12: =IF(ISERROR(IF(AND(Input!$A14="",SUMPRODUCT(--(LEN(Input!$A15:'Input'!$A$510)>0))<>0),"Row is skipped.",IF(AND(Input!$A14="",Input!$A15=""),"", IF(Input!H14="","Data is missing.","")))),"",IF(AND(Input!$A14="",SUMPRODUCT(--(LEN(Input!$A15:'Input'!$A$510)>0))<>0),"Row is skipped.",IF(AND(Input!$A14="",Input!$A15=""),"", IF(Input!H14="","Data is missing.","")))) | I12: =IF(ISERROR(IF(AND(Input!$A14="",SUMPRODUCT(--(LEN(Input!$A15:'Input'!$A$510)>0))<>0),"Row is skipped.",IF(AND(Input!$A14="",Input!$A15=""),"", IF(Input!I14="","Data is missing.","")))),"",IF(AND(Input!$A14="",SUMPRODUCT(--(LEN(Input!$A15:'Input'!$A$510)>0))<>0),"Row is skipped.",IF(AND(Input!$A14="",Input!$A15=""),"", IF(Input!I14="","Data is missing.","")))) | J12: =IF(ISERROR(IF(AND(Input!$A14="",SUMPRODUCT(--(LEN(Input!$A15:'Input'!$A$510)>0))<>0),"Row is skipped.",IF(AND(Input!$A14="",Input!$A15=""),"", IF(Input!J14="","Data is missing.","")))),"",IF(AND(Input!$A14="",SUMPRODUCT(--(LEN(Input!$A15:'Input'!$A$510)>0))<>0),"Row is skipped.",IF(AND(Input!$A14="",Input!$A15=""),"", IF(Input!J14="","Data is missing.","")))) | ... M12: =IF(ISERROR(IF(AND(Input!$A14="",SUMPRODUCT(--(LEN(Input!$A15:'Input'!$A$510)>0))<>0),"Row is skipped.",IF(AND(Input!$A14="",Input!$A15=""),"", IF(Input!M14="","Data is missing.","")))),"",IF(AND(Input!$A14="",SUMPRODUCT(--(LEN(Input!$A15:'Input'!$A$510)>0))<>0),"Row is skipped.",IF(AND(Input!$A14="",Input!$A15=""),"", IF(Input!M14="","Data is missing.","")))) | N12: =IF(ISERROR(IF(AND(Input!$A14="",SUMPRODUCT(--(LEN(Input!$A15:'Input'!$A$510)>0))<>0),"Row is skipped.",IF(AND(Input!$A14="",Input!$A15=""),"", IF(Input!O14="","Data is missing.","")))),"",IF(AND(Input!$A14="",SUMPRODUCT(--(LEN(Input!$A15:'Input'!$A$510)>0))<>0),"Row is skipped.",IF(AND(Input!$A14="",Input!$A15=""),"", IF(Input!O14="","Data is missing.","")))) | O12: =IF(ISERROR(IF(AND(Input!$A14="",SUMPRODUCT(--(LEN(Input!$A15:'Input'!$A$510)>0))<>0),"Row is skipped.",IF(AND(Input!$A14="",Input!$A15=""),"", IF(Input!P14="","Data is missing.","")))),"",IF(AND(Input!$A14="",SUMPRODUCT(--(LEN(Input!$A15:'Input'!$A$510)>0))<>0),"Row is skipped.",IF(AND(Input!$A14="",Input!$A15=""),"", IF(Input!P14="","Data is missing.","")))) | P12: =IF(ISERROR(IF(AND(Input!$A14="",SUMPRODUCT(--(LEN(Input!$A15:'Input'!$A$510)>0))<>0),"Row is skipped.",IF(AND(Input!$A14="",Input!$A15=""),"", IF(Input!Q14="","Data is missing.","")))),"",IF(AND(Input!$A14="",SUMPRODUCT(--(LEN(Input!$A15:'Input'!$A$510)>0))<>0),"Row is skipped.",IF(AND(Input!$A14="",Input!$A15=""),"", IF(Input!Q14="","Data is missing.","")))) | Q12: =IF(ISERROR(IF(AND(Input!$A14="",SUMPRODUCT(--(LEN(Input!$A15:'Input'!$A$510)>0))<>0),"Row is skipped.",IF(AND(Input!$A14="",Input!$A15=""),"", IF(Input!S14="","Data is missing.","")))),"",IF(AND(Input!$A14="",SUMPRODUCT(--(LEN(Input!$A15:'Input'!$A$510)>0))<>0),"Row is skipped.",IF(AND(Input!$A14="",Input!$A15=""),"", IF(Input!S14="","Data is missing.","")))) | R12: =IF(ISERROR(IF(AND(Input!$A14="",SUMPRODUCT(--(LEN(Input!$A15:'Input'!$A$510)>0))<>0),"Row is skipped.",IF(AND(Input!$A14="",Input!$A15=""),"", IF(Input!T14="","Data is missing.","")))),"",IF(AND(Input!$A14="",SUMPRODUCT(--(LEN(Input!$A15:'Input'!$A$510)>0))<>0),"Row is skipped.",IF(AND(Input!$A14="",Input!$A15=""),"", IF(Input!T14="","Data is missing.","")))) | T12: =IF(ISERROR(IF(Input!Q14="","",IF(ISERROR(VLOOKUP(Input!Q14,'Measures List'!$A$3:$A$30000,1,0)),"Invalid RefNo",""))),"",IF(Input!Q14="","",IF(ISERROR(VLOOKUP(Input!Q14,'Measures List'!$A$3:$A$30000,1,0)),"Invalid RefNo",""))) | AF12: =IF(Input!P14="","",IF(OR(VALUE(Input!P14)<0,VALUE(Input!P14)>1), "Invalid EEI %","")) | AH12: =IF(B12="","",IF(AND(Input!O14=Input!O13,Input!P14<>Input!P13), "EEI% Mismatch within Project","")) | AJ12: =IF(Input!B14="","",IF(ISNUMBER(VALUE(Input!B14)),"","Needs to be a number.")) | AK12: =IF(Input!P14="","",IF(ISNUMBER(VALUE(Input!P14)),"","Needs to be a number.")) | AL12: =IF(Input!S14="","",IF(ISNUMBER(VALUE(Input!S14)),"","Needs to be a number.")) | AM12: =IF(Input!T14="","",IF(ISNUMBER(VALUE(Input!T14)),"","Needs to be a number.")) | AN12: =IF(Input!U14="","",IF(ISNUMBER(VALUE(Input!U14)),"","Needs to be a number.")) | AO12: =IF(Input!V14="","",IF(ISNUMBER(VALUE(Input!V14)),"","Needs to be a number.")) | AQ12: =IF(Input!Q14="","",IF(OFFSET('Measures List'!$K$2,MATCH(Input!Q14,'Measures List'!$A$3:$A$5000,0),MATCH(Input!K14,'Measures List'!$K$2:$BA$2)-1)="NA","Project start date occurred after measure expiration date.","")) | AS12: =IFERROR(IF(Input!O14<>Input!O13,"",IF( VLOOKUP(Input!Q14,'Measures List'!A5:C5002,3,FALSE)= VLOOKUP(Input!Q13,'Measures List'!A5:C5002,3,FALSE),"","Multiple sectors for this project")),"")
B13: =Input!A15 | C13: =IF(ISERROR(IF(AND(Input!$A15="",SUMPRODUCT(--(LEN(Input!$A16:'Input'!$A$510)>0))<>0),"Row is skipped.",IF(AND(Input!$A15="",Input!$A16=""),"", IF(Input!C15="","Data is missing.","")))),"",IF(AND(Input!$A15="",SUMPRODUCT(--(LEN(Input!$A16:'Input'!$A$510)>0))<>0),"Row is skipped.",IF(AND(Input!$A15="",Input!$A16=""),"", IF(Input!C15="","Data is missing.","")))) | D13: =IF(ISERROR(IF(AND(Input!$A15="",SUMPRODUCT(--(LEN(Input!$A16:'Input'!$A$510)>0))<>0),"Row is skipped.",IF(AND(Input!$A15="",Input!$A16=""),"", IF(Input!D15="","Data is missing.","")))),"",IF(AND(Input!$A15="",SUMPRODUCT(--(LEN(Input!$A16:'Input'!$A$510)>0))<>0),"Row is skipped.",IF(AND(Input!$A15="",Input!$A16=""),"", IF(Input!D15="","Data is missing.","")))) | E13: =IF(ISERROR(IF(AND(Input!$A15="",SUMPRODUCT(--(LEN(Input!$A16:'Input'!$A$510)>0))<>0),"Row is skipped.",IF(AND(Input!$A15="",Input!$A16=""),"", IF(Input!E15="","Data is missing.","")))),"",IF(AND(Input!$A15="",SUMPRODUCT(--(LEN(Input!$A16:'Input'!$A$510)>0))<>0),"Row is skipped.",IF(AND(Input!$A15="",Input!$A16=""),"", IF(Input!E15="","Data is missing.","")))) | F13: =IF(ISERROR(IF(AND(Input!$A15="",SUMPRODUCT(--(LEN(Input!$A16:'Input'!$A$510)>0))<>0),"Row is skipped.",IF(AND(Input!$A15="",Input!$A16=""),"", IF(Input!F15="","Data is missing.","")))),"",IF(AND(Input!$A15="",SUMPRODUCT(--(LEN(Input!$A16:'Input'!$A$510)>0))<>0),"Row is skipped.",IF(AND(Input!$A15="",Input!$A16=""),"", IF(Input!F15="","Data is missing.","")))) | G13: =IF(ISERROR(IF(AND(Input!$A15="",SUMPRODUCT(--(LEN(Input!$A16:'Input'!$A$510)>0))<>0),"Row is skipped.",IF(AND(Input!$A15="",Input!$A16=""),"", IF(Input!G15="","Data is missing.","")))),"",IF(AND(Input!$A15="",SUMPRODUCT(--(LEN(Input!$A16:'Input'!$A$510)>0))<>0),"Row is skipped.",IF(AND(Input!$A15="",Input!$A16=""),"", IF(Input!G15="","Data is missing.","")))) | H13: =IF(ISERROR(IF(AND(Input!$A15="",SUMPRODUCT(--(LEN(Input!$A16:'Input'!$A$510)>0))<>0),"Row is skipped.",IF(AND(Input!$A15="",Input!$A16=""),"", IF(Input!H15="","Data is missing.","")))),"",IF(AND(Input!$A15="",SUMPRODUCT(--(LEN(Input!$A16:'Input'!$A$510)>0))<>0),"Row is skipped.",IF(AND(Input!$A15="",Input!$A16=""),"", IF(Input!H15="","Data is missing.","")))) | I13: =IF(ISERROR(IF(AND(Input!$A15="",SUMPRODUCT(--(LEN(Input!$A16:'Input'!$A$510)>0))<>0),"Row is skipped.",IF(AND(Input!$A15="",Input!$A16=""),"", IF(Input!I15="","Data is missing.","")))),"",IF(AND(Input!$A15="",SUMPRODUCT(--(LEN(Input!$A16:'Input'!$A$510)>0))<>0),"Row is skipped.",IF(AND(Input!$A15="",Input!$A16=""),"", IF(Input!I15="","Data is missing.","")))) | J13: =IF(ISERROR(IF(AND(Input!$A15="",SUMPRODUCT(--(LEN(Input!$A16:'Input'!$A$510)>0))<>0),"Row is skipped.",IF(AND(Input!$A15="",Input!$A16=""),"", IF(Input!J15="","Data is missing.","")))),"",IF(AND(Input!$A15="",SUMPRODUCT(--(LEN(Input!$A16:'Input'!$A$510)>0))<>0),"Row is skipped.",IF(AND(Input!$A15="",Input!$A16=""),"", IF(Input!J15="","Data is missing.","")))) | ... M13: =IF(ISERROR(IF(AND(Input!$A15="",SUMPRODUCT(--(LEN(Input!$A16:'Input'!$A$510)>0))<>0),"Row is skipped.",IF(AND(Input!$A15="",Input!$A16=""),"", IF(Input!M15="","Data is missing.","")))),"",IF(AND(Input!$A15="",SUMPRODUCT(--(LEN(Input!$A16:'Input'!$A$510)>0))<>0),"Row is skipped.",IF(AND(Input!$A15="",Input!$A16=""),"", IF(Input!M15="","Data is missing.","")))) | N13: =IF(ISERROR(IF(AND(Input!$A15="",SUMPRODUCT(--(LEN(Input!$A16:'Input'!$A$510)>0))<>0),"Row is skipped.",IF(AND(Input!$A15="",Input!$A16=""),"", IF(Input!O15="","Data is missing.","")))),"",IF(AND(Input!$A15="",SUMPRODUCT(--(LEN(Input!$A16:'Input'!$A$510)>0))<>0),"Row is skipped.",IF(AND(Input!$A15="",Input!$A16=""),"", IF(Input!O15="","Data is missing.","")))) | O13: =IF(ISERROR(IF(AND(Input!$A15="",SUMPRODUCT(--(LEN(Input!$A16:'Input'!$A$510)>0))<>0),"Row is skipped.",IF(AND(Input!$A15="",Input!$A16=""),"", IF(Input!P15="","Data is missing.","")))),"",IF(AND(Input!$A15="",SUMPRODUCT(--(LEN(Input!$A16:'Input'!$A$510)>0))<>0),"Row is skipped.",IF(AND(Input!$A15="",Input!$A16=""),"", IF(Input!P15="","Data is missing.","")))) | P13: =IF(ISERROR(IF(AND(Input!$A15="",SUMPRODUCT(--(LEN(Input!$A16:'Input'!$A$510)>0))<>0),"Row is skipped.",IF(AND(Input!$A15="",Input!$A16=""),"", IF(Input!Q15="","Data is missing.","")))),"",IF(AND(Input!$A15="",SUMPRODUCT(--(LEN(Input!$A16:'Input'!$A$510)>0))<>0),"Row is skipped.",IF(AND(Input!$A15="",Input!$A16=""),"", IF(Input!Q15="","Data is missing.","")))) | Q13: =IF(ISERROR(IF(AND(Input!$A15="",SUMPRODUCT(--(LEN(Input!$A16:'Input'!$A$510)>0))<>0),"Row is skipped.",IF(AND(Input!$A15="",Input!$A16=""),"", IF(Input!S15="","Data is missing.","")))),"",IF(AND(Input!$A15="",SUMPRODUCT(--(LEN(Input!$A16:'Input'!$A$510)>0))<>0),"Row is skipped.",IF(AND(Input!$A15="",Input!$A16=""),"", IF(Input!S15="","Data is missing.","")))) | R13: =IF(ISERROR(IF(AND(Input!$A15="",SUMPRODUCT(--(LEN(Input!$A16:'Input'!$A$510)>0))<>0),"Row is skipped.",IF(AND(Input!$A15="",Input!$A16=""),"", IF(Input!T15="","Data is missing.","")))),"",IF(AND(Input!$A15="",SUMPRODUCT(--(LEN(Input!$A16:'Input'!$A$510)>0))<>0),"Row is skipped.",IF(AND(Input!$A15="",Input!$A16=""),"", IF(Input!T15="","Data is missing.","")))) | T13: =IF(ISERROR(IF(Input!Q15="","",IF(ISERROR(VLOOKUP(Input!Q15,'Measures List'!$A$3:$A$30000,1,0)),"Invalid RefNo",""))),"",IF(Input!Q15="","",IF(ISERROR(VLOOKUP(Input!Q15,'Measures List'!$A$3:$A$30000,1,0)),"Invalid RefNo",""))) | AF13: =IF(Input!P15="","",IF(OR(VALUE(Input!P15)<0,VALUE(Input!P15)>1), "Invalid EEI %","")) | AH13: =IF(B13="","",IF(AND(Input!O15=Input!O14,Input!P15<>Input!P14), "EEI% Mismatch within Project","")) | AJ13: =IF(Input!B15="","",IF(ISNUMBER(VALUE(Input!B15)),"","Needs to be a number.")) | AK13: =IF(Input!P15="","",IF(ISNUMBER(VALUE(Input!P15)),"","Needs to be a number.")) | AL13: =IF(Input!S15="","",IF(ISNUMBER(VALUE(Input!S15)),"","Needs to be a number.")) | AM13: =IF(Input!T15="","",IF(ISNUMBER(VALUE(Input!T15)),"","Needs to be a number.")) | AN13: =IF(Input!U15="","",IF(ISNUMBER(VALUE(Input!U15)),"","Needs to be a number.")) | AO13: =IF(Input!V15="","",IF(ISNUMBER(VALUE(Input!V15)),"","Needs to be a number.")) | AQ13: =IF(Input!Q15="","",IF(OFFSET('Measures List'!$K$2,MATCH(Input!Q15,'Measures List'!$A$3:$A$5000,0),MATCH(Input!K15,'Measures List'!$K$2:$BA$2)-1)="NA","Project start date occurred after measure expiration date.","")) | AS13: =IFERROR(IF(Input!O15<>Input!O14,"",IF( VLOOKUP(Input!Q15,'Measures List'!A6:C5003,3,FALSE)= VLOOKUP(Input!Q14,'Measures List'!A6:C5003,3,FALSE),"","Multiple sectors for this project")),"")
B14: =Input!A16 | C14: =IF(ISERROR(IF(AND(Input!$A16="",SUMPRODUCT(--(LEN(Input!$A17:'Input'!$A$510)>0))<>0),"Row is skipped.",IF(AND(Input!$A16="",Input!$A17=""),"", IF(Input!C16="","Data is missing.","")))),"",IF(AND(Input!$A16="",SUMPRODUCT(--(LEN(Input!$A17:'Input'!$A$510)>0))<>0),"Row is skipped.",IF(AND(Input!$A16="",Input!$A17=""),"", IF(Input!C16="","Data is missing.","")))) | D14: =IF(ISERROR(IF(AND(Input!$A16="",SUMPRODUCT(--(LEN(Input!$A17:'Input'!$A$510)>0))<>0),"Row is skipped.",IF(AND(Input!$A16="",Input!$A17=""),"", IF(Input!D16="","Data is missing.","")))),"",IF(AND(Input!$A16="",SUMPRODUCT(--(LEN(Input!$A17:'Input'!$A$510)>0))<>0),"Row is skipped.",IF(AND(Input!$A16="",Input!$A17=""),"", IF(Input!D16="","Data is missing.","")))) | E14: =IF(ISERROR(IF(AND(Input!$A16="",SUMPRODUCT(--(LEN(Input!$A17:'Input'!$A$510)>0))<>0),"Row is skipped.",IF(AND(Input!$A16="",Input!$A17=""),"", IF(Input!E16="","Data is missing.","")))),"",IF(AND(Input!$A16="",SUMPRODUCT(--(LEN(Input!$A17:'Input'!$A$510)>0))<>0),"Row is skipped.",IF(AND(Input!$A16="",Input!$A17=""),"", IF(Input!E16="","Data is missing.","")))) | F14: =IF(ISERROR(IF(AND(Input!$A16="",SUMPRODUCT(--(LEN(Input!$A17:'Input'!$A$510)>0))<>0),"Row is skipped.",IF(AND(Input!$A16="",Input!$A17=""),"", IF(Input!F16="","Data is missing.","")))),"",IF(AND(Input!$A16="",SUMPRODUCT(--(LEN(Input!$A17:'Input'!$A$510)>0))<>0),"Row is skipped.",IF(AND(Input!$A16="",Input!$A17=""),"", IF(Input!F16="","Data is missing.","")))) | G14: =IF(ISERROR(IF(AND(Input!$A16="",SUMPRODUCT(--(LEN(Input!$A17:'Input'!$A$510)>0))<>0),"Row is skipped.",IF(AND(Input!$A16="",Input!$A17=""),"", IF(Input!G16="","Data is missing.","")))),"",IF(AND(Input!$A16="",SUMPRODUCT(--(LEN(Input!$A17:'Input'!$A$510)>0))<>0),"Row is skipped.",IF(AND(Input!$A16="",Input!$A17=""),"", IF(Input!G16="","Data is missing.","")))) | H14: =IF(ISERROR(IF(AND(Input!$A16="",SUMPRODUCT(--(LEN(Input!$A17:'Input'!$A$510)>0))<>0),"Row is skipped.",IF(AND(Input!$A16="",Input!$A17=""),"", IF(Input!H16="","Data is missing.","")))),"",IF(AND(Input!$A16="",SUMPRODUCT(--(LEN(Input!$A17:'Input'!$A$510)>0))<>0),"Row is skipped.",IF(AND(Input!$A16="",Input!$A17=""),"", IF(Input!H16="","Data is missing.","")))) | I14: =IF(ISERROR(IF(AND(Input!$A16="",SUMPRODUCT(--(LEN(Input!$A17:'Input'!$A$510)>0))<>0),"Row is skipped.",IF(AND(Input!$A16="",Input!$A17=""),"", IF(Input!I16="","Data is missing.","")))),"",IF(AND(Input!$A16="",SUMPRODUCT(--(LEN(Input!$A17:'Input'!$A$510)>0))<>0),"Row is skipped.",IF(AND(Input!$A16="",Input!$A17=""),"", IF(Input!I16="","Data is missing.","")))) | J14: =IF(ISERROR(IF(AND(Input!$A16="",SUMPRODUCT(--(LEN(Input!$A17:'Input'!$A$510)>0))<>0),"Row is skipped.",IF(AND(Input!$A16="",Input!$A17=""),"", IF(Input!J16="","Data is missing.","")))),"",IF(AND(Input!$A16="",SUMPRODUCT(--(LEN(Input!$A17:'Input'!$A$510)>0))<>0),"Row is skipped.",IF(AND(Input!$A16="",Input!$A17=""),"", IF(Input!J16="","Data is missing.","")))) | ... M14: =IF(ISERROR(IF(AND(Input!$A16="",SUMPRODUCT(--(LEN(Input!$A17:'Input'!$A$510)>0))<>0),"Row is skipped.",IF(AND(Input!$A16="",Input!$A17=""),"", IF(Input!M16="","Data is missing.","")))),"",IF(AND(Input!$A16="",SUMPRODUCT(--(LEN(Input!$A17:'Input'!$A$510)>0))<>0),"Row is skipped.",IF(AND(Input!$A16="",Input!$A17=""),"", IF(Input!M16="","Data is missing.","")))) | N14: =IF(ISERROR(IF(AND(Input!$A16="",SUMPRODUCT(--(LEN(Input!$A17:'Input'!$A$510)>0))<>0),"Row is skipped.",IF(AND(Input!$A16="",Input!$A17=""),"", IF(Input!O16="","Data is missing.","")))),"",IF(AND(Input!$A16="",SUMPRODUCT(--(LEN(Input!$A17:'Input'!$A$510)>0))<>0),"Row is skipped.",IF(AND(Input!$A16="",Input!$A17=""),"", IF(Input!O16="","Data is missing.","")))) | O14: =IF(ISERROR(IF(AND(Input!$A16="",SUMPRODUCT(--(LEN(Input!$A17:'Input'!$A$510)>0))<>0),"Row is skipped.",IF(AND(Input!$A16="",Input!$A17=""),"", IF(Input!P16="","Data is missing.","")))),"",IF(AND(Input!$A16="",SUMPRODUCT(--(LEN(Input!$A17:'Input'!$A$510)>0))<>0),"Row is skipped.",IF(AND(Input!$A16="",Input!$A17=""),"", IF(Input!P16="","Data is missing.","")))) | P14: =IF(ISERROR(IF(AND(Input!$A16="",SUMPRODUCT(--(LEN(Input!$A17:'Input'!$A$510)>0))<>0),"Row is skipped.",IF(AND(Input!$A16="",Input!$A17=""),"", IF(Input!Q16="","Data is missing.","")))),"",IF(AND(Input!$A16="",SUMPRODUCT(--(LEN(Input!$A17:'Input'!$A$510)>0))<>0),"Row is skipped.",IF(AND(Input!$A16="",Input!$A17=""),"", IF(Input!Q16="","Data is missing.","")))) | Q14: =IF(ISERROR(IF(AND(Input!$A16="",SUMPRODUCT(--(LEN(Input!$A17:'Input'!$A$510)>0))<>0),"Row is skipped.",IF(AND(Input!$A16="",Input!$A17=""),"", IF(Input!S16="","Data is missing.","")))),"",IF(AND(Input!$A16="",SUMPRODUCT(--(LEN(Input!$A17:'Input'!$A$510)>0))<>0),"Row is skipped.",IF(AND(Input!$A16="",Input!$A17=""),"", IF(Input!S16="","Data is missing.","")))) | R14: =IF(ISERROR(IF(AND(Input!$A16="",SUMPRODUCT(--(LEN(Input!$A17:'Input'!$A$510)>0))<>0),"Row is skipped.",IF(AND(Input!$A16="",Input!$A17=""),"", IF(Input!T16="","Data is missing.","")))),"",IF(AND(Input!$A16="",SUMPRODUCT(--(LEN(Input!$A17:'Input'!$A$510)>0))<>0),"Row is skipped.",IF(AND(Input!$A16="",Input!$A17=""),"", IF(Input!T16="","Data is missing.","")))) | T14: =IF(ISERROR(IF(Input!Q16="","",IF(ISERROR(VLOOKUP(Input!Q16,'Measures List'!$A$3:$A$30000,1,0)),"Invalid RefNo",""))),"",IF(Input!Q16="","",IF(ISERROR(VLOOKUP(Input!Q16,'Measures List'!$A$3:$A$30000,1,0)),"Invalid RefNo",""))) | AF14: =IF(Input!P16="","",IF(OR(VALUE(Input!P16)<0,VALUE(Input!P16)>1), "Invalid EEI %","")) | AH14: =IF(B14="","",IF(AND(Input!O16=Input!O15,Input!P16<>Input!P15), "EEI% Mismatch within Project","")) | AJ14: =IF(Input!B16="","",IF(ISNUMBER(VALUE(Input!B16)),"","Needs to be a number.")) | AK14: =IF(Input!P16="","",IF(ISNUMBER(VALUE(Input!P16)),"","Needs to be a number.")) | AL14: =IF(Input!S16="","",IF(ISNUMBER(VALUE(Input!S16)),"","Needs to be a number.")) | AM14: =IF(Input!T16="","",IF(ISNUMBER(VALUE(Input!T16)),"","Needs to be a number.")) | AN14: =IF(Input!U16="","",IF(ISNUMBER(VALUE(Input!U16)),"","Needs to be a number.")) | AO14: =IF(Input!V16="","",IF(ISNUMBER(VALUE(Input!V16)),"","Needs to be a number.")) | AQ14: =IF(Input!Q16="","",IF(OFFSET('Measures List'!$K$2,MATCH(Input!Q16,'Measures List'!$A$3:$A$5000,0),MATCH(Input!K16,'Measures List'!$K$2:$BA$2)-1)="NA","Project start date occurred after measure expiration date.","")) | AS14: =IFERROR(IF(Input!O16<>Input!O15,"",IF( VLOOKUP(Input!Q16,'Measures List'!A7:C5004,3,FALSE)= VLOOKUP(Input!Q15,'Measures List'!A7:C5004,3,FALSE),"","Multiple sectors for this project")),"")
B15: =Input!A17 | C15: =IF(ISERROR(IF(AND(Input!$A17="",SUMPRODUCT(--(LEN(Input!$A18:'Input'!$A$510)>0))<>0),"Row is skipped.",IF(AND(Input!$A17="",Input!$A18=""),"", IF(Input!C17="","Data is missing.","")))),"",IF(AND(Input!$A17="",SUMPRODUCT(--(LEN(Input!$A18:'Input'!$A$510)>0))<>0),"Row is skipped.",IF(AND(Input!$A17="",Input!$A18=""),"", IF(Input!C17="","Data is missing.","")))) | D15: =IF(ISERROR(IF(AND(Input!$A17="",SUMPRODUCT(--(LEN(Input!$A18:'Input'!$A$510)>0))<>0),"Row is skipped.",IF(AND(Input!$A17="",Input!$A18=""),"", IF(Input!D17="","Data is missing.","")))),"",IF(AND(Input!$A17="",SUMPRODUCT(--(LEN(Input!$A18:'Input'!$A$510)>0))<>0),"Row is skipped.",IF(AND(Input!$A17="",Input!$A18=""),"", IF(Input!D17="","Data is missing.","")))) | E15: =IF(ISERROR(IF(AND(Input!$A17="",SUMPRODUCT(--(LEN(Input!$A18:'Input'!$A$510)>0))<>0),"Row is skipped.",IF(AND(Input!$A17="",Input!$A18=""),"", IF(Input!E17="","Data is missing.","")))),"",IF(AND(Input!$A17="",SUMPRODUCT(--(LEN(Input!$A18:'Input'!$A$510)>0))<>0),"Row is skipped.",IF(AND(Input!$A17="",Input!$A18=""),"", IF(Input!E17="","Data is missing.","")))) | F15: =IF(ISERROR(IF(AND(Input!$A17="",SUMPRODUCT(--(LEN(Input!$A18:'Input'!$A$510)>0))<>0),"Row is skipped.",IF(AND(Input!$A17="",Input!$A18=""),"", IF(Input!F17="","Data is missing.","")))),"",IF(AND(Input!$A17="",SUMPRODUCT(--(LEN(Input!$A18:'Input'!$A$510)>0))<>0),"Row is skipped.",IF(AND(Input!$A17="",Input!$A18=""),"", IF(Input!F17="","Data is missing.","")))) | G15: =IF(ISERROR(IF(AND(Input!$A17="",SUMPRODUCT(--(LEN(Input!$A18:'Input'!$A$510)>0))<>0),"Row is skipped.",IF(AND(Input!$A17="",Input!$A18=""),"", IF(Input!G17="","Data is missing.","")))),"",IF(AND(Input!$A17="",SUMPRODUCT(--(LEN(Input!$A18:'Input'!$A$510)>0))<>0),"Row is skipped.",IF(AND(Input!$A17="",Input!$A18=""),"", IF(Input!G17="","Data is missing.","")))) | H15: =IF(ISERROR(IF(AND(Input!$A17="",SUMPRODUCT(--(LEN(Input!$A18:'Input'!$A$510)>0))<>0),"Row is skipped.",IF(AND(Input!$A17="",Input!$A18=""),"", IF(Input!H17="","Data is missing.","")))),"",IF(AND(Input!$A17="",SUMPRODUCT(--(LEN(Input!$A18:'Input'!$A$510)>0))<>0),"Row is skipped.",IF(AND(Input!$A17="",Input!$A18=""),"", IF(Input!H17="","Data is missing.","")))) | I15: =IF(ISERROR(IF(AND(Input!$A17="",SUMPRODUCT(--(LEN(Input!$A18:'Input'!$A$510)>0))<>0),"Row is skipped.",IF(AND(Input!$A17="",Input!$A18=""),"", IF(Input!I17="","Data is missing.","")))),"",IF(AND(Input!$A17="",SUMPRODUCT(--(LEN(Input!$A18:'Input'!$A$510)>0))<>0),"Row is skipped.",IF(AND(Input!$A17="",Input!$A18=""),"", IF(Input!I17="","Data is missing.","")))) | J15: =IF(ISERROR(IF(AND(Input!$A17="",SUMPRODUCT(--(LEN(Input!$A18:'Input'!$A$510)>0))<>0),"Row is skipped.",IF(AND(Input!$A17="",Input!$A18=""),"", IF(Input!J17="","Data is missing.","")))),"",IF(AND(Input!$A17="",SUMPRODUCT(--(LEN(Input!$A18:'Input'!$A$510)>0))<>0),"Row is skipped.",IF(AND(Input!$A17="",Input!$A18=""),"", IF(Input!J17="","Data is missing.","")))) | ... M15: =IF(ISERROR(IF(AND(Input!$A17="",SUMPRODUCT(--(LEN(Input!$A18:'Input'!$A$510)>0))<>0),"Row is skipped.",IF(AND(Input!$A17="",Input!$A18=""),"", IF(Input!M17="","Data is missing.","")))),"",IF(AND(Input!$A17="",SUMPRODUCT(--(LEN(Input!$A18:'Input'!$A$510)>0))<>0),"Row is skipped.",IF(AND(Input!$A17="",Input!$A18=""),"", IF(Input!M17="","Data is missing.","")))) | N15: =IF(ISERROR(IF(AND(Input!$A17="",SUMPRODUCT(--(LEN(Input!$A18:'Input'!$A$510)>0))<>0),"Row is skipped.",IF(AND(Input!$A17="",Input!$A18=""),"", IF(Input!O17="","Data is missing.","")))),"",IF(AND(Input!$A17="",SUMPRODUCT(--(LEN(Input!$A18:'Input'!$A$510)>0))<>0),"Row is skipped.",IF(AND(Input!$A17="",Input!$A18=""),"", IF(Input!O17="","Data is missing.","")))) | O15: =IF(ISERROR(IF(AND(Input!$A17="",SUMPRODUCT(--(LEN(Input!$A18:'Input'!$A$510)>0))<>0),"Row is skipped.",IF(AND(Input!$A17="",Input!$A18=""),"", IF(Input!P17="","Data is missing.","")))),"",IF(AND(Input!$A17="",SUMPRODUCT(--(LEN(Input!$A18:'Input'!$A$510)>0))<>0),"Row is skipped.",IF(AND(Input!$A17="",Input!$A18=""),"", IF(Input!P17="","Data is missing.","")))) | P15: =IF(ISERROR(IF(AND(Input!$A17="",SUMPRODUCT(--(LEN(Input!$A18:'Input'!$A$510)>0))<>0),"Row is skipped.",IF(AND(Input!$A17="",Input!$A18=""),"", IF(Input!Q17="","Data is missing.","")))),"",IF(AND(Input!$A17="",SUMPRODUCT(--(LEN(Input!$A18:'Input'!$A$510)>0))<>0),"Row is skipped.",IF(AND(Input!$A17="",Input!$A18=""),"", IF(Input!Q17="","Data is missing.","")))) | Q15: =IF(ISERROR(IF(AND(Input!$A17="",SUMPRODUCT(--(LEN(Input!$A18:'Input'!$A$510)>0))<>0),"Row is skipped.",IF(AND(Input!$A17="",Input!$A18=""),"", IF(Input!S17="","Data is missing.","")))),"",IF(AND(Input!$A17="",SUMPRODUCT(--(LEN(Input!$A18:'Input'!$A$510)>0))<>0),"Row is skipped.",IF(AND(Input!$A17="",Input!$A18=""),"", IF(Input!S17="","Data is missing.","")))) | R15: =IF(ISERROR(IF(AND(Input!$A17="",SUMPRODUCT(--(LEN(Input!$A18:'Input'!$A$510)>0))<>0),"Row is skipped.",IF(AND(Input!$A17="",Input!$A18=""),"", IF(Input!T17="","Data is missing.","")))),"",IF(AND(Input!$A17="",SUMPRODUCT(--(LEN(Input!$A18:'Input'!$A$510)>0))<>0),"Row is skipped.",IF(AND(Input!$A17="",Input!$A18=""),"", IF(Input!T17="","Data is missing.","")))) | T15: =IF(ISERROR(IF(Input!Q17="","",IF(ISERROR(VLOOKUP(Input!Q17,'Measures List'!$A$3:$A$30000,1,0)),"Invalid RefNo",""))),"",IF(Input!Q17="","",IF(ISERROR(VLOOKUP(Input!Q17,'Measures List'!$A$3:$A$30000,1,0)),"Invalid RefNo",""))) | AF15: =IF(Input!P17="","",IF(OR(VALUE(Input!P17)<0,VALUE(Input!P17)>1), "Invalid EEI %","")) | AH15: =IF(B15="","",IF(AND(Input!O17=Input!O16,Input!P17<>Input!P16), "EEI% Mismatch within Project","")) | AJ15: =IF(Input!B17="","",IF(ISNUMBER(VALUE(Input!B17)),"","Needs to be a number.")) | AK15: =IF(Input!P17="","",IF(ISNUMBER(VALUE(Input!P17)),"","Needs to be a number.")) | AL15: =IF(Input!S17="","",IF(ISNUMBER(VALUE(Input!S17)),"","Needs to be a number.")) | AM15: =IF(Input!T17="","",IF(ISNUMBER(VALUE(Input!T17)),"","Needs to be a number.")) | AN15: =IF(Input!U17="","",IF(ISNUMBER(VALUE(Input!U17)),"","Needs to be a number.")) | AO15: =IF(Input!V17="","",IF(ISNUMBER(VALUE(Input!V17)),"","Needs to be a number.")) | AQ15: =IF(Input!Q17="","",IF(OFFSET('Measures List'!$K$2,MATCH(Input!Q17,'Measures List'!$A$3:$A$5000,0),MATCH(Input!K17,'Measures List'!$K$2:$BA$2)-1)="NA","Project start date occurred after measure expiration date.","")) | AS15: =IFERROR(IF(Input!O17<>Input!O16,"",IF( VLOOKUP(Input!Q17,'Measures List'!A8:C5005,3,FALSE)= VLOOKUP(Input!Q16,'Measures List'!A8:C5005,3,FALSE),"","Multiple sectors for this project")),"")
B16: =Input!A18 | C16: =IF(ISERROR(IF(AND(Input!$A18="",SUMPRODUCT(--(LEN(Input!$A19:'Input'!$A$510)>0))<>0),"Row is skipped.",IF(AND(Input!$A18="",Input!$A19=""),"", IF(Input!C18="","Data is missing.","")))),"",IF(AND(Input!$A18="",SUMPRODUCT(--(LEN(Input!$A19:'Input'!$A$510)>0))<>0),"Row is skipped.",IF(AND(Input!$A18="",Input!$A19=""),"", IF(Input!C18="","Data is missing.","")))) | D16: =IF(ISERROR(IF(AND(Input!$A18="",SUMPRODUCT(--(LEN(Input!$A19:'Input'!$A$510)>0))<>0),"Row is skipped.",IF(AND(Input!$A18="",Input!$A19=""),"", IF(Input!D18="","Data is missing.","")))),"",IF(AND(Input!$A18="",SUMPRODUCT(--(LEN(Input!$A19:'Input'!$A$510)>0))<>0),"Row is skipped.",IF(AND(Input!$A18="",Input!$A19=""),"", IF(Input!D18="","Data is missing.","")))) | E16: =IF(ISERROR(IF(AND(Input!$A18="",SUMPRODUCT(--(LEN(Input!$A19:'Input'!$A$510)>0))<>0),"Row is skipped.",IF(AND(Input!$A18="",Input!$A19=""),"", IF(Input!E18="","Data is missing.","")))),"",IF(AND(Input!$A18="",SUMPRODUCT(--(LEN(Input!$A19:'Input'!$A$510)>0))<>0),"Row is skipped.",IF(AND(Input!$A18="",Input!$A19=""),"", IF(Input!E18="","Data is missing.","")))) | F16: =IF(ISERROR(IF(AND(Input!$A18="",SUMPRODUCT(--(LEN(Input!$A19:'Input'!$A$510)>0))<>0),"Row is skipped.",IF(AND(Input!$A18="",Input!$A19=""),"", IF(Input!F18="","Data is missing.","")))),"",IF(AND(Input!$A18="",SUMPRODUCT(--(LEN(Input!$A19:'Input'!$A$510)>0))<>0),"Row is skipped.",IF(AND(Input!$A18="",Input!$A19=""),"", IF(Input!F18="","Data is missing.","")))) | G16: =IF(ISERROR(IF(AND(Input!$A18="",SUMPRODUCT(--(LEN(Input!$A19:'Input'!$A$510)>0))<>0),"Row is skipped.",IF(AND(Input!$A18="",Input!$A19=""),"", IF(Input!G18="","Data is missing.","")))),"",IF(AND(Input!$A18="",SUMPRODUCT(--(LEN(Input!$A19:'Input'!$A$510)>0))<>0),"Row is skipped.",IF(AND(Input!$A18="",Input!$A19=""),"", IF(Input!G18="","Data is missing.","")))) | H16: =IF(ISERROR(IF(AND(Input!$A18="",SUMPRODUCT(--(LEN(Input!$A19:'Input'!$A$510)>0))<>0),"Row is skipped.",IF(AND(Input!$A18="",Input!$A19=""),"", IF(Input!H18="","Data is missing.","")))),"",IF(AND(Input!$A18="",SUMPRODUCT(--(LEN(Input!$A19:'Input'!$A$510)>0))<>0),"Row is skipped.",IF(AND(Input!$A18="",Input!$A19=""),"", IF(Input!H18="","Data is missing.","")))) | I16: =IF(ISERROR(IF(AND(Input!$A18="",SUMPRODUCT(--(LEN(Input!$A19:'Input'!$A$510)>0))<>0),"Row is skipped.",IF(AND(Input!$A18="",Input!$A19=""),"", IF(Input!I18="","Data is missing.","")))),"",IF(AND(Input!$A18="",SUMPRODUCT(--(LEN(Input!$A19:'Input'!$A$510)>0))<>0),"Row is skipped.",IF(AND(Input!$A18="",Input!$A19=""),"", IF(Input!I18="","Data is missing.","")))) | J16: =IF(ISERROR(IF(AND(Input!$A18="",SUMPRODUCT(--(LEN(Input!$A19:'Input'!$A$510)>0))<>0),"Row is skipped.",IF(AND(Input!$A18="",Input!$A19=""),"", IF(Input!J18="","Data is missing.","")))),"",IF(AND(Input!$A18="",SUMPRODUCT(--(LEN(Input!$A19:'Input'!$A$510)>0))<>0),"Row is skipped.",IF(AND(Input!$A18="",Input!$A19=""),"", IF(Input!J18="","Data is missing.","")))) | ... M16: =IF(ISERROR(IF(AND(Input!$A18="",SUMPRODUCT(--(LEN(Input!$A19:'Input'!$A$510)>0))<>0),"Row is skipped.",IF(AND(Input!$A18="",Input!$A19=""),"", IF(Input!M18="","Data is missing.","")))),"",IF(AND(Input!$A18="",SUMPRODUCT(--(LEN(Input!$A19:'Input'!$A$510)>0))<>0),"Row is skipped.",IF(AND(Input!$A18="",Input!$A19=""),"", IF(Input!M18="","Data is missing.","")))) | N16: =IF(ISERROR(IF(AND(Input!$A18="",SUMPRODUCT(--(LEN(Input!$A19:'Input'!$A$510)>0))<>0),"Row is skipped.",IF(AND(Input!$A18="",Input!$A19=""),"", IF(Input!O18="","Data is missing.","")))),"",IF(AND(Input!$A18="",SUMPRODUCT(--(LEN(Input!$A19:'Input'!$A$510)>0))<>0),"Row is skipped.",IF(AND(Input!$A18="",Input!$A19=""),"", IF(Input!O18="","Data is missing.","")))) | O16: =IF(ISERROR(IF(AND(Input!$A18="",SUMPRODUCT(--(LEN(Input!$A19:'Input'!$A$510)>0))<>0),"Row is skipped.",IF(AND(Input!$A18="",Input!$A19=""),"", IF(Input!P18="","Data is missing.","")))),"",IF(AND(Input!$A18="",SUMPRODUCT(--(LEN(Input!$A19:'Input'!$A$510)>0))<>0),"Row is skipped.",IF(AND(Input!$A18="",Input!$A19=""),"", IF(Input!P18="","Data is missing.","")))) | P16: =IF(ISERROR(IF(AND(Input!$A18="",SUMPRODUCT(--(LEN(Input!$A19:'Input'!$A$510)>0))<>0),"Row is skipped.",IF(AND(Input!$A18="",Input!$A19=""),"", IF(Input!Q18="","Data is missing.","")))),"",IF(AND(Input!$A18="",SUMPRODUCT(--(LEN(Input!$A19:'Input'!$A$510)>0))<>0),"Row is skipped.",IF(AND(Input!$A18="",Input!$A19=""),"", IF(Input!Q18="","Data is missing.","")))) | Q16: =IF(ISERROR(IF(AND(Input!$A18="",SUMPRODUCT(--(LEN(Input!$A19:'Input'!$A$510)>0))<>0),"Row is skipped.",IF(AND(Input!$A18="",Input!$A19=""),"", IF(Input!S18="","Data is missing.","")))),"",IF(AND(Input!$A18="",SUMPRODUCT(--(LEN(Input!$A19:'Input'!$A$510)>0))<>0),"Row is skipped.",IF(AND(Input!$A18="",Input!$A19=""),"", IF(Input!S18="","Data is missing.","")))) | R16: =IF(ISERROR(IF(AND(Input!$A18="",SUMPRODUCT(--(LEN(Input!$A19:'Input'!$A$510)>0))<>0),"Row is skipped.",IF(AND(Input!$A18="",Input!$A19=""),"", IF(Input!T18="","Data is missing.","")))),"",IF(AND(Input!$A18="",SUMPRODUCT(--(LEN(Input!$A19:'Input'!$A$510)>0))<>0),"Row is skipped.",IF(AND(Input!$A18="",Input!$A19=""),"", IF(Input!T18="","Data is missing.","")))) | T16: =IF(ISERROR(IF(Input!Q18="","",IF(ISERROR(VLOOKUP(Input!Q18,'Measures List'!$A$3:$A$30000,1,0)),"Invalid RefNo",""))),"",IF(Input!Q18="","",IF(ISERROR(VLOOKUP(Input!Q18,'Measures List'!$A$3:$A$30000,1,0)),"Invalid RefNo",""))) | AF16: =IF(Input!P18="","",IF(OR(VALUE(Input!P18)<0,VALUE(Input!P18)>1), "Invalid EEI %","")) | AH16: =IF(B16="","",IF(AND(Input!O18=Input!O17,Input!P18<>Input!P17), "EEI% Mismatch within Project","")) | AJ16: =IF(Input!B18="","",IF(ISNUMBER(VALUE(Input!B18)),"","Needs to be a number.")) | AK16: =IF(Input!P18="","",IF(ISNUMBER(VALUE(Input!P18)),"","Needs to be a number.")) | AL16: =IF(Input!S18="","",IF(ISNUMBER(VALUE(Input!S18)),"","Needs to be a number.")) | AM16: =IF(Input!T18="","",IF(ISNUMBER(VALUE(Input!T18)),"","Needs to be a number.")) | AN16: =IF(Input!U18="","",IF(ISNUMBER(VALUE(Input!U18)),"","Needs to be a number.")) | AO16: =IF(Input!V18="","",IF(ISNUMBER(VALUE(Input!V18)),"","Needs to be a number.")) | AQ16: =IF(Input!Q18="","",IF(OFFSET('Measures List'!$K$2,MATCH(Input!Q18,'Measures List'!$A$3:$A$5000,0),MATCH(Input!K18,'Measures List'!$K$2:$BA$2)-1)="NA","Project start date occurred after measure expiration date.","")) | AS16: =IFERROR(IF(Input!O18<>Input!O17,"",IF( VLOOKUP(Input!Q18,'Measures List'!A9:C5006,3,FALSE)= VLOOKUP(Input!Q17,'Measures List'!A9:C5006,3,FALSE),"","Multiple sectors for this project")),"")
B17: =Input!A19 | C17: =IF(ISERROR(IF(AND(Input!$A19="",SUMPRODUCT(--(LEN(Input!$A20:'Input'!$A$510)>0))<>0),"Row is skipped.",IF(AND(Input!$A19="",Input!$A20=""),"", IF(Input!C19="","Data is missing.","")))),"",IF(AND(Input!$A19="",SUMPRODUCT(--(LEN(Input!$A20:'Input'!$A$510)>0))<>0),"Row is skipped.",IF(AND(Input!$A19="",Input!$A20=""),"", IF(Input!C19="","Data is missing.","")))) | D17: =IF(ISERROR(IF(AND(Input!$A19="",SUMPRODUCT(--(LEN(Input!$A20:'Input'!$A$510)>0))<>0),"Row is skipped.",IF(AND(Input!$A19="",Input!$A20=""),"", IF(Input!D19="","Data is missing.","")))),"",IF(AND(Input!$A19="",SUMPRODUCT(--(LEN(Input!$A20:'Input'!$A$510)>0))<>0),"Row is skipped.",IF(AND(Input!$A19="",Input!$A20=""),"", IF(Input!D19="","Data is missing.","")))) | E17: =IF(ISERROR(IF(AND(Input!$A19="",SUMPRODUCT(--(LEN(Input!$A20:'Input'!$A$510)>0))<>0),"Row is skipped.",IF(AND(Input!$A19="",Input!$A20=""),"", IF(Input!E19="","Data is missing.","")))),"",IF(AND(Input!$A19="",SUMPRODUCT(--(LEN(Input!$A20:'Input'!$A$510)>0))<>0),"Row is skipped.",IF(AND(Input!$A19="",Input!$A20=""),"", IF(Input!E19="","Data is missing.","")))) | F17: =IF(ISERROR(IF(AND(Input!$A19="",SUMPRODUCT(--(LEN(Input!$A20:'Input'!$A$510)>0))<>0),"Row is skipped.",IF(AND(Input!$A19="",Input!$A20=""),"", IF(Input!F19="","Data is missing.","")))),"",IF(AND(Input!$A19="",SUMPRODUCT(--(LEN(Input!$A20:'Input'!$A$510)>0))<>0),"Row is skipped.",IF(AND(Input!$A19="",Input!$A20=""),"", IF(Input!F19="","Data is missing.","")))) | G17: =IF(ISERROR(IF(AND(Input!$A19="",SUMPRODUCT(--(LEN(Input!$A20:'Input'!$A$510)>0))<>0),"Row is skipped.",IF(AND(Input!$A19="",Input!$A20=""),"", IF(Input!G19="","Data is missing.","")))),"",IF(AND(Input!$A19="",SUMPRODUCT(--(LEN(Input!$A20:'Input'!$A$510)>0))<>0),"Row is skipped.",IF(AND(Input!$A19="",Input!$A20=""),"", IF(Input!G19="","Data is missing.","")))) | H17: =IF(ISERROR(IF(AND(Input!$A19="",SUMPRODUCT(--(LEN(Input!$A20:'Input'!$A$510)>0))<>0),"Row is skipped.",IF(AND(Input!$A19="",Input!$A20=""),"", IF(Input!H19="","Data is missing.","")))),"",IF(AND(Input!$A19="",SUMPRODUCT(--(LEN(Input!$A20:'Input'!$A$510)>0))<>0),"Row is skipped.",IF(AND(Input!$A19="",Input!$A20=""),"", IF(Input!H19="","Data is missing.","")))) | I17: =IF(ISERROR(IF(AND(Input!$A19="",SUMPRODUCT(--(LEN(Input!$A20:'Input'!$A$510)>0))<>0),"Row is skipped.",IF(AND(Input!$A19="",Input!$A20=""),"", IF(Input!I19="","Data is missing.","")))),"",IF(AND(Input!$A19="",SUMPRODUCT(--(LEN(Input!$A20:'Input'!$A$510)>0))<>0),"Row is skipped.",IF(AND(Input!$A19="",Input!$A20=""),"", IF(Input!I19="","Data is missing.","")))) | J17: =IF(ISERROR(IF(AND(Input!$A19="",SUMPRODUCT(--(LEN(Input!$A20:'Input'!$A$510)>0))<>0),"Row is skipped.",IF(AND(Input!$A19="",Input!$A20=""),"", IF(Input!J19="","Data is missing.","")))),"",IF(AND(Input!$A19="",SUMPRODUCT(--(LEN(Input!$A20:'Input'!$A$510)>0))<>0),"Row is skipped.",IF(AND(Input!$A19="",Input!$A20=""),"", IF(Input!J19="","Data is missing.","")))) | ... M17: =IF(ISERROR(IF(AND(Input!$A19="",SUMPRODUCT(--(LEN(Input!$A20:'Input'!$A$510)>0))<>0),"Row is skipped.",IF(AND(Input!$A19="",Input!$A20=""),"", IF(Input!M19="","Data is missing.","")))),"",IF(AND(Input!$A19="",SUMPRODUCT(--(LEN(Input!$A20:'Input'!$A$510)>0))<>0),"Row is skipped.",IF(AND(Input!$A19="",Input!$A20=""),"", IF(Input!M19="","Data is missing.","")))) | N17: =IF(ISERROR(IF(AND(Input!$A19="",SUMPRODUCT(--(LEN(Input!$A20:'Input'!$A$510)>0))<>0),"Row is skipped.",IF(AND(Input!$A19="",Input!$A20=""),"", IF(Input!O19="","Data is missing.","")))),"",IF(AND(Input!$A19="",SUMPRODUCT(--(LEN(Input!$A20:'Input'!$A$510)>0))<>0),"Row is skipped.",IF(AND(Input!$A19="",Input!$A20=""),"", IF(Input!O19="","Data is missing.","")))) | O17: =IF(ISERROR(IF(AND(Input!$A19="",SUMPRODUCT(--(LEN(Input!$A20:'Input'!$A$510)>0))<>0),"Row is skipped.",IF(AND(Input!$A19="",Input!$A20=""),"", IF(Input!P19="","Data is missing.","")))),"",IF(AND(Input!$A19="",SUMPRODUCT(--(LEN(Input!$A20:'Input'!$A$510)>0))<>0),"Row is skipped.",IF(AND(Input!$A19="",Input!$A20=""),"", IF(Input!P19="","Data is missing.","")))) | P17: =IF(ISERROR(IF(AND(Input!$A19="",SUMPRODUCT(--(LEN(Input!$A20:'Input'!$A$510)>0))<>0),"Row is skipped.",IF(AND(Input!$A19="",Input!$A20=""),"", IF(Input!Q19="","Data is missing.","")))),"",IF(AND(Input!$A19="",SUMPRODUCT(--(LEN(Input!$A20:'Input'!$A$510)>0))<>0),"Row is skipped.",IF(AND(Input!$A19="",Input!$A20=""),"", IF(Input!Q19="","Data is missing.","")))) | Q17: =IF(ISERROR(IF(AND(Input!$A19="",SUMPRODUCT(--(LEN(Input!$A20:'Input'!$A$510)>0))<>0),"Row is skipped.",IF(AND(Input!$A19="",Input!$A20=""),"", IF(Input!S19="","Data is missing.","")))),"",IF(AND(Input!$A19="",SUMPRODUCT(--(LEN(Input!$A20:'Input'!$A$510)>0))<>0),"Row is skipped.",IF(AND(Input!$A19="",Input!$A20=""),"", IF(Input!S19="","Data is missing.","")))) | R17: =IF(ISERROR(IF(AND(Input!$A19="",SUMPRODUCT(--(LEN(Input!$A20:'Input'!$A$510)>0))<>0),"Row is skipped.",IF(AND(Input!$A19="",Input!$A20=""),"", IF(Input!T19="","Data is missing.","")))),"",IF(AND(Input!$A19="",SUMPRODUCT(--(LEN(Input!$A20:'Input'!$A$510)>0))<>0),"Row is skipped.",IF(AND(Input!$A19="",Input!$A20=""),"", IF(Input!T19="","Data is missing.","")))) | T17: =IF(ISERROR(IF(Input!Q19="","",IF(ISERROR(VLOOKUP(Input!Q19,'Measures List'!$A$3:$A$30000,1,0)),"Invalid RefNo",""))),"",IF(Input!Q19="","",IF(ISERROR(VLOOKUP(Input!Q19,'Measures List'!$A$3:$A$30000,1,0)),"Invalid RefNo",""))) | AF17: =IF(Input!P19="","",IF(OR(VALUE(Input!P19)<0,VALUE(Input!P19)>1), "Invalid EEI %","")) | AH17: =IF(B17="","",IF(AND(Input!O19=Input!O18,Input!P19<>Input!P18), "EEI% Mismatch within Project","")) | AJ17: =IF(Input!B19="","",IF(ISNUMBER(VALUE(Input!B19)),"","Needs to be a number.")) | AK17: =IF(Input!P19="","",IF(ISNUMBER(VALUE(Input!P19)),"","Needs to be a number.")) | AL17: =IF(Input!S19="","",IF(ISNUMBER(VALUE(Input!S19)),"","Needs to be a number.")) | AM17: =IF(Input!T19="","",IF(ISNUMBER(VALUE(Input!T19)),"","Needs to be a number.")) | AN17: =IF(Input!U19="","",IF(ISNUMBER(VALUE(Input!U19)),"","Needs to be a number.")) | AO17: =IF(Input!V19="","",IF(ISNUMBER(VALUE(Input!V19)),"","Needs to be a number.")) | AQ17: =IF(Input!Q19="","",IF(OFFSET('Measures List'!$K$2,MATCH(Input!Q19,'Measures List'!$A$3:$A$5000,0),MATCH(Input!K19,'Measures List'!$K$2:$BA$2)-1)="NA","Project start date occurred after measure expiration date.","")) | AS17: =IFERROR(IF(Input!O19<>Input!O18,"",IF( VLOOKUP(Input!Q19,'Measures List'!A10:C5007,3,FALSE)= VLOOKUP(Input!Q18,'Measures List'!A10:C5007,3,FALSE),"","Multiple sectors for this project")),"")
B18: =Input!A20 | C18: =IF(ISERROR(IF(AND(Input!$A20="",SUMPRODUCT(--(LEN(Input!$A21:'Input'!$A$510)>0))<>0),"Row is skipped.",IF(AND(Input!$A20="",Input!$A21=""),"", IF(Input!C20="","Data is missing.","")))),"",IF(AND(Input!$A20="",SUMPRODUCT(--(LEN(Input!$A21:'Input'!$A$510)>0))<>0),"Row is skipped.",IF(AND(Input!$A20="",Input!$A21=""),"", IF(Input!C20="","Data is missing.","")))) | D18: =IF(ISERROR(IF(AND(Input!$A20="",SUMPRODUCT(--(LEN(Input!$A21:'Input'!$A$510)>0))<>0),"Row is skipped.",IF(AND(Input!$A20="",Input!$A21=""),"", IF(Input!D20="","Data is missing.","")))),"",IF(AND(Input!$A20="",SUMPRODUCT(--(LEN(Input!$A21:'Input'!$A$510)>0))<>0),"Row is skipped.",IF(AND(Input!$A20="",Input!$A21=""),"", IF(Input!D20="","Data is missing.","")))) | E18: =IF(ISERROR(IF(AND(Input!$A20="",SUMPRODUCT(--(LEN(Input!$A21:'Input'!$A$510)>0))<>0),"Row is skipped.",IF(AND(Input!$A20="",Input!$A21=""),"", IF(Input!E20="","Data is missing.","")))),"",IF(AND(Input!$A20="",SUMPRODUCT(--(LEN(Input!$A21:'Input'!$A$510)>0))<>0),"Row is skipped.",IF(AND(Input!$A20="",Input!$A21=""),"", IF(Input!E20="","Data is missing.","")))) | F18: =IF(ISERROR(IF(AND(Input!$A20="",SUMPRODUCT(--(LEN(Input!$A21:'Input'!$A$510)>0))<>0),"Row is skipped.",IF(AND(Input!$A20="",Input!$A21=""),"", IF(Input!F20="","Data is missing.","")))),"",IF(AND(Input!$A20="",SUMPRODUCT(--(LEN(Input!$A21:'Input'!$A$510)>0))<>0),"Row is skipped.",IF(AND(Input!$A20="",Input!$A21=""),"", IF(Input!F20="","Data is missing.","")))) | G18: =IF(ISERROR(IF(AND(Input!$A20="",SUMPRODUCT(--(LEN(Input!$A21:'Input'!$A$510)>0))<>0),"Row is skipped.",IF(AND(Input!$A20="",Input!$A21=""),"", IF(Input!G20="","Data is missing.","")))),"",IF(AND(Input!$A20="",SUMPRODUCT(--(LEN(Input!$A21:'Input'!$A$510)>0))<>0),"Row is skipped.",IF(AND(Input!$A20="",Input!$A21=""),"", IF(Input!G20="","Data is missing.","")))) | H18: =IF(ISERROR(IF(AND(Input!$A20="",SUMPRODUCT(--(LEN(Input!$A21:'Input'!$A$510)>0))<>0),"Row is skipped.",IF(AND(Input!$A20="",Input!$A21=""),"", IF(Input!H20="","Data is missing.","")))),"",IF(AND(Input!$A20="",SUMPRODUCT(--(LEN(Input!$A21:'Input'!$A$510)>0))<>0),"Row is skipped.",IF(AND(Input!$A20="",Input!$A21=""),"", IF(Input!H20="","Data is missing.","")))) | I18: =IF(ISERROR(IF(AND(Input!$A20="",SUMPRODUCT(--(LEN(Input!$A21:'Input'!$A$510)>0))<>0),"Row is skipped.",IF(AND(Input!$A20="",Input!$A21=""),"", IF(Input!I20="","Data is missing.","")))),"",IF(AND(Input!$A20="",SUMPRODUCT(--(LEN(Input!$A21:'Input'!$A$510)>0))<>0),"Row is skipped.",IF(AND(Input!$A20="",Input!$A21=""),"", IF(Input!I20="","Data is missing.","")))) | J18: =IF(ISERROR(IF(AND(Input!$A20="",SUMPRODUCT(--(LEN(Input!$A21:'Input'!$A$510)>0))<>0),"Row is skipped.",IF(AND(Input!$A20="",Input!$A21=""),"", IF(Input!J20="","Data is missing.","")))),"",IF(AND(Input!$A20="",SUMPRODUCT(--(LEN(Input!$A21:'Input'!$A$510)>0))<>0),"Row is skipped.",IF(AND(Input!$A20="",Input!$A21=""),"", IF(Input!J20="","Data is missing.","")))) | ... M18: =IF(ISERROR(IF(AND(Input!$A20="",SUMPRODUCT(--(LEN(Input!$A21:'Input'!$A$510)>0))<>0),"Row is skipped.",IF(AND(Input!$A20="",Input!$A21=""),"", IF(Input!M20="","Data is missing.","")))),"",IF(AND(Input!$A20="",SUMPRODUCT(--(LEN(Input!$A21:'Input'!$A$510)>0))<>0),"Row is skipped.",IF(AND(Input!$A20="",Input!$A21=""),"", IF(Input!M20="","Data is missing.","")))) | N18: =IF(ISERROR(IF(AND(Input!$A20="",SUMPRODUCT(--(LEN(Input!$A21:'Input'!$A$510)>0))<>0),"Row is skipped.",IF(AND(Input!$A20="",Input!$A21=""),"", IF(Input!O20="","Data is missing.","")))),"",IF(AND(Input!$A20="",SUMPRODUCT(--(LEN(Input!$A21:'Input'!$A$510)>0))<>0),"Row is skipped.",IF(AND(Input!$A20="",Input!$A21=""),"", IF(Input!O20="","Data is missing.","")))) | O18: =IF(ISERROR(IF(AND(Input!$A20="",SUMPRODUCT(--(LEN(Input!$A21:'Input'!$A$510)>0))<>0),"Row is skipped.",IF(AND(Input!$A20="",Input!$A21=""),"", IF(Input!P20="","Data is missing.","")))),"",IF(AND(Input!$A20="",SUMPRODUCT(--(LEN(Input!$A21:'Input'!$A$510)>0))<>0),"Row is skipped.",IF(AND(Input!$A20="",Input!$A21=""),"", IF(Input!P20="","Data is missing.","")))) | P18: =IF(ISERROR(IF(AND(Input!$A20="",SUMPRODUCT(--(LEN(Input!$A21:'Input'!$A$510)>0))<>0),"Row is skipped.",IF(AND(Input!$A20="",Input!$A21=""),"", IF(Input!Q20="","Data is missing.","")))),"",IF(AND(Input!$A20="",SUMPRODUCT(--(LEN(Input!$A21:'Input'!$A$510)>0))<>0),"Row is skipped.",IF(AND(Input!$A20="",Input!$A21=""),"", IF(Input!Q20="","Data is missing.","")))) | Q18: =IF(ISERROR(IF(AND(Input!$A20="",SUMPRODUCT(--(LEN(Input!$A21:'Input'!$A$510)>0))<>0),"Row is skipped.",IF(AND(Input!$A20="",Input!$A21=""),"", IF(Input!S20="","Data is missing.","")))),"",IF(AND(Input!$A20="",SUMPRODUCT(--(LEN(Input!$A21:'Input'!$A$510)>0))<>0),"Row is skipped.",IF(AND(Input!$A20="",Input!$A21=""),"", IF(Input!S20="","Data is missing.","")))) | R18: =IF(ISERROR(IF(AND(Input!$A20="",SUMPRODUCT(--(LEN(Input!$A21:'Input'!$A$510)>0))<>0),"Row is skipped.",IF(AND(Input!$A20="",Input!$A21=""),"", IF(Input!T20="","Data is missing.","")))),"",IF(AND(Input!$A20="",SUMPRODUCT(--(LEN(Input!$A21:'Input'!$A$510)>0))<>0),"Row is skipped.",IF(AND(Input!$A20="",Input!$A21=""),"", IF(Input!T20="","Data is missing.","")))) | T18: =IF(ISERROR(IF(Input!Q20="","",IF(ISERROR(VLOOKUP(Input!Q20,'Measures List'!$A$3:$A$30000,1,0)),"Invalid RefNo",""))),"",IF(Input!Q20="","",IF(ISERROR(VLOOKUP(Input!Q20,'Measures List'!$A$3:$A$30000,1,0)),"Invalid RefNo",""))) | AF18: =IF(Input!P20="","",IF(OR(VALUE(Input!P20)<0,VALUE(Input!P20)>1), "Invalid EEI %","")) | AH18: =IF(B18="","",IF(AND(Input!O20=Input!O19,Input!P20<>Input!P19), "EEI% Mismatch within Project","")) | AJ18: =IF(Input!B20="","",IF(ISNUMBER(VALUE(Input!B20)),"","Needs to be a number.")) | AK18: =IF(Input!P20="","",IF(ISNUMBER(VALUE(Input!P20)),"","Needs to be a number.")) | AL18: =IF(Input!S20="","",IF(ISNUMBER(VALUE(Input!S20)),"","Needs to be a number.")) | AM18: =IF(Input!T20="","",IF(ISNUMBER(VALUE(Input!T20)),"","Needs to be a number.")) | AN18: =IF(Input!U20="","",IF(ISNUMBER(VALUE(Input!U20)),"","Needs to be a number.")) | AO18: =IF(Input!V20="","",IF(ISNUMBER(VALUE(Input!V20)),"","Needs to be a number.")) | AQ18: =IF(Input!Q20="","",IF(OFFSET('Measures List'!$K$2,MATCH(Input!Q20,'Measures List'!$A$3:$A$5000,0),MATCH(Input!K20,'Measures List'!$K$2:$BA$2)-1)="NA","Project start date occurred after measure expiration date.","")) | AS18: =IFERROR(IF(Input!O20<>Input!O19,"",IF( VLOOKUP(Input!Q20,'Measures List'!A11:C5008,3,FALSE)= VLOOKUP(Input!Q19,'Measures List'!A11:C5008,3,FALSE),"","Multiple sectors for this project")),"")
B19: =Input!A21 | C19: =IF(ISERROR(IF(AND(Input!$A21="",SUMPRODUCT(--(LEN(Input!$A22:'Input'!$A$510)>0))<>0),"Row is skipped.",IF(AND(Input!$A21="",Input!$A22=""),"", IF(Input!C21="","Data is missing.","")))),"",IF(AND(Input!$A21="",SUMPRODUCT(--(LEN(Input!$A22:'Input'!$A$510)>0))<>0),"Row is skipped.",IF(AND(Input!$A21="",Input!$A22=""),"", IF(Input!C21="","Data is missing.","")))) | D19: =IF(ISERROR(IF(AND(Input!$A21="",SUMPRODUCT(--(LEN(Input!$A22:'Input'!$A$510)>0))<>0),"Row is skipped.",IF(AND(Input!$A21="",Input!$A22=""),"", IF(Input!D21="","Data is missing.","")))),"",IF(AND(Input!$A21="",SUMPRODUCT(--(LEN(Input!$A22:'Input'!$A$510)>0))<>0),"Row is skipped.",IF(AND(Input!$A21="",Input!$A22=""),"", IF(Input!D21="","Data is missing.","")))) | E19: =IF(ISERROR(IF(AND(Input!$A21="",SUMPRODUCT(--(LEN(Input!$A22:'Input'!$A$510)>0))<>0),"Row is skipped.",IF(AND(Input!$A21="",Input!$A22=""),"", IF(Input!E21="","Data is missing.","")))),"",IF(AND(Input!$A21="",SUMPRODUCT(--(LEN(Input!$A22:'Input'!$A$510)>0))<>0),"Row is skipped.",IF(AND(Input!$A21="",Input!$A22=""),"", IF(Input!E21="","Data is missing.","")))) | F19: =IF(ISERROR(IF(AND(Input!$A21="",SUMPRODUCT(--(LEN(Input!$A22:'Input'!$A$510)>0))<>0),"Row is skipped.",IF(AND(Input!$A21="",Input!$A22=""),"", IF(Input!F21="","Data is missing.","")))),"",IF(AND(Input!$A21="",SUMPRODUCT(--(LEN(Input!$A22:'Input'!$A$510)>0))<>0),"Row is skipped.",IF(AND(Input!$A21="",Input!$A22=""),"", IF(Input!F21="","Data is missing.","")))) | G19: =IF(ISERROR(IF(AND(Input!$A21="",SUMPRODUCT(--(LEN(Input!$A22:'Input'!$A$510)>0))<>0),"Row is skipped.",IF(AND(Input!$A21="",Input!$A22=""),"", IF(Input!G21="","Data is missing.","")))),"",IF(AND(Input!$A21="",SUMPRODUCT(--(LEN(Input!$A22:'Input'!$A$510)>0))<>0),"Row is skipped.",IF(AND(Input!$A21="",Input!$A22=""),"", IF(Input!G21="","Data is missing.","")))) | H19: =IF(ISERROR(IF(AND(Input!$A21="",SUMPRODUCT(--(LEN(Input!$A22:'Input'!$A$510)>0))<>0),"Row is skipped.",IF(AND(Input!$A21="",Input!$A22=""),"", IF(Input!H21="","Data is missing.","")))),"",IF(AND(Input!$A21="",SUMPRODUCT(--(LEN(Input!$A22:'Input'!$A$510)>0))<>0),"Row is skipped.",IF(AND(Input!$A21="",Input!$A22=""),"", IF(Input!H21="","Data is missing.","")))) | I19: =IF(ISERROR(IF(AND(Input!$A21="",SUMPRODUCT(--(LEN(Input!$A22:'Input'!$A$510)>0))<>0),"Row is skipped.",IF(AND(Input!$A21="",Input!$A22=""),"", IF(Input!I21="","Data is missing.","")))),"",IF(AND(Input!$A21="",SUMPRODUCT(--(LEN(Input!$A22:'Input'!$A$510)>0))<>0),"Row is skipped.",IF(AND(Input!$A21="",Input!$A22=""),"", IF(Input!I21="","Data is missing.","")))) | J19: =IF(ISERROR(IF(AND(Input!$A21="",SUMPRODUCT(--(LEN(Input!$A22:'Input'!$A$510)>0))<>0),"Row is skipped.",IF(AND(Input!$A21="",Input!$A22=""),"", IF(Input!J21="","Data is missing.","")))),"",IF(AND(Input!$A21="",SUMPRODUCT(--(LEN(Input!$A22:'Input'!$A$510)>0))<>0),"Row is skipped.",IF(AND(Input!$A21="",Input!$A22=""),"", IF(Input!J21="","Data is missing.","")))) | ... M19: =IF(ISERROR(IF(AND(Input!$A21="",SUMPRODUCT(--(LEN(Input!$A22:'Input'!$A$510)>0))<>0),"Row is skipped.",IF(AND(Input!$A21="",Input!$A22=""),"", IF(Input!M21="","Data is missing.","")))),"",IF(AND(Input!$A21="",SUMPRODUCT(--(LEN(Input!$A22:'Input'!$A$510)>0))<>0),"Row is skipped.",IF(AND(Input!$A21="",Input!$A22=""),"", IF(Input!M21="","Data is missing.","")))) | N19: =IF(ISERROR(IF(AND(Input!$A21="",SUMPRODUCT(--(LEN(Input!$A22:'Input'!$A$510)>0))<>0),"Row is skipped.",IF(AND(Input!$A21="",Input!$A22=""),"", IF(Input!O21="","Data is missing.","")))),"",IF(AND(Input!$A21="",SUMPRODUCT(--(LEN(Input!$A22:'Input'!$A$510)>0))<>0),"Row is skipped.",IF(AND(Input!$A21="",Input!$A22=""),"", IF(Input!O21="","Data is missing.","")))) | O19: =IF(ISERROR(IF(AND(Input!$A21="",SUMPRODUCT(--(LEN(Input!$A22:'Input'!$A$510)>0))<>0),"Row is skipped.",IF(AND(Input!$A21="",Input!$A22=""),"", IF(Input!P21="","Data is missing.","")))),"",IF(AND(Input!$A21="",SUMPRODUCT(--(LEN(Input!$A22:'Input'!$A$510)>0))<>0),"Row is skipped.",IF(AND(Input!$A21="",Input!$A22=""),"", IF(Input!P21="","Data is missing.","")))) | P19: =IF(ISERROR(IF(AND(Input!$A21="",SUMPRODUCT(--(LEN(Input!$A22:'Input'!$A$510)>0))<>0),"Row is skipped.",IF(AND(Input!$A21="",Input!$A22=""),"", IF(Input!Q21="","Data is missing.","")))),"",IF(AND(Input!$A21="",SUMPRODUCT(--(LEN(Input!$A22:'Input'!$A$510)>0))<>0),"Row is skipped.",IF(AND(Input!$A21="",Input!$A22=""),"", IF(Input!Q21="","Data is missing.","")))) | Q19: =IF(ISERROR(IF(AND(Input!$A21="",SUMPRODUCT(--(LEN(Input!$A22:'Input'!$A$510)>0))<>0),"Row is skipped.",IF(AND(Input!$A21="",Input!$A22=""),"", IF(Input!S21="","Data is missing.","")))),"",IF(AND(Input!$A21="",SUMPRODUCT(--(LEN(Input!$A22:'Input'!$A$510)>0))<>0),"Row is skipped.",IF(AND(Input!$A21="",Input!$A22=""),"", IF(Input!S21="","Data is missing.","")))) | R19: =IF(ISERROR(IF(AND(Input!$A21="",SUMPRODUCT(--(LEN(Input!$A22:'Input'!$A$510)>0))<>0),"Row is skipped.",IF(AND(Input!$A21="",Input!$A22=""),"", IF(Input!T21="","Data is missing.","")))),"",IF(AND(Input!$A21="",SUMPRODUCT(--(LEN(Input!$A22:'Input'!$A$510)>0))<>0),"Row is skipped.",IF(AND(Input!$A21="",Input!$A22=""),"", IF(Input!T21="","Data is missing.","")))) | T19: =IF(ISERROR(IF(Input!Q21="","",IF(ISERROR(VLOOKUP(Input!Q21,'Measures List'!$A$3:$A$30000,1,0)),"Invalid RefNo",""))),"",IF(Input!Q21="","",IF(ISERROR(VLOOKUP(Input!Q21,'Measures List'!$A$3:$A$30000,1,0)),"Invalid RefNo",""))) | AF19: =IF(Input!P21="","",IF(OR(VALUE(Input!P21)<0,VALUE(Input!P21)>1), "Invalid EEI %","")) | AH19: =IF(B19="","",IF(AND(Input!O21=Input!O20,Input!P21<>Input!P20), "EEI% Mismatch within Project","")) | AJ19: =IF(Input!B21="","",IF(ISNUMBER(VALUE(Input!B21)),"","Needs to be a number.")) | AK19: =IF(Input!P21="","",IF(ISNUMBER(VALUE(Input!P21)),"","Needs to be a number.")) | AL19: =IF(Input!S21="","",IF(ISNUMBER(VALUE(Input!S21)),"","Needs to be a number.")) | AM19: =IF(Input!T21="","",IF(ISNUMBER(VALUE(Input!T21)),"","Needs to be a number.")) | AN19: =IF(Input!U21="","",IF(ISNUMBER(VALUE(Input!U21)),"","Needs to be a number.")) | AO19: =IF(Input!V21="","",IF(ISNUMBER(VALUE(Input!V21)),"","Needs to be a number.")) | AQ19: =IF(Input!Q21="","",IF(OFFSET('Measures List'!$K$2,MATCH(Input!Q21,'Measures List'!$A$3:$A$5000,0),MATCH(Input!K21,'Measures List'!$K$2:$BA$2)-1)="NA","Project start date occurred after measure expiration date.","")) | AS19: =IFERROR(IF(Input!O21<>Input!O20,"",IF( VLOOKUP(Input!Q21,'Measures List'!A12:C5009,3,FALSE)= VLOOKUP(Input!Q20,'Measures List'!A12:C5009,3,FALSE),"","Multiple sectors for this project")),"")
B20: =Input!A22 | C20: =IF(ISERROR(IF(AND(Input!$A22="",SUMPRODUCT(--(LEN(Input!$A23:'Input'!$A$510)>0))<>0),"Row is skipped.",IF(AND(Input!$A22="",Input!$A23=""),"", IF(Input!C22="","Data is missing.","")))),"",IF(AND(Input!$A22="",SUMPRODUCT(--(LEN(Input!$A23:'Input'!$A$510)>0))<>0),"Row is skipped.",IF(AND(Input!$A22="",Input!$A23=""),"", IF(Input!C22="","Data is missing.","")))) | D20: =IF(ISERROR(IF(AND(Input!$A22="",SUMPRODUCT(--(LEN(Input!$A23:'Input'!$A$510)>0))<>0),"Row is skipped.",IF(AND(Input!$A22="",Input!$A23=""),"", IF(Input!D22="","Data is missing.","")))),"",IF(AND(Input!$A22="",SUMPRODUCT(--(LEN(Input!$A23:'Input'!$A$510)>0))<>0),"Row is skipped.",IF(AND(Input!$A22="",Input!$A23=""),"", IF(Input!D22="","Data is missing.","")))) | E20: =IF(ISERROR(IF(AND(Input!$A22="",SUMPRODUCT(--(LEN(Input!$A23:'Input'!$A$510)>0))<>0),"Row is skipped.",IF(AND(Input!$A22="",Input!$A23=""),"", IF(Input!E22="","Data is missing.","")))),"",IF(AND(Input!$A22="",SUMPRODUCT(--(LEN(Input!$A23:'Input'!$A$510)>0))<>0),"Row is skipped.",IF(AND(Input!$A22="",Input!$A23=""),"", IF(Input!E22="","Data is missing.","")))) | F20: =IF(ISERROR(IF(AND(Input!$A22="",SUMPRODUCT(--(LEN(Input!$A23:'Input'!$A$510)>0))<>0),"Row is skipped.",IF(AND(Input!$A22="",Input!$A23=""),"", IF(Input!F22="","Data is missing.","")))),"",IF(AND(Input!$A22="",SUMPRODUCT(--(LEN(Input!$A23:'Input'!$A$510)>0))<>0),"Row is skipped.",IF(AND(Input!$A22="",Input!$A23=""),"", IF(Input!F22="","Data is missing.","")))) | G20: =IF(ISERROR(IF(AND(Input!$A22="",SUMPRODUCT(--(LEN(Input!$A23:'Input'!$A$510)>0))<>0),"Row is skipped.",IF(AND(Input!$A22="",Input!$A23=""),"", IF(Input!G22="","Data is missing.","")))),"",IF(AND(Input!$A22="",SUMPRODUCT(--(LEN(Input!$A23:'Input'!$A$510)>0))<>0),"Row is skipped.",IF(AND(Input!$A22="",Input!$A23=""),"", IF(Input!G22="","Data is missing.","")))) | H20: =IF(ISERROR(IF(AND(Input!$A22="",SUMPRODUCT(--(LEN(Input!$A23:'Input'!$A$510)>0))<>0),"Row is skipped.",IF(AND(Input!$A22="",Input!$A23=""),"", IF(Input!H22="","Data is missing.","")))),"",IF(AND(Input!$A22="",SUMPRODUCT(--(LEN(Input!$A23:'Input'!$A$510)>0))<>0),"Row is skipped.",IF(AND(Input!$A22="",Input!$A23=""),"", IF(Input!H22="","Data is missing.","")))) | I20: =IF(ISERROR(IF(AND(Input!$A22="",SUMPRODUCT(--(LEN(Input!$A23:'Input'!$A$510)>0))<>0),"Row is skipped.",IF(AND(Input!$A22="",Input!$A23=""),"", IF(Input!I22="","Data is missing.","")))),"",IF(AND(Input!$A22="",SUMPRODUCT(--(LEN(Input!$A23:'Input'!$A$510)>0))<>0),"Row is skipped.",IF(AND(Input!$A22="",Input!$A23=""),"", IF(Input!I22="","Data is missing.","")))) | J20: =IF(ISERROR(IF(AND(Input!$A22="",SUMPRODUCT(--(LEN(Input!$A23:'Input'!$A$510)>0))<>0),"Row is skipped.",IF(AND(Input!$A22="",Input!$A23=""),"", IF(Input!J22="","Data is missing.","")))),"",IF(AND(Input!$A22="",SUMPRODUCT(--(LEN(Input!$A23:'Input'!$A$510)>0))<>0),"Row is skipped.",IF(AND(Input!$A22="",Input!$A23=""),"", IF(Input!J22="","Data is missing.","")))) | ... M20: =IF(ISERROR(IF(AND(Input!$A22="",SUMPRODUCT(--(LEN(Input!$A23:'Input'!$A$510)>0))<>0),"Row is skipped.",IF(AND(Input!$A22="",Input!$A23=""),"", IF(Input!M22="","Data is missing.","")))),"",IF(AND(Input!$A22="",SUMPRODUCT(--(LEN(Input!$A23:'Input'!$A$510)>0))<>0),"Row is skipped.",IF(AND(Input!$A22="",Input!$A23=""),"", IF(Input!M22="","Data is missing.","")))) | N20: =IF(ISERROR(IF(AND(Input!$A22="",SUMPRODUCT(--(LEN(Input!$A23:'Input'!$A$510)>0))<>0),"Row is skipped.",IF(AND(Input!$A22="",Input!$A23=""),"", IF(Input!O22="","Data is missing.","")))),"",IF(AND(Input!$A22="",SUMPRODUCT(--(LEN(Input!$A23:'Input'!$A$510)>0))<>0),"Row is skipped.",IF(AND(Input!$A22="",Input!$A23=""),"", IF(Input!O22="","Data is missing.","")))) | O20: =IF(ISERROR(IF(AND(Input!$A22="",SUMPRODUCT(--(LEN(Input!$A23:'Input'!$A$510)>0))<>0),"Row is skipped.",IF(AND(Input!$A22="",Input!$A23=""),"", IF(Input!P22="","Data is missing.","")))),"",IF(AND(Input!$A22="",SUMPRODUCT(--(LEN(Input!$A23:'Input'!$A$510)>0))<>0),"Row is skipped.",IF(AND(Input!$A22="",Input!$A23=""),"", IF(Input!P22="","Data is missing.","")))) | P20: =IF(ISERROR(IF(AND(Input!$A22="",SUMPRODUCT(--(LEN(Input!$A23:'Input'!$A$510)>0))<>0),"Row is skipped.",IF(AND(Input!$A22="",Input!$A23=""),"", IF(Input!Q22="","Data is missing.","")))),"",IF(AND(Input!$A22="",SUMPRODUCT(--(LEN(Input!$A23:'Input'!$A$510)>0))<>0),"Row is skipped.",IF(AND(Input!$A22="",Input!$A23=""),"", IF(Input!Q22="","Data is missing.","")))) | Q20: =IF(ISERROR(IF(AND(Input!$A22="",SUMPRODUCT(--(LEN(Input!$A23:'Input'!$A$510)>0))<>0),"Row is skipped.",IF(AND(Input!$A22="",Input!$A23=""),"", IF(Input!S22="","Data is missing.","")))),"",IF(AND(Input!$A22="",SUMPRODUCT(--(LEN(Input!$A23:'Input'!$A$510)>0))<>0),"Row is skipped.",IF(AND(Input!$A22="",Input!$A23=""),"", IF(Input!S22="","Data is missing.","")))) | R20: =IF(ISERROR(IF(AND(Input!$A22="",SUMPRODUCT(--(LEN(Input!$A23:'Input'!$A$510)>0))<>0),"Row is skipped.",IF(AND(Input!$A22="",Input!$A23=""),"", IF(Input!T22="","Data is missing.","")))),"",IF(AND(Input!$A22="",SUMPRODUCT(--(LEN(Input!$A23:'Input'!$A$510)>0))<>0),"Row is skipped.",IF(AND(Input!$A22="",Input!$A23=""),"", IF(Input!T22="","Data is missing.","")))) | T20: =IF(ISERROR(IF(Input!Q22="","",IF(ISERROR(VLOOKUP(Input!Q22,'Measures List'!$A$3:$A$30000,1,0)),"Invalid RefNo",""))),"",IF(Input!Q22="","",IF(ISERROR(VLOOKUP(Input!Q22,'Measures List'!$A$3:$A$30000,1,0)),"Invalid RefNo",""))) | AF20: =IF(Input!P22="","",IF(OR(VALUE(Input!P22)<0,VALUE(Input!P22)>1), "Invalid EEI %","")) | AH20: =IF(B20="","",IF(AND(Input!O22=Input!O21,Input!P22<>Input!P21), "EEI% Mismatch within Project","")) | AJ20: =IF(Input!B22="","",IF(ISNUMBER(VALUE(Input!B22)),"","Needs to be a number.")) | AK20: =IF(Input!P22="","",IF(ISNUMBER(VALUE(Input!P22)),"","Needs to be a number.")) | AL20: =IF(Input!S22="","",IF(ISNUMBER(VALUE(Input!S22)),"","Needs to be a number.")) | AM20: =IF(Input!T22="","",IF(ISNUMBER(VALUE(Input!T22)),"","Needs to be a number.")) | AN20: =IF(Input!U22="","",IF(ISNUMBER(VALUE(Input!U22)),"","Needs to be a number.")) | AO20: =IF(Input!V22="","",IF(ISNUMBER(VALUE(Input!V22)),"","Needs to be a number.")) | AQ20: =IF(Input!Q22="","",IF(OFFSET('Measures List'!$K$2,MATCH(Input!Q22,'Measures List'!$A$3:$A$5000,0),MATCH(Input!K22,'Measures List'!$K$2:$BA$2)-1)="NA","Project start date occurred after measure expiration date.","")) | AS20: =IFERROR(IF(Input!O22<>Input!O21,"",IF( VLOOKUP(Input!Q22,'Measures List'!A13:C5010,3,FALSE)= VLOOKUP(Input!Q21,'Measures List'!A13:C5010,3,FALSE),"","Multiple sectors for this project")),"")
B21: =Input!A23 | C21: =IF(ISERROR(IF(AND(Input!$A23="",SUMPRODUCT(--(LEN(Input!$A24:'Input'!$A$510)>0))<>0),"Row is skipped.",IF(AND(Input!$A23="",Input!$A24=""),"", IF(Input!C23="","Data is missing.","")))),"",IF(AND(Input!$A23="",SUMPRODUCT(--(LEN(Input!$A24:'Input'!$A$510)>0))<>0),"Row is skipped.",IF(AND(Input!$A23="",Input!$A24=""),"", IF(Input!C23="","Data is missing.","")))) | D21: =IF(ISERROR(IF(AND(Input!$A23="",SUMPRODUCT(--(LEN(Input!$A24:'Input'!$A$510)>0))<>0),"Row is skipped.",IF(AND(Input!$A23="",Input!$A24=""),"", IF(Input!D23="","Data is missing.","")))),"",IF(AND(Input!$A23="",SUMPRODUCT(--(LEN(Input!$A24:'Input'!$A$510)>0))<>0),"Row is skipped.",IF(AND(Input!$A23="",Input!$A24=""),"", IF(Input!D23="","Data is missing.","")))) | E21: =IF(ISERROR(IF(AND(Input!$A23="",SUMPRODUCT(--(LEN(Input!$A24:'Input'!$A$510)>0))<>0),"Row is skipped.",IF(AND(Input!$A23="",Input!$A24=""),"", IF(Input!E23="","Data is missing.","")))),"",IF(AND(Input!$A23="",SUMPRODUCT(--(LEN(Input!$A24:'Input'!$A$510)>0))<>0),"Row is skipped.",IF(AND(Input!$A23="",Input!$A24=""),"", IF(Input!E23="","Data is missing.","")))) | F21: =IF(ISERROR(IF(AND(Input!$A23="",SUMPRODUCT(--(LEN(Input!$A24:'Input'!$A$510)>0))<>0),"Row is skipped.",IF(AND(Input!$A23="",Input!$A24=""),"", IF(Input!F23="","Data is missing.","")))),"",IF(AND(Input!$A23="",SUMPRODUCT(--(LEN(Input!$A24:'Input'!$A$510)>0))<>0),"Row is skipped.",IF(AND(Input!$A23="",Input!$A24=""),"", IF(Input!F23="","Data is missing.","")))) | G21: =IF(ISERROR(IF(AND(Input!$A23="",SUMPRODUCT(--(LEN(Input!$A24:'Input'!$A$510)>0))<>0),"Row is skipped.",IF(AND(Input!$A23="",Input!$A24=""),"", IF(Input!G23="","Data is missing.","")))),"",IF(AND(Input!$A23="",SUMPRODUCT(--(LEN(Input!$A24:'Input'!$A$510)>0))<>0),"Row is skipped.",IF(AND(Input!$A23="",Input!$A24=""),"", IF(Input!G23="","Data is missing.","")))) | H21: =IF(ISERROR(IF(AND(Input!$A23="",SUMPRODUCT(--(LEN(Input!$A24:'Input'!$A$510)>0))<>0),"Row is skipped.",IF(AND(Input!$A23="",Input!$A24=""),"", IF(Input!H23="","Data is missing.","")))),"",IF(AND(Input!$A23="",SUMPRODUCT(--(LEN(Input!$A24:'Input'!$A$510)>0))<>0),"Row is skipped.",IF(AND(Input!$A23="",Input!$A24=""),"", IF(Input!H23="","Data is missing.","")))) | I21: =IF(ISERROR(IF(AND(Input!$A23="",SUMPRODUCT(--(LEN(Input!$A24:'Input'!$A$510)>0))<>0),"Row is skipped.",IF(AND(Input!$A23="",Input!$A24=""),"", IF(Input!I23="","Data is missing.","")))),"",IF(AND(Input!$A23="",SUMPRODUCT(--(LEN(Input!$A24:'Input'!$A$510)>0))<>0),"Row is skipped.",IF(AND(Input!$A23="",Input!$A24=""),"", IF(Input!I23="","Data is missing.","")))) | J21: =IF(ISERROR(IF(AND(Input!$A23="",SUMPRODUCT(--(LEN(Input!$A24:'Input'!$A$510)>0))<>0),"Row is skipped.",IF(AND(Input!$A23="",Input!$A24=""),"", IF(Input!J23="","Data is missing.","")))),"",IF(AND(Input!$A23="",SUMPRODUCT(--(LEN(Input!$A24:'Input'!$A$510)>0))<>0),"Row is skipped.",IF(AND(Input!$A23="",Input!$A24=""),"", IF(Input!J23="","Data is missing.","")))) | ... M21: =IF(ISERROR(IF(AND(Input!$A23="",SUMPRODUCT(--(LEN(Input!$A24:'Input'!$A$510)>0))<>0),"Row is skipped.",IF(AND(Input!$A23="",Input!$A24=""),"", IF(Input!M23="","Data is missing.","")))),"",IF(AND(Input!$A23="",SUMPRODUCT(--(LEN(Input!$A24:'Input'!$A$510)>0))<>0),"Row is skipped.",IF(AND(Input!$A23="",Input!$A24=""),"", IF(Input!M23="","Data is missing.","")))) | N21: =IF(ISERROR(IF(AND(Input!$A23="",SUMPRODUCT(--(LEN(Input!$A24:'Input'!$A$510)>0))<>0),"Row is skipped.",IF(AND(Input!$A23="",Input!$A24=""),"", IF(Input!O23="","Data is missing.","")))),"",IF(AND(Input!$A23="",SUMPRODUCT(--(LEN(Input!$A24:'Input'!$A$510)>0))<>0),"Row is skipped.",IF(AND(Input!$A23="",Input!$A24=""),"", IF(Input!O23="","Data is missing.","")))) | O21: =IF(ISERROR(IF(AND(Input!$A23="",SUMPRODUCT(--(LEN(Input!$A24:'Input'!$A$510)>0))<>0),"Row is skipped.",IF(AND(Input!$A23="",Input!$A24=""),"", IF(Input!P23="","Data is missing.","")))),"",IF(AND(Input!$A23="",SUMPRODUCT(--(LEN(Input!$A24:'Input'!$A$510)>0))<>0),"Row is skipped.",IF(AND(Input!$A23="",Input!$A24=""),"", IF(Input!P23="","Data is missing.","")))) | P21: =IF(ISERROR(IF(AND(Input!$A23="",SUMPRODUCT(--(LEN(Input!$A24:'Input'!$A$510)>0))<>0),"Row is skipped.",IF(AND(Input!$A23="",Input!$A24=""),"", IF(Input!Q23="","Data is missing.","")))),"",IF(AND(Input!$A23="",SUMPRODUCT(--(LEN(Input!$A24:'Input'!$A$510)>0))<>0),"Row is skipped.",IF(AND(Input!$A23="",Input!$A24=""),"", IF(Input!Q23="","Data is missing.","")))) | Q21: =IF(ISERROR(IF(AND(Input!$A23="",SUMPRODUCT(--(LEN(Input!$A24:'Input'!$A$510)>0))<>0),"Row is skipped.",IF(AND(Input!$A23="",Input!$A24=""),"", IF(Input!S23="","Data is missing.","")))),"",IF(AND(Input!$A23="",SUMPRODUCT(--(LEN(Input!$A24:'Input'!$A$510)>0))<>0),"Row is skipped.",IF(AND(Input!$A23="",Input!$A24=""),"", IF(Input!S23="","Data is missing.","")))) | R21: =IF(ISERROR(IF(AND(Input!$A23="",SUMPRODUCT(--(LEN(Input!$A24:'Input'!$A$510)>0))<>0),"Row is skipped.",IF(AND(Input!$A23="",Input!$A24=""),"", IF(Input!T23="","Data is missing.","")))),"",IF(AND(Input!$A23="",SUMPRODUCT(--(LEN(Input!$A24:'Input'!$A$510)>0))<>0),"Row is skipped.",IF(AND(Input!$A23="",Input!$A24=""),"", IF(Input!T23="","Data is missing.","")))) | T21: =IF(ISERROR(IF(Input!Q23="","",IF(ISERROR(VLOOKUP(Input!Q23,'Measures List'!$A$3:$A$30000,1,0)),"Invalid RefNo",""))),"",IF(Input!Q23="","",IF(ISERROR(VLOOKUP(Input!Q23,'Measures List'!$A$3:$A$30000,1,0)),"Invalid RefNo",""))) | AF21: =IF(Input!P23="","",IF(OR(VALUE(Input!P23)<0,VALUE(Input!P23)>1), "Invalid EEI %","")) | AH21: =IF(B21="","",IF(AND(Input!O23=Input!O22,Input!P23<>Input!P22), "EEI% Mismatch within Project","")) | AJ21: =IF(Input!B23="","",IF(ISNUMBER(VALUE(Input!B23)),"","Needs to be a number.")) | AK21: =IF(Input!P23="","",IF(ISNUMBER(VALUE(Input!P23)),"","Needs to be a number.")) | AL21: =IF(Input!S23="","",IF(ISNUMBER(VALUE(Input!S23)),"","Needs to be a number.")) | AM21: =IF(Input!T23="","",IF(ISNUMBER(VALUE(Input!T23)),"","Needs to be a number.")) | AN21: =IF(Input!U23="","",IF(ISNUMBER(VALUE(Input!U23)),"","Needs to be a number.")) | AO21: =IF(Input!V23="","",IF(ISNUMBER(VALUE(Input!V23)),"","Needs to be a number.")) | AQ21: =IF(Input!Q23="","",IF(OFFSET('Measures List'!$K$2,MATCH(Input!Q23,'Measures List'!$A$3:$A$5000,0),MATCH(Input!K23,'Measures List'!$K$2:$BA$2)-1)="NA","Project start date occurred after measure expiration date.","")) | AS21: =IFERROR(IF(Input!O23<>Input!O22,"",IF( VLOOKUP(Input!Q23,'Measures List'!A14:C5011,3,FALSE)= VLOOKUP(Input!Q22,'Measures List'!A14:C5011,3,FALSE),"","Multiple sectors for this project")),"")
... B508: =Input!A510 | C508: =IF(ISERROR(IF(AND(Input!$A510="",SUMPRODUCT(--(LEN(Input!$A511:'Input'!$A$510)>0))<>0),"Row is skipped.",IF(AND(Input!$A510="",Input!$A511=""),"", IF(Input!C510="","Data is missing.","")))),"",IF(AND(Input!$A510="",SUMPRODUCT(--(LEN(Input!$A511:'Input'!$A$510)>0))<>0),"Row is skipped.",IF(AND(Input!$A510="",Input!$A511=""),"", IF(Input!C510="","Data is missing.","")))) | D508: =IF(ISERROR(IF(AND(Input!$A510="",SUMPRODUCT(--(LEN(Input!$A511:'Input'!$A$510)>0))<>0),"Row is skipped.",IF(AND(Input!$A510="",Input!$A511=""),"", IF(Input!D510="","Data is missing.","")))),"",IF(AND(Input!$A510="",SUMPRODUCT(--(LEN(Input!$A511:'Input'!$A$510)>0))<>0),"Row is skipped.",IF(AND(Input!$A510="",Input!$A511=""),"", IF(Input!D510="","Data is missing.","")))) | E508: =IF(ISERROR(IF(AND(Input!$A510="",SUMPRODUCT(--(LEN(Input!$A511:'Input'!$A$510)>0))<>0),"Row is skipped.",IF(AND(Input!$A510="",Input!$A511=""),"", IF(Input!E510="","Data is missing.","")))),"",IF(AND(Input!$A510="",SUMPRODUCT(--(LEN(Input!$A511:'Input'!$A$510)>0))<>0),"Row is skipped.",IF(AND(Input!$A510="",Input!$A511=""),"", IF(Input!E510="","Data is missing.","")))) | F508: =IF(ISERROR(IF(AND(Input!$A510="",SUMPRODUCT(--(LEN(Input!$A511:'Input'!$A$510)>0))<>0),"Row is skipped.",IF(AND(Input!$A510="",Input!$A511=""),"", IF(Input!F510="","Data is missing.","")))),"",IF(AND(Input!$A510="",SUMPRODUCT(--(LEN(Input!$A511:'Input'!$A$510)>0))<>0),"Row is skipped.",IF(AND(Input!$A510="",Input!$A511=""),"", IF(Input!F510="","Data is missing.","")))) | G508: =IF(ISERROR(IF(AND(Input!$A510="",SUMPRODUCT(--(LEN(Input!$A511:'Input'!$A$510)>0))<>0),"Row is skipped.",IF(AND(Input!$A510="",Input!$A511=""),"", IF(Input!G510="","Data is missing.","")))),"",IF(AND(Input!$A510="",SUMPRODUCT(--(LEN(Input!$A511:'Input'!$A$510)>0))<>0),"Row is skipped.",IF(AND(Input!$A510="",Input!$A511=""),"", IF(Input!G510="","Data is missing.","")))) | H508: =IF(ISERROR(IF(AND(Input!$A510="",SUMPRODUCT(--(LEN(Input!$A511:'Input'!$A$510)>0))<>0),"Row is skipped.",IF(AND(Input!$A510="",Input!$A511=""),"", IF(Input!H510="","Data is missing.","")))),"",IF(AND(Input!$A510="",SUMPRODUCT(--(LEN(Input!$A511:'Input'!$A$510)>0))<>0),"Row is skipped.",IF(AND(Input!$A510="",Input!$A511=""),"", IF(Input!H510="","Data is missing.","")))) | I508: =IF(ISERROR(IF(AND(Input!$A510="",SUMPRODUCT(--(LEN(Input!$A511:'Input'!$A$510)>0))<>0),"Row is skipped.",IF(AND(Input!$A510="",Input!$A511=""),"", IF(Input!I510="","Data is missing.","")))),"",IF(AND(Input!$A510="",SUMPRODUCT(--(LEN(Input!$A511:'Input'!$A$510)>0))<>0),"Row is skipped.",IF(AND(Input!$A510="",Input!$A511=""),"", IF(Input!I510="","Data is missing.","")))) | J508: =IF(ISERROR(IF(AND(Input!$A510="",SUMPRODUCT(--(LEN(Input!$A511:'Input'!$A$510)>0))<>0),"Row is skipped.",IF(AND(Input!$A510="",Input!$A511=""),"", IF(Input!J510="","Data is missing.","")))),"",IF(AND(Input!$A510="",SUMPRODUCT(--(LEN(Input!$A511:'Input'!$A$510)>0))<>0),"Row is skipped.",IF(AND(Input!$A510="",Input!$A511=""),"", IF(Input!J510="","Data is missing.","")))) | ... M508: =IF(ISERROR(IF(AND(Input!$A510="",SUMPRODUCT(--(LEN(Input!$A511:'Input'!$A$510)>0))<>0),"Row is skipped.",IF(AND(Input!$A510="",Input!$A511=""),"", IF(Input!M510="","Data is missing.","")))),"",IF(AND(Input!$A510="",SUMPRODUCT(--(LEN(Input!$A511:'Input'!$A$510)>0))<>0),"Row is skipped.",IF(AND(Input!$A510="",Input!$A511=""),"", IF(Input!M510="","Data is missing.","")))) | N508: =IF(ISERROR(IF(AND(Input!$A510="",SUMPRODUCT(--(LEN(Input!$A511:'Input'!$A$510)>0))<>0),"Row is skipped.",IF(AND(Input!$A510="",Input!$A511=""),"", IF(Input!O510="","Data is missing.","")))),"",IF(AND(Input!$A510="",SUMPRODUCT(--(LEN(Input!$A511:'Input'!$A$510)>0))<>0),"Row is skipped.",IF(AND(Input!$A510="",Input!$A511=""),"", IF(Input!O510="","Data is missing.","")))) | O508: =IF(ISERROR(IF(AND(Input!$A510="",SUMPRODUCT(--(LEN(Input!$A511:'Input'!$A$510)>0))<>0),"Row is skipped.",IF(AND(Input!$A510="",Input!$A511=""),"", IF(Input!P510="","Data is missing.","")))),"",IF(AND(Input!$A510="",SUMPRODUCT(--(LEN(Input!$A511:'Input'!$A$510)>0))<>0),"Row is skipped.",IF(AND(Input!$A510="",Input!$A511=""),"", IF(Input!P510="","Data is missing.","")))) | P508: =IF(ISERROR(IF(AND(Input!$A510="",SUMPRODUCT(--(LEN(Input!$A511:'Input'!$A$510)>0))<>0),"Row is skipped.",IF(AND(Input!$A510="",Input!$A511=""),"", IF(Input!Q510="","Data is missing.","")))),"",IF(AND(Input!$A510="",SUMPRODUCT(--(LEN(Input!$A511:'Input'!$A$510)>0))<>0),"Row is skipped.",IF(AND(Input!$A510="",Input!$A511=""),"", IF(Input!Q510="","Data is missing.","")))) | Q508: =IF(ISERROR(IF(AND(Input!$A510="",SUMPRODUCT(--(LEN(Input!$A511:'Input'!$A$510)>0))<>0),"Row is skipped.",IF(AND(Input!$A510="",Input!$A511=""),"", IF(Input!S510="","Data is missing.","")))),"",IF(AND(Input!$A510="",SUMPRODUCT(--(LEN(Input!$A511:'Input'!$A$510)>0))<>0),"Row is skipped.",IF(AND(Input!$A510="",Input!$A511=""),"", IF(Input!S510="","Data is missing.","")))) | R508: =IF(ISERROR(IF(AND(Input!$A510="",SUMPRODUCT(--(LEN(Input!$A511:'Input'!$A$510)>0))<>0),"Row is skipped.",IF(AND(Input!$A510="",Input!$A511=""),"", IF(Input!T510="","Data is missing.","")))),"",IF(AND(Input!$A510="",SUMPRODUCT(--(LEN(Input!$A511:'Input'!$A$510)>0))<>0),"Row is skipped.",IF(AND(Input!$A510="",Input!$A511=""),"", IF(Input!T510="","Data is missing.","")))) | T508: =IF(ISERROR(IF(Input!Q510="","",IF(ISERROR(VLOOKUP(Input!Q510,'Measures List'!$A$3:$A$30000,1,0)),"Invalid RefNo",""))),"",IF(Input!Q510="","",IF(ISERROR(VLOOKUP(Input!Q510,'Measures List'!$A$3:$A$30000,1,0)),"Invalid RefNo",""))) | AF508: =IF(Input!P510="","",IF(OR(VALUE(Input!P510)<0,VALUE(Input!P510)>1), "Invalid EEI %","")) | AH508: =IF(B508="","",IF(AND(Input!O510=Input!O509,Input!P510<>Input!P509), "EEI% Mismatch within Project","")) | AJ508: =IF(Input!B510="","",IF(ISNUMBER(VALUE(Input!B510)),"","Needs to be a number.")) | AK508: =IF(Input!P510="","",IF(ISNUMBER(VALUE(Input!P510)),"","Needs to be a number.")) | AL508: =IF(Input!S510="","",IF(ISNUMBER(VALUE(Input!S510)),"","Needs to be a number.")) | AM508: =IF(Input!T510="","",IF(ISNUMBER(VALUE(Input!T510)),"","Needs to be a number.")) | AN508: =IF(Input!U510="","",IF(ISNUMBER(VALUE(Input!U510)),"","Needs to be a number.")) | AO508: =IF(Input!V510="","",IF(ISNUMBER(VALUE(Input!V510)),"","Needs to be a number.")) | AQ508: =IF(Input!Q510="","",IF(OFFSET('Measures List'!$K$2,MATCH(Input!Q510,'Measures List'!$A$3:$A$5000,0),MATCH(Input!K510,'Measures List'!$K$2:$BA$2)-1)="NA","Project start date occurred after measure expiration date.","")) | AS508: =IFERROR(IF(Input!O510<>Input!O509,"",IF( VLOOKUP(Input!Q510,'Measures List'!A501:C5498,3,FALSE)= VLOOKUP(Input!Q509,'Measures List'!A501:C5498,3,FALSE),"","Multiple sectors for this project")),"")

Sheet Measures List
A1: Custom Measures | K1: Incentive Rates
A2: Custom Measure RefNo | B2: Resource Opportunity Type | C2: Sector | D2: End Use | E2: Category | F2: Technology/Activity/Practice | G2: Default Load Shape | H2: Measure Life | I2: Project Cost Cap | J2: Avoided Cost per kWh | K2: 39539 | L2: 39722 | M2: 39904 | N2: 40087 | O2: 40269 | P2: 40452 | Q2: 40634 | R2: 40817 | S2: 41000 | T2: 41183 | U2: 41365 | V2: 41548 | W2: 41730 | X2: 41913 | Y2: 42095 | Z2: 42278 | AA2: 42644 | AB2: 43009 | AC2: 43374 | AD2: 43739 | AE2: 44287 | AF2: 44652 | AG2: 45200 | AH2: 45931
A3: CHVEN82015 | B3: R | C3: Commercial | D3: HVAC | E3: Envelope | F3: Air Sealing | G3: C-All-HVAC-ER-All-All-E | H3: 30 | I3: 0.7 | J3: 0.93701255 | K3: 0.13 | L3: 0.2 | M3: 0.2 | N3: 0.2 | O3: 0.2 | P3: 0.2 | Q3: 0.2 | R3: 0.2 | S3: 0.2 | T3: 0.2 | U3: 0.2 | V3: 0.2 | W3: 0.2 | X3: 0.2 | Y3: 0.2 | Z3: 0.2 | AA3: 0.2 | AB3: 0.2 | AC3: 0.2 | AD3: 0.23 | AE3: 0.23 | AF3: 0.23 | AG3: 0.38 | AH3: 0.38 | AI3: Yes | AJ3: Yes | AK3: Yes
A4: CHVEN92015 | B4: L | C4: Commercial | D4: HVAC | E4: Envelope | F4: Air Sealing | G4: C-All-HVAC-ER-All-All-E | H4: 30 | I4: 0.7 | J4: 0.93701255 | K4: 0.2 | L4: 0.27 | M4: 0.27 | N4: 0.27 | O4: 0.27 | P4: 0.27 | Q4: 0.27 | R4: 0.27 | S4: 0.27 | T4: 0.27 | U4: 0.27 | V4: 0.27 | W4: 0.27 | X4: 0.27 | Y4: 0.27 | Z4: 0.27 | AA4: 0.27 | AB4: 0.27 | AC4: 0.27 | AD4: 0.31 | AE4: 0.31 | AF4: 0.31 | AG4: 0.38 | AH4: 0.38 | AI4: Yes | AJ4: Yes | AK4: Yes
A5: IHVEN83018 | B5: R | C5: Industrial | D5: HVAC | E5: Envelope | F5: Air Sealing | G5: I-All-SecTotal-All-All-All-E | H5: 30 | I5: 0.7 | J5: 0.9016046 | K5: 0.12 | L5: 0.17 | M5: 0.17 | N5: 0.25 | O5: 0.25 | P5: 0.25 | Q5: 0.25 | R5: 0.35 | S5: 0.35 | T5: 0.35 | U5: 0.35 | V5: 0.35 | W5: 0.35 | X5: 0.35 | Y5: 0.35 | Z5: 0.35 | AA5: 0.35 | AB5: 0.35 | AC5: 0.35 | AD5: 0.35 | AE5: 0.35 | AF5: 0.35 | AG5: 0.38 | AH5: 0.38 | AI5: Yes | AJ5: Yes | AK5: Yes
A6: IHVEN93018 | B6: L | C6: Industrial | D6: HVAC | E6: Envelope | F6: Air Sealing | G6: I-All-SecTotal-All-All-All-E | H6: 30 | I6: 0.7 | J6: 0.9016046 | K6: 0.12 | L6: 0.27 | M6: 0.27 | N6: 0.27 | O6: 0.25 | P6: 0.25 | Q6: 0.25 | R6: 0.35 | S6: 0.35 | T6: 0.35 | U6: 0.35 | V6: 0.35 | W6: 0.35 | X6: 0.35 | Y6: 0.35 | Z6: 0.35 | AA6: 0.35 | AB6: 0.35 | AC6: 0.35 | AD6: 0.35 | AE6: 0.35 | AF6: 0.35 | AG6: 0.38 | AH6: 0.38 | AI6: Yes | AJ6: Yes | AK6: Yes
A7: RHVEN81007 | B7: R | C7: Residential | D7: HVAC | E7: Envelope | F7: Air Sealing | G7: R-All-HVAC-ER-All-All-E | H7: 15 | I7: 0.7 | J7: 0.73008569 | K7: 0.2 | L7: 0.27 | M7: 0.27 | N7: 0.27 | O7: 0.27 | P7: 0.27 | Q7: 0.27 | R7: 0.2 | S7: 0.2 | T7: 0.2 | U7: 0.2 | V7: 0.2 | W7: 0.2 | X7: 0.2 | Y7: 0.2 | Z7: 0.2 | AA7: 0.2 | AB7: 0.2 | AC7: 0.2 | AD7: 0.2 | AE7: 0.2 | AF7: 0.2 | AG7: 0.33 | AH7: 0.33 | AI7: Yes | AJ7: Yes | AK7: Yes
A8: RHVEN91007 | B8: L | C8: Residential | D8: HVAC | E8: Envelope | F8: Air Sealing | G8: R-All-HVAC-ER-All-All-E | H8: 15 | I8: 0.7 | J8: 0.73008569 | K8: 0.2 | L8: 0.27 | M8: 0.27 | N8: 0.27 | O8: 0.27 | P8: 0.27 | Q8: 0.27 | R8: 0.27 | S8: 0.27 | T8: 0.27 | U8: 0.27 | V8: 0.27 | W8: 0.27 | X8: 0.27 | Y8: 0.27 | Z8: 0.27 | AA8: 0.27 | AB8: 0.27 | AC8: 0.27 | AD8: 0.27 | AE8: 0.27 | AF8: 0.27 | AG8: 0.33 | AH8: 0.33 | AI8: Yes | AJ8: Yes | AK8: Yes
A9: CHVHI82025 | B9: R | C9: Commercial | D9: HVAC | E9: HVAC System Improvements | F9: Air-Source Heat Pumps | G9: Commercial-All Com-Vent | H9: 15 | I9: 0.7 | J9: 0.59221964 | K9: 0.13 | L9: 0.2 | M9: 0.2 | N9: 0.2 | O9: 0.2 | P9: 0.2 | Q9: 0.2 | R9: 0.2 | S9: 0.2 | T9: 0.2 | U9: 0.2 | V9: 0.2 | W9: 0.2 | X9: 0.2 | Y9: 0.2 | Z9: 0.2 | AA9: 0.2 | AB9: 0.2 | AC9: 0.2 | AD9: 0.23 | AE9: 0.23 | AF9: 0.23 | AG9: 0.33 | AH9: 0.33 | AI9: Yes | AJ9: Yes | AK9: Yes
A10: CHVHI92025 | B10: L | C10: Commercial | D10: HVAC | E10: HVAC System Improvements | F10: Air-Source Heat Pumps | G10: Commercial-All Com-Vent | H10: 15 | I10: 0.7 | J10: 0.59221964 | K10: 0.2 | L10: 0.27 | M10: 0.27 | N10: 0.27 | O10: 0.27 | P10: 0.27 | Q10: 0.27 | R10: 0.27 | S10: 0.27 | T10: 0.27 | U10: 0.27 | V10: 0.27 | W10: 0.27 | X10: 0.27 | Y10: 0.27 | Z10: 0.27 | AA10: 0.27 | AB10: 0.27 | AC10: 0.27 | AD10: 0.31 | AE10: 0.31 | AF10: 0.31 | AG10: 0.33 | AH10: 0.33 | AI10: Yes | AJ10: Yes | AK10: Yes
A11: IHVHI83028 | B11: R | C11: Industrial | D11: HVAC | E11: HVAC System Improvements | F11: Air-Source Heat Pumps | G11: I-All-SecTotal-All-All-All-E | H11: 15 | I11: 0.7 | J11: 0.62699629 | K11: 0.12 | L11: 0.17 | M11: 0.17 | N11: 0.25 | O11: 0.25 | P11: 0.25 | Q11: 0.25 | R11: 0.25 | S11: 0.25 | T11: 0.25 | U11: 0.25 | V11: 0.25 | W11: 0.25 | X11: 0.25 | Y11: 0.25 | Z11: 0.25 | AA11: 0.25 | AB11: 0.25 | AC11: 0.25 | AD11: 0.25 | AE11: 0.25 | AF11: 0.25 | AG11: 0.33 | AH11: 0.33 | AI11: Yes | AJ11: Yes | AK11: Yes
A12: IHVHI93028 | B12: L | C12: Industrial | D12: HVAC | E12: HVAC System Improvements | F12: Air-Source Heat Pumps | G12: I-All-SecTotal-All-All-All-E | H12: 15 | I12: 0.7 | J12: 0.62699629 | K12: 0.12 | L12: 0.27 | M12: 0.27 | N12: 0.27 | O12: 0.25 | P12: 0.25 | Q12: 0.25 | R12: 0.25 | S12: 0.25 | T12: 0.25 | U12: 0.25 | V12: 0.25 | W12: 0.25 | X12: 0.25 | Y12: 0.25 | Z12: 0.25 | AA12: 0.25 | AB12: 0.25 | AC12: 0.25 | AD12: 0.25 | AE12: 0.25 | AF12: 0.25 | AG12: 0.33 | AH12: 0.33 | AI12: Yes | AJ12: Yes | AK12: Yes
A13: RHVHS81002 | B13: R | C13: Residential | D13: HVAC | E13: HVAC System | F13: Air-Source Heat Pumps w/Duct Sealing | G13: R-All-HVAC-ASHP-All-All-E | H13: 20 | I13: 0.7 | J13: 0.90105369 | K13: 0.2 | L13: 0.27 | M13: 0.27 | N13: 0.27 | O13: 0.27 | P13: 0.27 | Q13: 0.27 | R13: 0.35 | S13: 0.35 | T13: 0.35 | U13: 0.35 | V13: 0.35 | W13: 0.35 | X13: 0.35 | Y13: 0.35 | Z13: 0.35 | AA13: 0.35 | AB13: 0.35 | AC13: 0.35 | AD13: 0.35 | AE13: 0.35 | AF13: 0.35 | AG13: 0.38 | AH13: 0.38 | AI13: Yes | AJ13: Yes | AK13: Yes
A14: RHVHS91002 | B14: L | C14: Residential | D14: HVAC | E14: HVAC System | F14: Air-Source Heat Pumps w/Duct Sealing | G14: R-All-HVAC-ASHP-All-All-E | H14: 20 | I14: 0.7 | J14: 0.90105369 | K14: 0.2 | L14: 0.27 | M14: 0.27 | N14: 0.27 | O14: 0.27 | P14: 0.27 | Q14: 0.27 | R14: 0.35 | S14: 0.35 | T14: 0.35 | U14: 0.35 | V14: 0.35 | W14: 0.35 | X14: 0.35 | Y14: 0.35 | Z14: 0.35 | AA14: 0.35 | AB14: 0.35 | AC14: 0.35 | AD14: 0.35 | AE14: 0.35 | AF14: 0.35 | AG14: 0.38 | AH14: 0.38 | AI14: Yes | AJ14: Yes | AK14: Yes
... A16: RHVHS91003 | B16: L | C16: Residential | D16: HVAC | E16: HVAC System | F16: Air-Source Heat Pumps w/o Duct Sealing | G16: R-All-HVAC-ASHP-All-All-E | H16: 20 | I16: 0.7 | J16: 0.90105369 | K16: 0.2 | L16: 0.27 | M16: 0.27 | N16: 0.27 | O16: 0.27 | P16: 0.27 | Q16: 0.27 | R16: 0.35 | S16: 0.35 | T16: 0.35 | U16: 0.35 | V16: 0.35 | W16: 0.35 | X16: 0.35 | Y16: 0.35 | Z16: 0.35 | AA16: 0.35 | AB16: 0.35 | AC16: 0.35 | AD16: 0.35 | AE16: 0.35 | AF16: 0.35 | AG16: 0.38 | AH16: 0.38 | AI16: Yes | AJ16: Yes | AK16: Yes
A17: IHVHI83183 | B17: R | C17: Industrial | D17: HVAC | E17: HVAC System Improvements | F17: Air-Source Industrial Heat Pump | G17: I-All-SecTotal-All-All-All-E | H17: 15 | I17: 0.7 | J17: 0.62699629 | K17: NA | L17: NA | M17: NA | N17: NA | O17: NA | P17: NA | Q17: NA | R17: NA | S17: NA | T17: NA | U17: NA | V17: NA | W17: NA | X17: NA | Y17: NA | Z17: NA | AA17: NA | AB17: NA | AC17: NA | AD17: NA | AE17: NA | AF17: NA | AG17: NA | AH17: 0.33 | AI17: Yes | AJ17: Yes | AK17: Yes
A18: IHVHI93183 | B18: L | C18: Industrial | D18: HVAC | E18: HVAC System Improvements | F18: Air-Source Industrial Heat Pump | G18: I-All-SecTotal-All-All-All-E | H18: 15 | I18: 0.7 | J18: 0.62699629 | K18: NA | L18: NA | M18: NA | N18: NA | O18: NA | P18: NA | Q18: NA | R18: NA | S18: NA | T18: NA | U18: NA | V18: NA | W18: NA | X18: NA | Y18: NA | Z18: NA | AA18: NA | AB18: NA | AC18: NA | AD18: NA | AE18: NA | AF18: NA | AG18: NA | AH18: 0.33 | AI18: Yes | AJ18: Yes | AK18: Yes
A19: IPLHR83184 | B19: R | C19: Industrial | D19: Process Loads | E19: Heat Recovery | F19: Air-Source Industrial Heat Pump | G19: I-All-SecTotal-All-All-All-E | H19: 15 | I19: 0.7 | J19: 0.62699629 | K19: NA | L19: NA | M19: NA | N19: NA | O19: NA | P19: NA | Q19: NA | R19: NA | S19: NA | T19: NA | U19: NA | V19: NA | W19: NA | X19: NA | Y19: NA | Z19: NA | AA19: NA | AB19: NA | AC19: NA | AD19: NA | AE19: NA | AF19: NA | AG19: NA | AH19: 0.33 | AI19: Yes | AJ19: Yes | AK19: Yes
A20: IPLHR93184 | B20: L | C20: Industrial | D20: Process Loads | E20: Heat Recovery | F20: Air-Source Industrial Heat Pump | G20: I-All-SecTotal-All-All-All-E | H20: 15 | I20: 0.7 | J20: 0.62699629 | K20: NA | L20: NA | M20: NA | N20: NA | O20: NA | P20: NA | Q20: NA | R20: NA | S20: NA | T20: NA | U20: NA | V20: NA | W20: NA | X20: NA | Y20: NA | Z20: NA | AA20: NA | AB20: NA | AC20: NA | AD20: NA | AE20: NA | AF20: NA | AG20: NA | AH20: 0.33 | AI20: Yes | AJ20: Yes | AK20: Yes
A21: IWHHR83185 | B21: R | C21: Industrial | D21: Water Heating | E21: Heat Recovery | F21: Air-Source Industrial Heat Pump | G21: I-All-SecTotal-All-All-All-E | H21: 15 | I21: 0.7 | J21: 0.62699629 | K21: NA | L21: NA | M21: NA | N21: NA | O21: NA | P21: NA | Q21: NA | R21: NA | S21: NA | T21: NA | U21: NA | V21: NA | W21: NA | X21: NA | Y21: NA | Z21: NA | AA21: NA | AB21: NA | AC21: NA | AD21: NA | AE21: NA | AF21: NA | AG21: NA | AH21: 0.33 | AI21: Yes | AJ21: Yes | AK21: Yes
A22: IWHHR93185 | B22: L | C22: Industrial | D22: Water Heating | E22: Heat Recovery | F22: Air-Source Industrial Heat Pump | G22: I-All-SecTotal-All-All-All-E | H22: 15 | I22: 0.7 | J22: 0.62699629 | K22: NA | L22: NA | M22: NA | N22: NA | O22: NA | P22: NA | Q22: NA | R22: NA | S22: NA | T22: NA | U22: NA | V22: NA | W22: NA | X22: NA | Y22: NA | Z22: NA | AA22: NA | AB22: NA | AC22: NA | AD22: NA | AE22: NA | AF22: NA | AG22: NA | AH22: 0.33 | AI22: Yes | AJ22: Yes | AK22: Yes
A23: RWBWB81001 | B23: R | C23: Residential | D23: Whole Bldg/Meter Level | E23: Whole Bldg/Meter Level System Improvements | F23: Behavioral | G23: R-All-Bld-Bldg-All-All-R | H23: 1 | I23: 0.7 | J23: 0.070967134 | K23: NA | L23: NA | M23: NA | N23: NA | O23: NA | P23: NA | Q23: NA | R23: NA | S23: NA | T23: NA | U23: NA | V23: NA | W23: NA | X23: NA | Y23: NA | Z23: NA | AA23: 0.025 | AB23: 0.025 | AC23: 0.025 | AD23: 0.025 | AE23: 0.025 | AF23: 0.025 | AG23: 0.025 | AH23: 0.025 | AK23: Yes
A24: RWBWB91001 | B24: L | C24: Residential | D24: Whole Bldg/Meter Level | E24: Whole Bldg/Meter Level System Improvements | F24: Behavioral | G24: R-All-Bld-Bldg-All-All-R | H24: 1 | I24: 0.7 | J24: 0.070967134 | K24: NA | L24: NA | M24: NA | N24: NA | O24: NA | P24: NA | Q24: NA | R24: NA | S24: NA | T24: NA | U24: NA | V24: NA | W24: NA | X24: NA | Y24: NA | Z24: NA | AA24: 0.025 | AB24: 0.025 | AC24: 0.025 | AD24: 0.025 | AE24: 0.025 | AF24: 0.025 | AG24: 0.025 | AH24: 0.025 | AK24: Yes
A25: IPLPF83097 | B25: R | C25: Industrial | D25: Process Loads | E25: Pumps and Fans | F25: Blower System Improvements | G25: I-All-SecTotal-All-All-All-E | H25: 10 | I25: 0.7 | J25: 0.45890208 | K25: 0.2 | L25: 0.27 | M25: 0.27 | N25: 0.27 | O25: 0.27 | P25: 0.27 | Q25: 0.27 | R25: 0.25 | S25: 0.25 | T25: 0.25 | U25: 0.25 | V25: 0.25 | W25: 0.25 | X25: 0.25 | Y25: 0.25 | Z25: 0.25 | AA25: 0.25 | AB25: 0.25 | AC25: 0.25 | AD25: 0.25 | AE25: 0.25 | AF25: 0.25 | AG25: 0.33 | AH25: 0.33 | AI25: Yes | AJ25: Yes | AK25: Yes
A26: IPLPF93097 | B26: L | C26: Industrial | D26: Process Loads | E26: Pumps and Fans | F26: Blower System Improvements | G26: I-All-SecTotal-All-All-All-E | H26: 10 | I26: 0.7 | J26: 0.45890208 | K26: 0.2 | L26: 0.27 | M26: 0.27 | N26: 0.27 | O26: 0.27 | P26: 0.27 | Q26: 0.27 | R26: 0.25 | S26: 0.25 | T26: 0.25 | U26: 0.25 | V26: 0.25 | W26: 0.25 | X26: 0.25 | Y26: 0.25 | Z26: 0.25 | AA26: 0.25 | AB26: 0.25 | AC26: 0.25 | AD26: 0.25 | AE26: 0.25 | AF26: 0.25 | AG26: 0.33 | AH26: 0.33 | AI26: Yes | AJ26: Yes | AK26: Yes
A27: CHVHI82026 | B27: R | C27: Commercial | D27: HVAC | E27: HVAC System Improvements | F27: Building Commissioning Improvements | G27: Commercial-All Com-Vent | H27: 15 | I27: 0.7 | J27: 0.59221964 | K27: 0.13 | L27: 0.2 | M27: 0.2 | N27: 0.2 | O27: 0.2 | P27: 0.2 | Q27: 0.2 | R27: 0.2 | S27: 0.2 | T27: 0.2 | U27: 0.2 | V27: 0.2 | W27: 0.2 | X27: 0.2 | Y27: 0.2 | Z27: 0.2 | AA27: 0.2 | AB27: 0.2 | AC27: 0.2 | AD27: 0.23 | AE27: 0.23 | AF27: 0.23 | AG27: 0.33 | AH27: 0.33 | AI27: Yes | AJ27: Yes | AK27: Yes
A28: CHVHI92026 | B28: L | C28: Commercial | D28: HVAC | E28: HVAC System Improvements | F28: Building Commissioning Improvements | G28: Commercial-All Com-Vent | H28: 15 | I28: 0.7 | J28: 0.59221964 | K28: 0.2 | L28: 0.27 | M28: 0.27 | N28: 0.27 | O28: 0.27 | P28: 0.27 | Q28: 0.27 | R28: 0.27 | S28: 0.27 | T28: 0.27 | U28: 0.27 | V28: 0.27 | W28: 0.27 | X28: 0.27 | Y28: 0.27 | Z28: 0.27 | AA28: 0.27 | AB28: 0.27 | AC28: 0.27 | AD28: 0.31 | AE28: 0.31 | AF28: 0.31 | AG28: 0.33 | AH28: 0.33 | AI28: Yes | AJ28: Yes | AK28: Yes
A29: CRERI82082 | B29: R | C29: Commercial | D29: Refrigeration | E29: Refrigeration System Improvements | F29: Building Commissioning Improvements | G29: C-All-Ref-Refrig-All-All-C | H29: 15 | I29: 0.7 | J29: 0.62860243 | K29: 0.13 | L29: 0.2 | M29: 0.2 | N29: 0.2 | O29: 0.2 | P29: 0.2 | Q29: 0.2 | R29: 0.2 | S29: 0.2 | T29: 0.2 | U29: 0.2 | V29: 0.2 | W29: 0.2 | X29: 0.2 | Y29: 0.2 | Z29: 0.2 | AA29: 0.2 | AB29: 0.2 | AC29: 0.2 | AD29: 0.2 | AE29: 0.2 | AF29: 0.2 | AG29: 0.33 | AH29: 0.33 | AI29: Yes | AJ29: Yes | AK29: Yes
A30: CRERI92082 | B30: L | C30: Commercial | D30: Refrigeration | E30: Refrigeration System Improvements | F30: Building Commissioning Improvements | G30: C-All-Ref-Refrig-All-All-C | H30: 15 | I30: 0.7 | J30: 0.62860243 | K30: 0.2 | L30: 0.27 | M30: 0.27 | N30: 0.27 | O30: 0.27 | P30: 0.27 | Q30: 0.27 | R30: 0.27 | S30: 0.27 | T30: 0.27 | U30: 0.27 | V30: 0.27 | W30: 0.27 | X30: 0.27 | Y30: 0.27 | Z30: 0.27 | AA30: 0.27 | AB30: 0.27 | AC30: 0.27 | AD30: 0.27 | AE30: 0.27 | AF30: 0.27 | AG30: 0.33 | AH30: 0.33 | AI30: Yes | AJ30: Yes | AK30: Yes
A31: CWBWB82128 | B31: R | C31: Commercial | D31: Whole Bldg/Meter Level | E31: Whole Bldg/Meter Level System Improvements | F31: Building Commissioning Improvements | G31: C-All-SecTotal-ER-All-All-E | H31: 3 | I31: 0.7 | J31: 0.17866649 | K31: NA | L31: NA | M31: NA | N31: NA | O31: NA | P31: NA | Q31: NA | R31: NA | S31: NA | T31: NA | U31: NA | V31: NA | W31: NA | X31: NA | Y31: NA | Z31: NA | AA31: NA | AB31: 0.05 | AC31: 0.05 | AD31: 0.05 | AE31: 0.05 | AF31: 0.05 | AG31: 0.06 | AH31: 0.06 | AI31: Yes | AJ31: Yes | AK31: Yes
A32: CWBWB92128 | B32: L | C32: Commercial | D32: Whole Bldg/Meter Level | E32: Whole Bldg/Meter Level System Improvements | F32: Building Commissioning Improvements | G32: C-All-SecTotal-ER-All-All-E | H32: 3 | I32: 0.7 | J32: 0.17866649 | K32: 0.13 | L32: 0.2 | M32: 0.2 | N32: 0.2 | O32: 0.2 | P32: 0.2 | Q32: 0.2 | R32: 0.2 | S32: 0.2 | T32: 0.2 | U32: 0.2 | V32: 0.2 | W32: 0.2 | X32: 0.2 | Y32: 0.2 | Z32: 0.2 | AA32: 0.2 | AB32: 0.2 | AC32: 0.2 | AD32: 0.2 | AE32: 0.2 | AF32: 0.2 | AG32: 0.06 | AH32: 0.06 | AI32: Yes | AJ32: Yes | AK32: Yes
A33: IHVHI83029 | B33: R | C33: Industrial | D33: HVAC | E33: HVAC System Improvements | F33: Building Commissioning Improvements | G33: I-All-SecTotal-All-All-All-E | H33: 15 | I33: 0.7 | J33: 0.62699629 | K33: 0.12 | L33: 0.17 | M33: 0.17 | N33: 0.25 | O33: 0.25 | P33: 0.25 | Q33: 0.25 | R33: 0.25 | S33: 0.25 | T33: 0.25 | U33: 0.25 | V33: 0.25 | W33: 0.25 | X33: 0.25 | Y33: 0.25 | Z33: 0.25 | AA33: 0.25 | AB33: 0.25 | AC33: 0.25 | AD33: 0.25 | AE33: 0.25 | AF33: 0.25 | AG33: 0.33 | AH33: 0.33 | AI33: Yes | AJ33: Yes | AK33: Yes
A34: IHVHI93029 | B34: L | C34: Industrial | D34: HVAC | E34: HVAC System Improvements | F34: Building Commissioning Improvements | G34: I-All-SecTotal-All-All-All-E | H34: 15 | I34: 0.7 | J34: 0.62699629 | K34: 0.12 | L34: 0.27 | M34: 0.27 | N34: 0.27 | O34: 0.25 | P34: 0.25 | Q34: 0.25 | R34: 0.25 | S34: 0.25 | T34: 0.25 | U34: 0.25 | V34: 0.25 | W34: 0.25 | X34: 0.25 | Y34: 0.25 | Z34: 0.25 | AA34: 0.25 | AB34: 0.25 | AC34: 0.25 | AD34: 0.25 | AE34: 0.25 | AF34: 0.25 | AG34: 0.33 | AH34: 0.33 | AI34: Yes | AJ34: Yes | AK34: Yes
A35: IRERI83081 | B35: R | C35: Industrial | D35: Refrigeration | E35: Refrigeration System Improvements | F35: Building Commissioning Improvements | G35: C-All-Ref-Refrig-All-All-C | H35: 15 | I35: 0.7 | J35: 0.62860243 | K35: 0.2 | L35: 0.27 | M35: 0.27 | N35: 0.27 | O35: 0.27 | P35: 0.27 | Q35: 0.27 | R35: 0.25 | S35: 0.25 | T35: 0.25 | U35: 0.25 | V35: 0.25 | W35: 0.25 | X35: 0.25 | Y35: 0.25 | Z35: 0.25 | AA35: 0.25 | AB35: 0.25 | AC35: 0.25 | AD35: 0.25 | AE35: 0.25 | AF35: 0.25 | AG35: 0.33 | AH35: NA | AI35: Yes | AJ35: Yes | AK35: Yes
A36: IRERI93081 | B36: L | C36: Industrial | D36: Refrigeration | E36: Refrigeration System Improvements | F36: Building Commissioning Improvements | G36: C-All-Ref-Refrig-All-All-C | H36: 15 | I36: 0.7 | J36: 0.62860243 | K36: 0.2 | L36: 0.27 | M36: 0.27 | N36: 0.27 | O36: 0.27 | P36: 0.27 | Q36: 0.27 | R36: 0.25 | S36: 0.25 | T36: 0.25 | U36: 0.25 | V36: 0.25 | W36: 0.25 | X36: 0.25 | Y36: 0.25 | Z36: 0.25 | AA36: 0.25 | AB36: 0.25 | AC36: 0.25 | AD36: 0.25 | AE36: 0.25 | AF36: 0.25 | AG36: 0.33 | AH36: NA | AI36: Yes | AJ36: Yes | AK36: Yes
A37: AIRCP84012 | B37: R | C37: Agricultural | D37: Irrigation | E37: Center Pivot System and Equipment | F37: Center Pivot Conversions | G37: A-Irr-Irr-Irrigation-All-All-E | H37: 10 | I37: 0.7 | J37: 0.46921265 | K37: 0.15 | L37: 0.2 | M37: 0.2 | N37: 0.2 | O37: 0.25 | P37: 0.25 | Q37: 0.25 | R37: 0.25 | S37: 0.25 | T37: 0.25 | U37: 0.25 | V37: 0.25 | W37: 0.25 | X37: 0.25 | Y37: 0.25 | Z37: 0.25 | AA37: 0.25 | AB37: 0.25 | AC37: 0.25 | AD37: 0.25 | AE37: 0.25 | AF37: 0.25 | AG37: 0.33 | AH37: 0.33 | AI37: Yes | AJ37: Yes | AK37: Yes
A38: AIRCP94012 | B38: L | C38: Agricultural | D38: Irrigation | E38: Center Pivot System and Equipment | F38: Center Pivot Conversions | G38: A-Irr-Irr-Irrigation-All-All-E | H38: 10 | I38: 0.7 | J38: 0.46921265 | K38: 0.15 | L38: 0.27 | M38: 0.27 | N38: 0.27 | O38: 0.27 | P38: 0.27 | Q38: 0.27 | R38: 0.27 | S38: 0.27 | T38: 0.27 | U38: 0.27 | V38: 0.27 | W38: 0.27 | X38: 0.27 | Y38: 0.27 | Z38: 0.27 | AA38: 0.27 | AB38: 0.27 | AC38: 0.27 | AD38: 0.27 | AE38: 0.27 | AF38: 0.27 | AG38: 0.33 | AH38: 0.33 | AI38: Yes | AJ38: Yes | AK38: Yes
A39: CHVHI82027 | B39: R | C39: Commercial | D39: HVAC | E39: HVAC System Improvements | F39: Centrifugal Chiller Improvements | G39: Commercial-All Com-Cool | H39: 20 | I39: 0.7 | J39: 0.70116811 | K39: 0.13 | L39: 0.2 | M39: 0.2 | N39: 0.2 | O39: 0.2 | P39: 0.2 | Q39: 0.2 | R39: 0.2 | S39: 0.2 | T39: 0.2 | U39: 0.2 | V39: 0.2 | W39: 0.2 | X39: 0.2 | Y39: 0.2 | Z39: 0.2 | AA39: 0.2 | AB39: 0.2 | AC39: 0.2 | AD39: 0.23 | AE39: 0.23 | AF39: 0.23 | AG39: 0.33 | AH39: 0.38 | AI39: Yes | AJ39: Yes | AK39: Yes
A40: CHVHI92027 | B40: L | C40: Commercial | D40: HVAC | E40: HVAC System Improvements | F40: Centrifugal Chiller Improvements | G40: Commercial-All Com-Cool | H40: 20 | I40: 0.7 | J40: 0.70116811 | K40: 0.2 | L40: 0.27 | M40: 0.27 | N40: 0.27 | O40: 0.27 | P40: 0.27 | Q40: 0.27 | R40: 0.27 | S40: 0.27 | T40: 0.27 | U40: 0.27 | V40: 0.27 | W40: 0.27 | X40: 0.27 | Y40: 0.27 | Z40: 0.27 | AA40: 0.27 | AB40: 0.27 | AC40: 0.27 | AD40: 0.31 | AE40: 0.31 | AF40: 0.31 | AG40: 0.33 | AH40: 0.38 | AI40: Yes | AJ40: Yes | AK40: Yes
A41: IHVHI83030 | B41: R | C41: Industrial | D41: HVAC | E41: HVAC System Improvements | F41: Centrifugal Chiller Improvements | G41: I-All-SecTotal-All-All-All-E | H41: 20 | I41: 0.7 | J41: 0.74901333 | K41: 0.12 | L41: 0.17 | M41: 0.17 | N41: 0.25 | O41: 0.25 | P41: 0.25 | Q41: 0.25 | R41: 0.25 | S41: 0.25 | T41: 0.25 | U41: 0.25 | V41: 0.25 | W41: 0.25 | X41: 0.25 | Y41: 0.25 | Z41: 0.25 | AA41: 0.25 | AB41: 0.25 | AC41: 0.25 | AD41: 0.25 | AE41: 0.25 | AF41: 0.25 | AG41: 0.33 | AH41: 0.38 | AI41: Yes | AJ41: Yes | AK41: Yes
A42: IHVHI93030 | B42: L | C42: Industrial | D42: HVAC | E42: HVAC System Improvements | F42: Centrifugal Chiller Improvements | G42: I-All-SecTotal-All-All-All-E | H42: 20 | I42: 0.7 | J42: 0.74901333 | K42: 0.12 | L42: 0.27 | M42: 0.27 | N42: 0.27 | O42: 0.25 | P42: 0.25 | Q42: 0.25 | R42: 0.25 | S42: 0.25 | T42: 0.25 | U42: 0.25 | V42: 0.25 | W42: 0.25 | X42: 0.25 | Y42: 0.25 | Z42: 0.25 | AA42: 0.25 | AB42: 0.25 | AC42: 0.25 | AD42: 0.25 | AE42: 0.25 | AF42: 0.25 | AG42: 0.33 | AH42: 0.38 | AI42: Yes | AJ42: Yes | AK42: Yes
A43: AIRPF84038 | B43: R | C43: Agricultural | D43: Irrigation | E43: Pumps and Fans | F43: Centrifugal Pump System Improvements | G43: A-Irr-Irr-Irrigation-All-All-E | H43: 10 | I43: 0.7 | J43: 0.46921265 | K43: 0.15 | L43: 0.2 | M43: 0.2 | N43: 0.2 | O43: 0.25 | P43: 0.25 | Q43: 0.25 | R43: 0.25 | S43: 0.25 | T43: 0.25 | U43: 0.25 | V43: 0.25 | W43: 0.25 | X43: 0.25 | Y43: 0.25 | Z43: 0.25 | AA43: 0.25 | AB43: 0.25 | AC43: 0.25 | AD43: 0.25 | AE43: 0.25 | AF43: 0.25 | AG43: 0.33 | AH43: 0.33 | AI43: Yes | AJ43: Yes | AK43: Yes
A44: AIRPF94038 | B44: L | C44: Agricultural | D44: Irrigation | E44: Pumps and Fans | F44: Centrifugal Pump System Improvements | G44: A-Irr-Irr-Irrigation-All-All-E | H44: 10 | I44: 0.7 | J44: 0.46921265 | K44: 0.15 | L44: 0.27 | M44: 0.27 | N44: 0.27 | O44: 0.27 | P44: 0.27 | Q44: 0.27 | R44: 0.27 | S44: 0.27 | T44: 0.27 | U44: 0.27 | V44: 0.27 | W44: 0.27 | X44: 0.27 | Y44: 0.27 | Z44: 0.27 | AA44: 0.27 | AB44: 0.27 | AC44: 0.27 | AD44: 0.27 | AE44: 0.27 | AF44: 0.27 | AG44: 0.33 | AH44: 0.33 | AI44: Yes | AJ44: Yes | AK44: Yes
A45: CPLPF82068 | B45: R | C45: Commercial | D45: Process Loads | E45: Pumps and Fans | F45: Centrifugal Pump System Improvements | G45: Commercial-All Com-Vent | H45: 10 | I45: 0.7 | J45: 0.43297208 | K45: 0.13 | L45: 0.2 | M45: 0.2 | N45: 0.2 | O45: 0.2 | P45: 0.2 | Q45: 0.2 | R45: 0.2 | S45: 0.2 | T45: 0.2 | U45: 0.2 | V45: 0.2 | W45: 0.2 | X45: 0.2 | Y45: 0.2 | Z45: 0.2 | AA45: 0.2 | AB45: 0.2 | AC45: 0.2 | AD45: 0.2 | AE45: 0.2 | AF45: 0.2 | AG45: 0.33 | AH45: 0.33 | AI45: Yes | AJ45: Yes | AK45: Yes
A46: CPLPF92068 | B46: L | C46: Commercial | D46: Process Loads | E46: Pumps and Fans | F46: Centrifugal Pump System Improvements | G46: Commercial-All Com-Vent | H46: 10 | I46: 0.7 | J46: 0.43297208 | K46: 0.2 | L46: 0.27 | M46: 0.27 | N46: 0.27 | O46: 0.27 | P46: 0.27 | Q46: 0.27 | R46: 0.27 | S46: 0.27 | T46: 0.27 | U46: 0.27 | V46: 0.27 | W46: 0.27 | X46: 0.27 | Y46: 0.27 | Z46: 0.27 | AA46: 0.27 | AB46: 0.27 | AC46: 0.27 | AD46: 0.27 | AE46: 0.27 | AF46: 0.27 | AG46: 0.33 | AH46: 0.33 | AI46: Yes | AJ46: Yes | AK46: Yes
A47: IPLPF83067 | B47: R | C47: Industrial | D47: Process Loads | E47: Pumps and Fans | F47: Centrifugal Pump System Improvements | G47: I-All-SecTotal-All-All-All-E | H47: 10 | I47: 0.7 | J47: 0.45890208 | K47: 0.2 | L47: 0.27 | M47: 0.27 | N47: 0.27 | O47: 0.27 | P47: 0.27 | Q47: 0.27 | R47: 0.25 | S47: 0.25 | T47: 0.25 | U47: 0.25 | V47: 0.25 | W47: 0.25 | X47: 0.25 | Y47: 0.25 | Z47: 0.25 | AA47: 0.25 | AB47: 0.25 | AC47: 0.25 | AD47: 0.25 | AE47: 0.25 | AF47: 0.25 | AG47: 0.33 | AH47: 0.33 | AI47: Yes | AJ47: Yes | AK47: Yes
A48: IPLPF93067 | B48: L | C48: Industrial | D48: Process Loads | E48: Pumps and Fans | F48: Centrifugal Pump System Improvements | G48: I-All-SecTotal-All-All-All-E | H48: 10 | I48: 0.7 | J48: 0.45890208 | K48: 0.2 | L48: 0.27 | M48: 0.27 | N48: 0.27 | O48: 0.27 | P48: 0.27 | Q48: 0.27 | R48: 0.25 | S48: 0.25 | T48: 0.25 | U48: 0.25 | V48: 0.25 | W48: 0.25 | X48: 0.25 | Y48: 0.25 | Z48: 0.25 | AA48: 0.25 | AB48: 0.25 | AC48: 0.25 | AD48: 0.25 | AE48: 0.25 | AF48: 0.25 | AG48: 0.33 | AH48: 0.33 | AI48: Yes | AJ48: Yes | AK48: Yes
... A56: CRERI92083 | B56: L | C56: Commercial | D56: Refrigeration | E56: Refrigeration System Improvements | F56: Chiller Improvements | G56: C-All-Ref-Refrig-All-All-C | H56: 15 | I56: 0.7 | J56: 0.62860243 | K56: 0.2 | L56: 0.27 | M56: 0.27 | N56: 0.27 | O56: 0.27 | P56: 0.27 | Q56: 0.27 | R56: 0.27 | S56: 0.27 | T56: 0.27 | U56: 0.27 | V56: 0.27 | W56: 0.27 | X56: 0.27 | Y56: 0.27 | Z56: 0.27 | AA56: 0.27 | AB56: 0.27 | AC56: 0.27 | AD56: 0.27 | AE56: 0.27 | AF56: 0.27 | AG56: 0.33 | AH56: 0.33 | AI56: Yes | AJ56: Yes | AK56: Yes
A57: IPLPX83186 | B57: R | C57: Industrial | D57: Process Loads | E57: Process Load Cooling | F57: Chiller Improvements | G57: I-All-SecTotal-All-All-All-E | H57: 20 | I57: 0.7 | J57: 0.74901333 | K57: NA | L57: NA | M57: NA | N57: NA | O57: NA | P57: NA | Q57: NA | R57: NA | S57: NA | T57: NA | U57: NA | V57: NA | W57: NA | X57: NA | Y57: NA | Z57: NA | AA57: NA | AB57: NA | AC57: NA | AD57: NA | AE57: NA | AF57: NA | AG57: NA | AH57: 0.38 | AI57: Yes | AJ57: Yes | AK57: Yes
A58: IPLPX93186 | B58: L | C58: Industrial | D58: Process Loads | E58: Process Load Cooling | F58: Chiller Improvements | G58: I-All-SecTotal-All-All-All-E | H58: 20 | I58: 0.7 | J58: 0.74901333 | K58: NA | L58: NA | M58: NA | N58: NA | O58: NA | P58: NA | Q58: NA | R58: NA | S58: NA | T58: NA | U58: NA | V58: NA | W58: NA | X58: NA | Y58: NA | Z58: NA | AA58: NA | AB58: NA | AC58: NA | AD58: NA | AE58: NA | AF58: NA | AG58: NA | AH58: 0.38 | AI58: Yes | AJ58: Yes | AK58: Yes
A59: IRERI83082 | B59: R | C59: Industrial | D59: Refrigeration | E59: Refrigeration System Improvements | F59: Chiller Improvements | G59: C-All-Ref-Refrig-All-All-C | H59: 15 | I59: 0.7 | J59: 0.62860243 | K59: 0.2 | L59: 0.27 | M59: 0.27 | N59: 0.27 | O59: 0.27 | P59: 0.27 | Q59: 0.27 | R59: 0.25 | S59: 0.25 | T59: 0.25 | U59: 0.25 | V59: 0.25 | W59: 0.25 | X59: 0.25 | Y59: 0.25 | Z59: 0.25 | AA59: 0.25 | AB59: 0.25 | AC59: 0.25 | AD59: 0.25 | AE59: 0.25 | AF59: 0.25 | AG59: 0.33 | AH59: NA | AI59: Yes | AJ59: Yes | AK59: Yes
A60: IRERI93082 | B60: L | C60: Industrial | D60: Refrigeration | E60: Refrigeration System Improvements | F60: Chiller Improvements | G60: C-All-Ref-Refrig-All-All-C | H60: 15 | I60: 0.7 | J60: 0.62860243 | K60: 0.2 | L60: 0.27 | M60: 0.27 | N60: 0.27 | O60: 0.27 | P60: 0.27 | Q60: 0.27 | R60: 0.25 | S60: 0.25 | T60: 0.25 | U60: 0.25 | V60: 0.25 | W60: 0.25 | X60: 0.25 | Y60: 0.25 | Z60: 0.25 | AA60: 0.25 | AB60: 0.25 | AC60: 0.25 | AD60: 0.25 | AE60: 0.25 | AF60: 0.25 | AG60: 0.33 | AH60: NA | AI60: Yes | AJ60: Yes | AK60: Yes
A61: RELPL91001 | B61: L | C61: Residential | D61: Electronics | E61: Plug Load | F61: Clothes Dryers | G61: R-All-Plug-Dryer-All-All-R | H61: 12 | I61: 0.7 | J61: 0.57490639 | K61: NA | L61: NA | M61: NA | N61: NA | O61: NA | P61: NA | Q61: NA | R61: NA | S61: NA | T61: NA | U61: NA | V61: NA | W61: NA | X61: NA | Y61: NA | Z61: NA | AA61: NA | AB61: 0.27 | AC61: 0.27 | AD61: 0.27 | AE61: 0.27 | AF61: 0.27 | AG61: 0.33 | AH61: 0.33 | AI61: Yes | AJ61: Yes | AK61: Yes
A62: RWHWU91001 | B62: L | C62: Residential | D62: Water Heating | E62: Water Using Devices | F62: Clothes Washers | G62: R-All-WH-Cwash-All-All-R | H62: 14 | I62: 0.7 | J62: 0.58927653 | K62: NA | L62: NA | M62: NA | N62: NA | O62: NA | P62: NA | Q62: NA | R62: NA | S62: NA | T62: NA | U62: NA | V62: NA | W62: NA | X62: NA | Y62: NA | Z62: NA | AA62: NA | AB62: 0.27 | AC62: 0.27 | AD62: 0.27 | AE62: 0.27 | AF62: 0.27 | AG62: 0.33 | AH62: 0.33 | AI62: Yes | AJ62: Yes | AK62: Yes
A63: ALILB84100 | B63: R | C63: Agricultural | D63: Lighting | E63: Lamps/Ballasts/Fixtures | F63: Compact Fluorescents | G63: Commercial-All Com-IntLight | H63: 12 | I63: 0.7 | J63: 0.50142386 | K63: 0.2 | L63: 0.27 | M63: 0.27 | N63: 0.27 | O63: 0.27 | P63: 0.27 | Q63: 0.27 | R63: 0.18 | S63: 0.18 | T63: 0.18 | U63: 0.18 | V63: 0.18 | W63: 0.18 | X63: 0.18 | Y63: 0.18 | Z63: 0.18 | AA63: 0.18 | AB63: NA | AC63: NA | AD63: NA | AE63: NA | AF63: NA | AG63: NA | AH63: NA | AI63: Yes | AJ63: Yes
A64: ALILB94100 | B64: L | C64: Agricultural | D64: Lighting | E64: Lamps/Ballasts/Fixtures | F64: Compact Fluorescents | G64: Commercial-All Com-IntLight | H64: 12 | I64: 0.7 | J64: 0.50142386 | K64: 0.2 | L64: 0.27 | M64: 0.27 | N64: 0.27 | O64: 0.27 | P64: 0.27 | Q64: 0.27 | R64: 0.18 | S64: 0.18 | T64: 0.18 | U64: 0.18 | V64: 0.18 | W64: 0.18 | X64: 0.18 | Y64: 0.18 | Z64: 0.18 | AA64: 0.18 | AB64: NA | AC64: NA | AD64: NA | AE64: NA | AF64: NA | AG64: NA | AH64: NA | AI64: Yes | AJ64: Yes
A65: CLILB82105 | B65: R | C65: Commercial | D65: Lighting | E65: Lamps/Ballasts/Fixtures | F65: Compact Fluorescents | G65: Commercial-All Com-IntLight | H65: 12 | I65: 0.7 | J65: 0.50142386 | K65: 0.13 | L65: 0.2 | M65: 0.2 | N65: 0.2 | O65: 0.2 | P65: 0.2 | Q65: 0.2 | R65: 0.18 | S65: 0.18 | T65: 0.18 | U65: 0.18 | V65: 0.18 | W65: 0.18 | X65: 0.18 | Y65: 0.18 | Z65: 0.18 | AA65: 0.18 | AB65: NA | AC65: NA | AD65: NA | AE65: NA | AF65: NA | AG65: NA | AH65: NA | AI65: Yes | AJ65: Yes
A66: CLILB92105 | B66: L | C66: Commercial | D66: Lighting | E66: Lamps/Ballasts/Fixtures | F66: Compact Fluorescents | G66: Commercial-All Com-IntLight | H66: 12 | I66: 0.7 | J66: 0.50142386 | K66: 0.2 | L66: 0.27 | M66: 0.27 | N66: 0.27 | O66: 0.27 | P66: 0.27 | Q66: 0.27 | R66: 0.18 | S66: 0.18 | T66: 0.18 | U66: 0.18 | V66: 0.18 | W66: 0.18 | X66: 0.18 | Y66: 0.18 | Z66: 0.18 | AA66: 0.18 | AB66: NA | AC66: NA | AD66: NA | AE66: NA | AF66: NA | AG66: NA | AH66: NA | AI66: Yes | AJ66: Yes
A67: ILILB83099 | B67: R | C67: Industrial | D67: Lighting | E67: Lamps/Ballasts/Fixtures | F67: Compact Fluorescents | G67: Commercial-All Com-IntLight | H67: 12 | I67: 0.7 | J67: 0.50142386 | K67: 0.2 | L67: 0.27 | M67: 0.27 | N67: 0.27 | O67: 0.27 | P67: 0.27 | Q67: 0.27 | R67: 0.18 | S67: 0.18 | T67: 0.18 | U67: 0.18 | V67: 0.18 | W67: 0.18 | X67: 0.18 | Y67: 0.18 | Z67: 0.18 | AA67: 0.18 | AB67: NA | AC67: NA | AD67: NA | AE67: NA | AF67: NA | AG67: NA | AH67: NA | AI67: Yes | AJ67: Yes
A68: ILILB93099 | B68: L | C68: Industrial | D68: Lighting | E68: Lamps/Ballasts/Fixtures | F68: Compact Fluorescents | G68: Commercial-All Com-IntLight | H68: 12 | I68: 0.7 | J68: 0.50142386 | K68: 0.2 | L68: 0.27 | M68: 0.27 | N68: 0.27 | O68: 0.27 | P68: 0.27 | Q68: 0.27 | R68: 0.18 | S68: 0.18 | T68: 0.18 | U68: 0.18 | V68: 0.18 | W68: 0.18 | X68: 0.18 | Y68: 0.18 | Z68: 0.18 | AA68: 0.18 | AB68: NA | AC68: NA | AD68: NA | AE68: NA | AF68: NA | AG68: NA | AH68: NA | AI68: Yes | AJ68: Yes
A69: ACACC84001 | B69: R | C69: Agricultural | D69: Compressed Air | E69: Compressed Air System Controls | F69: Compressed Air Control Improvements (non-VFD) | G69: FLAT-System | H69: 10 | I69: 0.7 | J69: 0.46104 | K69: 0.15 | L69: 0.2 | M69: 0.2 | N69: 0.2 | O69: 0.25 | P69: 0.25 | Q69: 0.25 | R69: 0.25 | S69: 0.25 | T69: 0.25 | U69: 0.25 | V69: 0.25 | W69: 0.25 | X69: 0.25 | Y69: 0.25 | Z69: 0.25 | AA69: 0.25 | AB69: 0.25 | AC69: 0.25 | AD69: 0.25 | AE69: 0.25 | AF69: 0.25 | AG69: 0.33 | AH69: 0.33 | AI69: Yes | AJ69: Yes | AK69: Yes
A70: ACACC94001 | B70: L | C70: Agricultural | D70: Compressed Air | E70: Compressed Air System Controls | F70: Compressed Air Control Improvements (non-VFD) | G70: FLAT-System | H70: 10 | I70: 0.7 | J70: 0.46104 | K70: 0.15 | L70: 0.27 | M70: 0.27 | N70: 0.27 | O70: 0.27 | P70: 0.27 | Q70: 0.27 | R70: 0.27 | S70: 0.27 | T70: 0.27 | U70: 0.27 | V70: 0.27 | W70: 0.27 | X70: 0.27 | Y70: 0.27 | Z70: 0.27 | AA70: 0.27 | AB70: 0.27 | AC70: 0.27 | AD70: 0.27 | AE70: 0.27 | AF70: 0.27 | AG70: 0.33 | AH70: 0.33 | AI70: Yes | AJ70: Yes | AK70: Yes
A71: CCACC82001 | B71: R | C71: Commercial | D71: Compressed Air | E71: Compressed Air System Controls | F71: Compressed Air Control Improvements (non-VFD) | G71: Commercial-All Com-Misc | H71: 10 | I71: 0.7 | J71: 0.42958807 | K71: 0.13 | L71: 0.2 | M71: 0.2 | N71: 0.2 | O71: 0.2 | P71: 0.2 | Q71: 0.2 | R71: 0.2 | S71: 0.2 | T71: 0.2 | U71: 0.2 | V71: 0.2 | W71: 0.2 | X71: 0.2 | Y71: 0.2 | Z71: 0.2 | AA71: 0.2 | AB71: 0.2 | AC71: 0.2 | AD71: 0.2 | AE71: 0.2 | AF71: 0.2 | AG71: 0.33 | AH71: 0.33 | AI71: Yes | AJ71: Yes | AK71: Yes
A72: CCACC92001 | B72: L | C72: Commercial | D72: Compressed Air | E72: Compressed Air System Controls | F72: Compressed Air Control Improvements (non-VFD) | G72: Commercial-All Com-Misc | H72: 10 | I72: 0.7 | J72: 0.42958807 | K72: 0.2 | L72: 0.27 | M72: 0.27 | N72: 0.27 | O72: 0.27 | P72: 0.27 | Q72: 0.27 | R72: 0.27 | S72: 0.27 | T72: 0.27 | U72: 0.27 | V72: 0.27 | W72: 0.27 | X72: 0.27 | Y72: 0.27 | Z72: 0.27 | AA72: 0.27 | AB72: 0.27 | AC72: 0.27 | AD72: 0.27 | AE72: 0.27 | AF72: 0.27 | AG72: 0.33 | AH72: 0.33 | AI72: Yes | AJ72: Yes | AK72: Yes
A73: ICACC83001 | B73: R | C73: Industrial | D73: Compressed Air | E73: Compressed Air System Controls | F73: Compressed Air Control Improvements (non-VFD) | G73: I-All-SecTotal-All-All-All-E | H73: 10 | I73: 0.7 | J73: 0.45890208 | K73: 0.12 | L73: 0.17 | M73: 0.17 | N73: 0.25 | O73: 0.25 | P73: 0.25 | Q73: 0.25 | R73: 0.25 | S73: 0.25 | T73: 0.25 | U73: 0.25 | V73: 0.25 | W73: 0.25 | X73: 0.25 | Y73: 0.25 | Z73: 0.25 | AA73: 0.25 | AB73: 0.25 | AC73: 0.25 | AD73: 0.25 | AE73: 0.25 | AF73: 0.25 | AG73: 0.33 | AH73: 0.33 | AI73: Yes | AJ73: Yes | AK73: Yes
A74: ICACC93001 | B74: L | C74: Industrial | D74: Compressed Air | E74: Compressed Air System Controls | F74: Compressed Air Control Improvements (non-VFD) | G74: I-All-SecTotal-All-All-All-E | H74: 10 | I74: 0.7 | J74: 0.45890208 | K74: 0.12 | L74: 0.27 | M74: 0.27 | N74: 0.27 | O74: 0.25 | P74: 0.25 | Q74: 0.25 | R74: 0.25 | S74: 0.25 | T74: 0.25 | U74: 0.25 | V74: 0.25 | W74: 0.25 | X74: 0.25 | Y74: 0.25 | Z74: 0.25 | AA74: 0.25 | AB74: 0.25 | AC74: 0.25 | AD74: 0.25 | AE74: 0.25 | AF74: 0.25 | AG74: 0.33 | AH74: 0.33 | AI74: Yes | AJ74: Yes | AK74: Yes
A75: ACACC84002 | B75: R | C75: Agricultural | D75: Compressed Air | E75: Compressed Air System Controls | F75: Compressed Air Control Improvements (VFD) | G75: FLAT-System | H75: 10 | I75: 0.7 | J75: 0.46104 | K75: 0.15 | L75: 0.2 | M75: 0.2 | N75: 0.2 | O75: 0.25 | P75: 0.25 | Q75: 0.25 | R75: 0.25 | S75: 0.25 | T75: 0.25 | U75: 0.25 | V75: 0.25 | W75: 0.25 | X75: 0.25 | Y75: 0.25 | Z75: 0.25 | AA75: 0.25 | AB75: 0.25 | AC75: 0.25 | AD75: 0.25 | AE75: 0.25 | AF75: 0.25 | AG75: 0.33 | AH75: 0.33 | AI75: Yes | AJ75: Yes | AK75: Yes
A76: ACACC94002 | B76: L | C76: Agricultural | D76: Compressed Air | E76: Compressed Air System Controls | F76: Compressed Air Control Improvements (VFD) | G76: FLAT-System | H76: 10 | I76: 0.7 | J76: 0.46104 | K76: 0.15 | L76: 0.27 | M76: 0.27 | N76: 0.27 | O76: 0.27 | P76: 0.27 | Q76: 0.27 | R76: 0.27 | S76: 0.27 | T76: 0.27 | U76: 0.27 | V76: 0.27 | W76: 0.27 | X76: 0.27 | Y76: 0.27 | Z76: 0.27 | AA76: 0.27 | AB76: 0.27 | AC76: 0.27 | AD76: 0.27 | AE76: 0.27 | AF76: 0.27 | AG76: 0.33 | AH76: 0.33 | AI76: Yes | AJ76: Yes | AK76: Yes
A77: CCACC82002 | B77: R | C77: Commercial | D77: Compressed Air | E77: Compressed Air System Controls | F77: Compressed Air Control Improvements (VFD) | G77: Commercial-All Com-Misc | H77: 10 | I77: 0.7 | J77: 0.42958807 | K77: 0.13 | L77: 0.2 | M77: 0.2 | N77: 0.2 | O77: 0.2 | P77: 0.2 | Q77: 0.2 | R77: 0.2 | S77: 0.2 | T77: 0.2 | U77: 0.2 | V77: 0.2 | W77: 0.2 | X77: 0.2 | Y77: 0.2 | Z77: 0.2 | AA77: 0.2 | AB77: 0.2 | AC77: 0.2 | AD77: 0.2 | AE77: 0.2 | AF77: 0.2 | AG77: 0.33 | AH77: 0.33 | AI77: Yes | AJ77: Yes | AK77: Yes
A78: CCACC92002 | B78: L | C78: Commercial | D78: Compressed Air | E78: Compressed Air System Controls | F78: Compressed Air Control Improvements (VFD) | G78: Commercial-All Com-Misc | H78: 10 | I78: 0.7 | J78: 0.42958807 | K78: 0.2 | L78: 0.27 | M78: 0.27 | N78: 0.27 | O78: 0.27 | P78: 0.27 | Q78: 0.27 | R78: 0.27 | S78: 0.27 | T78: 0.27 | U78: 0.27 | V78: 0.27 | W78: 0.27 | X78: 0.27 | Y78: 0.27 | Z78: 0.27 | AA78: 0.27 | AB78: 0.27 | AC78: 0.27 | AD78: 0.27 | AE78: 0.27 | AF78: 0.27 | AG78: 0.33 | AH78: 0.33 | AI78: Yes | AJ78: Yes | AK78: Yes
A79: ICACC83002 | B79: R | C79: Industrial | D79: Compressed Air | E79: Compressed Air System Controls | F79: Compressed Air Control Improvements (VFD) | G79: I-All-SecTotal-All-All-All-E | H79: 10 | I79: 0.7 | J79: 0.45890208 | K79: 0.12 | L79: 0.17 | M79: 0.17 | N79: 0.25 | O79: 0.25 | P79: 0.25 | Q79: 0.25 | R79: 0.25 | S79: 0.25 | T79: 0.25 | U79: 0.25 | V79: 0.25 | W79: 0.25 | X79: 0.25 | Y79: 0.25 | Z79: 0.25 | AA79: 0.25 | AB79: 0.25 | AC79: 0.25 | AD79: 0.25 | AE79: 0.25 | AF79: 0.25 | AG79: 0.33 | AH79: 0.33 | AI79: Yes | AJ79: Yes | AK79: Yes
A80: ICACC93002 | B80: L | C80: Industrial | D80: Compressed Air | E80: Compressed Air System Controls | F80: Compressed Air Control Improvements (VFD) | G80: I-All-SecTotal-All-All-All-E | H80: 10 | I80: 0.7 | J80: 0.45890208 | K80: 0.12 | L80: 0.27 | M80: 0.27 | N80: 0.27 | O80: 0.25 | P80: 0.25 | Q80: 0.25 | R80: 0.25 | S80: 0.25 | T80: 0.25 | U80: 0.25 | V80: 0.25 | W80: 0.25 | X80: 0.25 | Y80: 0.25 | Z80: 0.25 | AA80: 0.25 | AB80: 0.25 | AC80: 0.25 | AD80: 0.25 | AE80: 0.25 | AF80: 0.25 | AG80: 0.33 | AH80: 0.33 | AI80: Yes | AJ80: Yes | AK80: Yes
... A84: CCACI92003 | B84: L | C84: Commercial | D84: Compressed Air | E84: Compressed Air System Improvements | F84: Compressed Air System Compressor Improvements (non-VFD) | G84: Commercial-All Com-Misc | H84: 10 | I84: 0.7 | J84: 0.42958807 | K84: 0.2 | L84: 0.27 | M84: 0.27 | N84: 0.27 | O84: 0.27 | P84: 0.27 | Q84: 0.27 | R84: 0.27 | S84: 0.27 | T84: 0.27 | U84: 0.27 | V84: 0.27 | W84: 0.27 | X84: 0.27 | Y84: 0.27 | Z84: 0.27 | AA84: 0.27 | AB84: 0.27 | AC84: 0.27 | AD84: 0.27 | AE84: 0.27 | AF84: 0.27 | AG84: 0.33 | AH84: 0.33 | AI84: Yes | AJ84: Yes | AK84: Yes
A85: ICACI83003 | B85: R | C85: Industrial | D85: Compressed Air | E85: Compressed Air System Improvements | F85: Compressed Air System Compressor Improvements (non-VFD) | G85: I-All-SecTotal-All-All-All-E | H85: 10 | I85: 0.7 | J85: 0.45890208 | K85: 0.12 | L85: 0.17 | M85: 0.17 | N85: 0.25 | O85: 0.25 | P85: 0.25 | Q85: 0.25 | R85: 0.25 | S85: 0.25 | T85: 0.25 | U85: 0.25 | V85: 0.25 | W85: 0.25 | X85: 0.25 | Y85: 0.25 | Z85: 0.25 | AA85: 0.25 | AB85: 0.25 | AC85: 0.25 | AD85: 0.25 | AE85: 0.25 | AF85: 0.25 | AG85: NA | AH85: NA | AI85: Yes | AJ85: Yes | AK85: Yes
A86: ICACI93003 | B86: L | C86: Industrial | D86: Compressed Air | E86: Compressed Air System Improvements | F86: Compressed Air System Compressor Improvements (non-VFD) | G86: I-All-SecTotal-All-All-All-E | H86: 10 | I86: 0.7 | J86: 0.45890208 | K86: 0.12 | L86: 0.27 | M86: 0.27 | N86: 0.27 | O86: 0.25 | P86: 0.25 | Q86: 0.25 | R86: 0.25 | S86: 0.25 | T86: 0.25 | U86: 0.25 | V86: 0.25 | W86: 0.25 | X86: 0.25 | Y86: 0.25 | Z86: 0.25 | AA86: 0.25 | AB86: 0.25 | AC86: 0.25 | AD86: 0.25 | AE86: 0.25 | AF86: 0.25 | AG86: NA | AH86: NA | AI86: Yes | AJ86: Yes | AK86: Yes
A87: ACACI84004 | B87: R | C87: Agricultural | D87: Compressed Air | E87: Compressed Air System Improvements | F87: Compressed Air System Compressor Improvements (VFD) | G87: FLAT-System | H87: 10 | I87: 0.7 | J87: 0.46104 | K87: 0.15 | L87: 0.2 | M87: 0.2 | N87: 0.2 | O87: 0.25 | P87: 0.25 | Q87: 0.25 | R87: 0.25 | S87: 0.25 | T87: 0.25 | U87: 0.25 | V87: 0.25 | W87: 0.25 | X87: 0.25 | Y87: 0.25 | Z87: 0.25 | AA87: 0.25 | AB87: 0.25 | AC87: 0.25 | AD87: 0.25 | AE87: 0.25 | AF87: 0.25 | AG87: 0.33 | AH87: 0.33 | AI87: Yes | AJ87: Yes | AK87: Yes
A88: ACACI94004 | B88: L | C88: Agricultural | D88: Compressed Air | E88: Compressed Air System Improvements | F88: Compressed Air System Compressor Improvements (VFD) | G88: FLAT-System | H88: 10 | I88: 0.7 | J88: 0.46104 | K88: 0.15 | L88: 0.27 | M88: 0.27 | N88: 0.27 | O88: 0.27 | P88: 0.27 | Q88: 0.27 | R88: 0.27 | S88: 0.27 | T88: 0.27 | U88: 0.27 | V88: 0.27 | W88: 0.27 | X88: 0.27 | Y88: 0.27 | Z88: 0.27 | AA88: 0.27 | AB88: 0.27 | AC88: 0.27 | AD88: 0.27 | AE88: 0.27 | AF88: 0.27 | AG88: 0.33 | AH88: 0.33 | AI88: Yes | AJ88: Yes | AK88: Yes
A89: CCACI82004 | B89: R | C89: Commercial | D89: Compressed Air | E89: Compressed Air System Improvements | F89: Compressed Air System Compressor Improvements (VFD) | G89: Commercial-All Com-Misc | H89: 10 | I89: 0.7 | J89: 0.42958807 | K89: 0.13 | L89: 0.2 | M89: 0.2 | N89: 0.2 | O89: 0.2 | P89: 0.2 | Q89: 0.2 | R89: 0.2 | S89: 0.2 | T89: 0.2 | U89: 0.2 | V89: 0.2 | W89: 0.2 | X89: 0.2 | Y89: 0.2 | Z89: 0.2 | AA89: 0.2 | AB89: 0.2 | AC89: 0.2 | AD89: 0.2 | AE89: 0.2 | AF89: 0.2 | AG89: 0.33 | AH89: 0.33 | AI89: Yes | AJ89: Yes | AK89: Yes
A90: CCACI92004 | B90: L | C90: Commercial | D90: Compressed Air | E90: Compressed Air System Improvements | F90: Compressed Air System Compressor Improvements (VFD) | G90: Commercial-All Com-Misc | H90: 10 | I90: 0.7 | J90: 0.42958807 | K90: 0.2 | L90: 0.27 | M90: 0.27 | N90: 0.27 | O90: 0.27 | P90: 0.27 | Q90: 0.27 | R90: 0.27 | S90: 0.27 | T90: 0.27 | U90: 0.27 | V90: 0.27 | W90: 0.27 | X90: 0.27 | Y90: 0.27 | Z90: 0.27 | AA90: 0.27 | AB90: 0.27 | AC90: 0.27 | AD90: 0.27 | AE90: 0.27 | AF90: 0.27 | AG90: 0.33 | AH90: 0.33 | AI90: Yes | AJ90: Yes | AK90: Yes
A91: ICACI83004 | B91: R | C91: Industrial | D91: Compressed Air | E91: Compressed Air System Improvements | F91: Compressed Air System Compressor Improvements (VFD) | G91: I-All-SecTotal-All-All-All-E | H91: 10 | I91: 0.7 | J91: 0.45890208 | K91: 0.12 | L91: 0.17 | M91: 0.17 | N91: 0.25 | O91: 0.25 | P91: 0.25 | Q91: 0.25 | R91: 0.25 | S91: 0.25 | T91: 0.25 | U91: 0.25 | V91: 0.25 | W91: 0.25 | X91: 0.25 | Y91: 0.25 | Z91: 0.25 | AA91: 0.25 | AB91: 0.25 | AC91: 0.25 | AD91: 0.25 | AE91: 0.25 | AF91: 0.25 | AG91: NA | AH91: NA | AI91: Yes | AJ91: Yes | AK91: Yes
A92: ICACI93004 | B92: L | C92: Industrial | D92: Compressed Air | E92: Compressed Air System Improvements | F92: Compressed Air System Compressor Improvements (VFD) | G92: I-All-SecTotal-All-All-All-E | H92: 10 | I92: 0.7 | J92: 0.45890208 | K92: 0.12 | L92: 0.27 | M92: 0.27 | N92: 0.27 | O92: 0.25 | P92: 0.25 | Q92: 0.25 | R92: 0.25 | S92: 0.25 | T92: 0.25 | U92: 0.25 | V92: 0.25 | W92: 0.25 | X92: 0.25 | Y92: 0.25 | Z92: 0.25 | AA92: 0.25 | AB92: 0.25 | AC92: 0.25 | AD92: 0.25 | AE92: 0.25 | AF92: 0.25 | AG92: NA | AH92: NA | AI92: Yes | AJ92: Yes | AK92: Yes
A93: ACACI84005 | B93: R | C93: Agricultural | D93: Compressed Air | E93: Compressed Air System Improvements | F93: Compressed Air System Demand Side Improvements | G93: FLAT-System | H93: 10 | I93: 0.7 | J93: 0.46104 | K93: 0.15 | L93: 0.2 | M93: 0.2 | N93: 0.2 | O93: 0.25 | P93: 0.25 | Q93: 0.25 | R93: 0.25 | S93: 0.25 | T93: 0.25 | U93: 0.25 | V93: 0.25 | W93: 0.25 | X93: 0.25 | Y93: 0.25 | Z93: 0.25 | AA93: 0.25 | AB93: 0.25 | AC93: 0.25 | AD93: 0.25 | AE93: 0.25 | AF93: 0.25 | AG93: 0.33 | AH93: 0.33 | AI93: Yes | AJ93: Yes | AK93: Yes
A94: ACACI94005 | B94: L | C94: Agricultural | D94: Compressed Air | E94: Compressed Air System Improvements | F94: Compressed Air System Demand Side Improvements | G94: FLAT-System | H94: 10 | I94: 0.7 | J94: 0.46104 | K94: 0.15 | L94: 0.27 | M94: 0.27 | N94: 0.27 | O94: 0.27 | P94: 0.27 | Q94: 0.27 | R94: 0.27 | S94: 0.27 | T94: 0.27 | U94: 0.27 | V94: 0.27 | W94: 0.27 | X94: 0.27 | Y94: 0.27 | Z94: 0.27 | AA94: 0.27 | AB94: 0.27 | AC94: 0.27 | AD94: 0.27 | AE94: 0.27 | AF94: 0.27 | AG94: 0.33 | AH94: 0.33 | AI94: Yes | AJ94: Yes | AK94: Yes
A95: CCACI82005 | B95: R | C95: Commercial | D95: Compressed Air | E95: Compressed Air System Improvements | F95: Compressed Air System Demand Side Improvements | G95: Commercial-All Com-Misc | H95: 10 | I95: 0.7 | J95: 0.42958807 | K95: 0.13 | L95: 0.2 | M95: 0.2 | N95: 0.2 | O95: 0.2 | P95: 0.2 | Q95: 0.2 | R95: 0.2 | S95: 0.2 | T95: 0.2 | U95: 0.2 | V95: 0.2 | W95: 0.2 | X95: 0.2 | Y95: 0.2 | Z95: 0.2 | AA95: 0.2 | AB95: 0.2 | AC95: 0.2 | AD95: 0.2 | AE95: 0.2 | AF95: 0.2 | AG95: 0.33 | AH95: 0.33 | AI95: Yes | AJ95: Yes | AK95: Yes
A96: CCACI92005 | B96: L | C96: Commercial | D96: Compressed Air | E96: Compressed Air System Improvements | F96: Compressed Air System Demand Side Improvements | G96: Commercial-All Com-Misc | H96: 10 | I96: 0.7 | J96: 0.42958807 | K96: 0.2 | L96: 0.27 | M96: 0.27 | N96: 0.27 | O96: 0.27 | P96: 0.27 | Q96: 0.27 | R96: 0.27 | S96: 0.27 | T96: 0.27 | U96: 0.27 | V96: 0.27 | W96: 0.27 | X96: 0.27 | Y96: 0.27 | Z96: 0.27 | AA96: 0.27 | AB96: 0.27 | AC96: 0.27 | AD96: 0.27 | AE96: 0.27 | AF96: 0.27 | AG96: 0.33 | AH96: 0.33 | AI96: Yes | AJ96: Yes | AK96: Yes
A97: ICACI83005 | B97: R | C97: Industrial | D97: Compressed Air | E97: Compressed Air System Improvements | F97: Compressed Air System Demand Side Improvements | G97: I-All-SecTotal-All-All-All-E | H97: 5 | I97: 0.7 | J97: 0.2887034 | K97: 0.12 | L97: 0.17 | M97: 0.17 | N97: 0.25 | O97: 0.25 | P97: 0.25 | Q97: 0.25 | R97: 0.25 | S97: 0.25 | T97: 0.25 | U97: 0.25 | V97: 0.25 | W97: 0.25 | X97: 0.25 | Y97: 0.25 | Z97: 0.25 | AA97: 0.25 | AB97: 0.25 | AC97: 0.25 | AD97: 0.25 | AE97: 0.25 | AF97: 0.25 | AG97: 0.33 | AH97: 0.33 | AI97: Yes | AJ97: Yes | AK97: Yes
A98: ICACI93005 | B98: L | C98: Industrial | D98: Compressed Air | E98: Compressed Air System Improvements | F98: Compressed Air System Demand Side Improvements | G98: I-All-SecTotal-All-All-All-E | H98: 5 | I98: 0.7 | J98: 0.2887034 | K98: 0.12 | L98: 0.27 | M98: 0.27 | N98: 0.27 | O98: 0.25 | P98: 0.25 | Q98: 0.25 | R98: 0.25 | S98: 0.25 | T98: 0.25 | U98: 0.25 | V98: 0.25 | W98: 0.25 | X98: 0.25 | Y98: 0.25 | Z98: 0.25 | AA98: 0.25 | AB98: 0.25 | AC98: 0.25 | AD98: 0.25 | AE98: 0.25 | AF98: 0.25 | AG98: 0.33 | AH98: 0.33 | AI98: Yes | AJ98: Yes | AK98: Yes
A99: ICACI83168 | B99: R | C99: Industrial | D99: Compressed Air | E99: Compressed Air System Improvements | F99: Compressed Air System Demand Side Improvements | G99: I-All-SecTotal-All-All-All-E | H99: 15 | I99: 0.7 | J99: 0.62699629 | K99: NA | L99: NA | M99: NA | N99: NA | O99: NA | P99: NA | Q99: NA | R99: NA | S99: NA | T99: NA | U99: NA | V99: NA | W99: NA | X99: NA | Y99: NA | Z99: NA | AA99: NA | AB99: NA | AC99: NA | AD99: NA | AE99: NA | AF99: NA | AG99: 0.33 | AH99: 0.33 | AI99: Yes | AJ99: Yes | AK99: Yes
A100: ICACI93168 | B100: L | C100: Industrial | D100: Compressed Air | E100: Compressed Air System Improvements | F100: Compressed Air System Demand Side Improvements | G100: I-All-SecTotal-All-All-All-E | H100: 15 | I100: 0.7 | J100: 0.62699629 | K100: NA | L100: NA | M100: NA | N100: NA | O100: NA | P100: NA | Q100: NA | R100: NA | S100: NA | T100: NA | U100: NA | V100: NA | W100: NA | X100: NA | Y100: NA | Z100: NA | AA100: NA | AB100: NA | AC100: NA | AD100: NA | AE100: NA | AF100: NA | AG100: 0.33 | AH100: 0.33 | AI100: Yes | AJ100: Yes | AK100: Yes
A101: ACACI84006 | B101: R | C101: Agricultural | D101: Compressed Air | E101: Compressed Air System Improvements | F101: Compressed Air System Dryer Improvements | G101: FLAT-System | H101: 10 | I101: 0.7 | J101: 0.46104 | K101: 0.15 | L101: 0.2 | M101: 0.2 | N101: 0.2 | O101: 0.25 | P101: 0.25 | Q101: 0.25 | R101: 0.25 | S101: 0.25 | T101: 0.25 | U101: 0.25 | V101: 0.25 | W101: 0.25 | X101: 0.25 | Y101: 0.25 | Z101: 0.25 | AA101: 0.25 | AB101: 0.25 | AC101: 0.25 | AD101: 0.25 | AE101: 0.25 | AF101: 0.25 | AG101: 0.33 | AH101: 0.33 | AI101: Yes | AJ101: Yes | AK101: Yes
A102: ACACI94006 | B102: L | C102: Agricultural | D102: Compressed Air | E102: Compressed Air System Improvements | F102: Compressed Air System Dryer Improvements | G102: FLAT-System | H102: 10 | I102: 0.7 | J102: 0.46104 | K102: 0.15 | L102: 0.27 | M102: 0.27 | N102: 0.27 | O102: 0.27 | P102: 0.27 | Q102: 0.27 | R102: 0.27 | S102: 0.27 | T102: 0.27 | U102: 0.27 | V102: 0.27 | W102: 0.27 | X102: 0.27 | Y102: 0.27 | Z102: 0.27 | AA102: 0.27 | AB102: 0.27 | AC102: 0.27 | AD102: 0.27 | AE102: 0.27 | AF102: 0.27 | AG102: 0.33 | AH102: 0.33 | AI102: Yes | AJ102: Yes | AK102: Yes
A103: CCACI82006 | B103: R | C103: Commercial | D103: Compressed Air | E103: Compressed Air System Improvements | F103: Compressed Air System Dryer Improvements | G103: Commercial-All Com-Misc | H103: 10 | I103: 0.7 | J103: 0.42958807 | K103: 0.13 | L103: 0.2 | M103: 0.2 | N103: 0.2 | O103: 0.2 | P103: 0.2 | Q103: 0.2 | R103: 0.2 | S103: 0.2 | T103: 0.2 | U103: 0.2 | V103: 0.2 | W103: 0.2 | X103: 0.2 | Y103: 0.2 | Z103: 0.2 | AA103: 0.2 | AB103: 0.2 | AC103: 0.2 | AD103: 0.2 | AE103: 0.2 | AF103: 0.2 | AG103: 0.33 | AH103: 0.33 | AI103: Yes | AJ103: Yes | AK103: Yes
A104: CCACI92006 | B104: L | C104: Commercial | D104: Compressed Air | E104: Compressed Air System Improvements | F104: Compressed Air System Dryer Improvements | G104: Commercial-All Com-Misc | H104: 10 | I104: 0.7 | J104: 0.42958807 | K104: 0.2 | L104: 0.27 | M104: 0.27 | N104: 0.27 | O104: 0.27 | P104: 0.27 | Q104: 0.27 | R104: 0.27 | S104: 0.27 | T104: 0.27 | U104: 0.27 | V104: 0.27 | W104: 0.27 | X104: 0.27 | Y104: 0.27 | Z104: 0.27 | AA104: 0.27 | AB104: 0.27 | AC104: 0.27 | AD104: 0.27 | AE104: 0.27 | AF104: 0.27 | AG104: 0.33 | AH104: 0.33 | AI104: Yes | AJ104: Yes | AK104: Yes
A105: ICACI83006 | B105: R | C105: Industrial | D105: Compressed Air | E105: Compressed Air System Improvements | F105: Compressed Air System Dryer Improvements | G105: I-All-SecTotal-All-All-All-E | H105: 10 | I105: 0.7 | J105: 0.45890208 | K105: 0.12 | L105: 0.17 | M105: 0.17 | N105: 0.25 | O105: 0.25 | P105: 0.25 | Q105: 0.25 | R105: 0.25 | S105: 0.25 | T105: 0.25 | U105: 0.25 | V105: 0.25 | W105: 0.25 | X105: 0.25 | Y105: 0.25 | Z105: 0.25 | AA105: 0.25 | AB105: 0.25 | AC105: 0.25 | AD105: 0.25 | AE105: 0.25 | AF105: 0.25 | AG105: 0.33 | AH105: 0.33 | AI105: Yes | AJ105: Yes | AK105: Yes
A106: ICACI93006 | B106: L | C106: Industrial | D106: Compressed Air | E106: Compressed Air System Improvements | F106: Compressed Air System Dryer Improvements | G106: I-All-SecTotal-All-All-All-E | H106: 10 | I106: 0.7 | J106: 0.45890208 | K106: 0.12 | L106: 0.27 | M106: 0.27 | N106: 0.27 | O106: 0.25 | P106: 0.25 | Q106: 0.25 | R106: 0.25 | S106: 0.25 | T106: 0.25 | U106: 0.25 | V106: 0.25 | W106: 0.25 | X106: 0.25 | Y106: 0.25 | Z106: 0.25 | AA106: 0.25 | AB106: 0.25 | AC106: 0.25 | AD106: 0.25 | AE106: 0.25 | AF106: 0.25 | AG106: 0.33 | AH106: 0.33 | AI106: Yes | AJ106: Yes | AK106: Yes
A107: ACACI84007 | B107: R | C107: Agricultural | D107: Compressed Air | E107: Compressed Air System Improvements | F107: Compressed Air System Regulation Improvements | G107: FLAT-System | H107: 10 | I107: 0.7 | J107: 0.46104 | K107: 0.15 | L107: 0.2 | M107: 0.2 | N107: 0.2 | O107: 0.25 | P107: 0.25 | Q107: 0.25 | R107: 0.25 | S107: 0.25 | T107: 0.25 | U107: 0.25 | V107: 0.25 | W107: 0.25 | X107: 0.25 | Y107: 0.25 | Z107: 0.25 | AA107: 0.25 | AB107: 0.25 | AC107: 0.25 | AD107: 0.25 | AE107: 0.25 | AF107: 0.25 | AG107: 0.33 | AH107: 0.33 | AI107: Yes | AJ107: Yes | AK107: Yes
A108: ACACI94007 | B108: L | C108: Agricultural | D108: Compressed Air | E108: Compressed Air System Improvements | F108: Compressed Air System Regulation Improvements | G108: FLAT-System | H108: 10 | I108: 0.7 | J108: 0.46104 | K108: 0.15 | L108: 0.27 | M108: 0.27 | N108: 0.27 | O108: 0.27 | P108: 0.27 | Q108: 0.27 | R108: 0.27 | S108: 0.27 | T108: 0.27 | U108: 0.27 | V108: 0.27 | W108: 0.27 | X108: 0.27 | Y108: 0.27 | Z108: 0.27 | AA108: 0.27 | AB108: 0.27 | AC108: 0.27 | AD108: 0.27 | AE108: 0.27 | AF108: 0.27 | AG108: 0.33 | AH108: 0.33 | AI108: Yes | AJ108: Yes | AK108: Yes
A109: CCACI82007 | B109: R | C109: Commercial | D109: Compressed Air | E109: Compressed Air System Improvements | F109: Compressed Air System Regulation Improvements | G109: Commercial-All Com-Misc | H109: 10 | I109: 0.7 | J109: 0.42958807 | K109: 0.13 | L109: 0.2 | M109: 0.2 | N109: 0.2 | O109: 0.2 | P109: 0.2 | Q109: 0.2 | R109: 0.2 | S109: 0.2 | T109: 0.2 | U109: 0.2 | V109: 0.2 | W109: 0.2 | X109: 0.2 | Y109: 0.2 | Z109: 0.2 | AA109: 0.2 | AB109: 0.2 | AC109: 0.2 | AD109: 0.2 | AE109: 0.2 | AF109: 0.2 | AG109: 0.33 | AH109: 0.33 | AI109: Yes | AJ109: Yes | AK109: Yes
A110: CCACI92007 | B110: L | C110: Commercial | D110: Compressed Air | E110: Compressed Air System Improvements | F110: Compressed Air System Regulation Improvements | G110: Commercial-All Com-Misc | H110: 10 | I110: 0.7 | J110: 0.42958807 | K110: 0.2 | L110: 0.27 | M110: 0.27 | N110: 0.27 | O110: 0.27 | P110: 0.27 | Q110: 0.27 | R110: 0.27 | S110: 0.27 | T110: 0.27 | U110: 0.27 | V110: 0.27 | W110: 0.27 | X110: 0.27 | Y110: 0.27 | Z110: 0.27 | AA110: 0.27 | AB110: 0.27 | AC110: 0.27 | AD110: 0.27 | AE110: 0.27 | AF110: 0.27 | AG110: 0.33 | AH110: 0.33 | AI110: Yes | AJ110: Yes | AK110: Yes
A111: ICACI83007 | B111: R | C111: Industrial | D111: Compressed Air | E111: Compressed Air System Improvements | F111: Compressed Air System Regulation Improvements | G111: I-All-SecTotal-All-All-All-E | H111: 10 | I111: 0.7 | J111: 0.45890208 | K111: 0.12 | L111: 0.17 | M111: 0.17 | N111: 0.25 | O111: 0.25 | P111: 0.25 | Q111: 0.25 | R111: 0.25 | S111: 0.25 | T111: 0.25 | U111: 0.25 | V111: 0.25 | W111: 0.25 | X111: 0.25 | Y111: 0.25 | Z111: 0.25 | AA111: 0.25 | AB111: 0.25 | AC111: 0.25 | AD111: 0.25 | AE111: 0.25 | AF111: 0.25 | AG111: 0.33 | AH111: 0.33 | AI111: Yes | AJ111: Yes | AK111: Yes
...

Sheet October 2026 Measures List
A1: Custom Measures | K1: Incentive Rates
A2: Custom Measure RefNo | B2: Resource Opportunity Type | C2: Sector | D2: End Use | E2: Category | F2: Technology/Activity/Practice | G2: Default Load Shape | H2: Measure Life | I2: Project Cost Cap | J2: Avoided Cost per kWh | K2: 39539 | L2: 39722 | M2: 39904 | N2: 40087 | O2: 40269 | P2: 40452 | Q2: 40634 | R2: 40817 | S2: 41000 | T2: 41183 | U2: 41365 | V2: 41548 | W2: 41730 | X2: 41913 | Y2: 42095 | Z2: 42278 | AA2: 42644 | AB2: 43009 | AC2: 43374 | AD2: 43739 | AE2: 44287 | AF2: 44652 | AG2: 45200 | AH2: 45931
A3: CHVEN82015 | B3: R | C3: Commercial | D3: HVAC | E3: Envelope | F3: Air Sealing | G3: C-All-HVAC-ER-All-All-E | H3: 30 | I3: 0.7 | J3: 0.93701255 | K3: 0.13 | L3: 0.2 | M3: 0.2 | N3: 0.2 | O3: 0.2 | P3: 0.2 | Q3: 0.2 | R3: 0.2 | S3: 0.2 | T3: 0.2 | U3: 0.2 | V3: 0.2 | W3: 0.2 | X3: 0.2 | Y3: 0.2 | Z3: 0.2 | AA3: 0.2 | AB3: 0.2 | AC3: 0.2 | AD3: 0.23 | AE3: 0.23 | AF3: 0.23 | AG3: 0.38 | AH3: 0.38 | AI3: Yes | AJ3: Yes | AK3: Yes
A4: CHVEN92015 | B4: L | C4: Commercial | D4: HVAC | E4: Envelope | F4: Air Sealing | G4: C-All-HVAC-ER-All-All-E | H4: 30 | I4: 0.7 | J4: 0.93701255 | K4: 0.2 | L4: 0.27 | M4: 0.27 | N4: 0.27 | O4: 0.27 | P4: 0.27 | Q4: 0.27 | R4: 0.27 | S4: 0.27 | T4: 0.27 | U4: 0.27 | V4: 0.27 | W4: 0.27 | X4: 0.27 | Y4: 0.27 | Z4: 0.27 | AA4: 0.27 | AB4: 0.27 | AC4: 0.27 | AD4: 0.31 | AE4: 0.31 | AF4: 0.31 | AG4: 0.38 | AH4: 0.38 | AI4: Yes | AJ4: Yes | AK4: Yes
A5: IHVEN83018 | B5: R | C5: Industrial | D5: HVAC | E5: Envelope | F5: Air Sealing | G5: I-All-SecTotal-All-All-All-E | H5: 30 | I5: 0.7 | J5: 0.9016046 | K5: 0.12 | L5: 0.17 | M5: 0.17 | N5: 0.25 | O5: 0.25 | P5: 0.25 | Q5: 0.25 | R5: 0.35 | S5: 0.35 | T5: 0.35 | U5: 0.35 | V5: 0.35 | W5: 0.35 | X5: 0.35 | Y5: 0.35 | Z5: 0.35 | AA5: 0.35 | AB5: 0.35 | AC5: 0.35 | AD5: 0.35 | AE5: 0.35 | AF5: 0.35 | AG5: 0.38 | AH5: 0.38 | AI5: Yes | AJ5: Yes | AK5: Yes
A6: IHVEN93018 | B6: L | C6: Industrial | D6: HVAC | E6: Envelope | F6: Air Sealing | G6: I-All-SecTotal-All-All-All-E | H6: 30 | I6: 0.7 | J6: 0.9016046 | K6: 0.12 | L6: 0.27 | M6: 0.27 | N6: 0.27 | O6: 0.25 | P6: 0.25 | Q6: 0.25 | R6: 0.35 | S6: 0.35 | T6: 0.35 | U6: 0.35 | V6: 0.35 | W6: 0.35 | X6: 0.35 | Y6: 0.35 | Z6: 0.35 | AA6: 0.35 | AB6: 0.35 | AC6: 0.35 | AD6: 0.35 | AE6: 0.35 | AF6: 0.35 | AG6: 0.38 | AH6: 0.38 | AI6: Yes | AJ6: Yes | AK6: Yes
A7: RHVEN81007 | B7: R | C7: Residential | D7: HVAC | E7: Envelope | F7: Air Sealing | G7: R-All-HVAC-ER-All-All-E | H7: 15 | I7: 0.7 | J7: 0.73008569 | K7: 0.2 | L7: 0.27 | M7: 0.27 | N7: 0.27 | O7: 0.27 | P7: 0.27 | Q7: 0.27 | R7: 0.2 | S7: 0.2 | T7: 0.2 | U7: 0.2 | V7: 0.2 | W7: 0.2 | X7: 0.2 | Y7: 0.2 | Z7: 0.2 | AA7: 0.2 | AB7: 0.2 | AC7: 0.2 | AD7: 0.2 | AE7: 0.2 | AF7: 0.2 | AG7: 0.33 | AH7: 0.33 | AI7: Yes | AJ7: Yes | AK7: Yes
A8: RHVEN91007 | B8: L | C8: Residential | D8: HVAC | E8: Envelope | F8: Air Sealing | G8: R-All-HVAC-ER-All-All-E | H8: 15 | I8: 0.7 | J8: 0.73008569 | K8: 0.2 | L8: 0.27 | M8: 0.27 | N8: 0.27 | O8: 0.27 | P8: 0.27 | Q8: 0.27 | R8: 0.27 | S8: 0.27 | T8: 0.27 | U8: 0.27 | V8: 0.27 | W8: 0.27 | X8: 0.27 | Y8: 0.27 | Z8: 0.27 | AA8: 0.27 | AB8: 0.27 | AC8: 0.27 | AD8: 0.27 | AE8: 0.27 | AF8: 0.27 | AG8: 0.33 | AH8: 0.33 | AI8: Yes | AJ8: Yes | AK8: Yes
A9: CHVHI82025 | B9: R | C9: Commercial | D9: HVAC | E9: HVAC System Improvements | F9: Air-Source Heat Pumps | G9: Commercial-All Com-Vent | H9: 15 | I9: 0.7 | J9: 0.59221964 | K9: 0.13 | L9: 0.2 | M9: 0.2 | N9: 0.2 | O9: 0.2 | P9: 0.2 | Q9: 0.2 | R9: 0.2 | S9: 0.2 | T9: 0.2 | U9: 0.2 | V9: 0.2 | W9: 0.2 | X9: 0.2 | Y9: 0.2 | Z9: 0.2 | AA9: 0.2 | AB9: 0.2 | AC9: 0.2 | AD9: 0.23 | AE9: 0.23 | AF9: 0.23 | AG9: 0.33 | AH9: 0.33 | AI9: Yes | AJ9: Yes | AK9: Yes
A10: CHVHI92025 | B10: L | C10: Commercial | D10: HVAC | E10: HVAC System Improvements | F10: Air-Source Heat Pumps | G10: Commercial-All Com-Vent | H10: 15 | I10: 0.7 | J10: 0.59221964 | K10: 0.2 | L10: 0.27 | M10: 0.27 | N10: 0.27 | O10: 0.27 | P10: 0.27 | Q10: 0.27 | R10: 0.27 | S10: 0.27 | T10: 0.27 | U10: 0.27 | V10: 0.27 | W10: 0.27 | X10: 0.27 | Y10: 0.27 | Z10: 0.27 | AA10: 0.27 | AB10: 0.27 | AC10: 0.27 | AD10: 0.31 | AE10: 0.31 | AF10: 0.31 | AG10: 0.33 | AH10: 0.33 | AI10: Yes | AJ10: Yes | AK10: Yes
A11: IHVHI83028 | B11: R | C11: Industrial | D11: HVAC | E11: HVAC System Improvements | F11: Air-Source Heat Pumps | G11: I-All-SecTotal-All-All-All-E | H11: 15 | I11: 0.7 | J11: 0.62699629 | K11: 0.12 | L11: 0.17 | M11: 0.17 | N11: 0.25 | O11: 0.25 | P11: 0.25 | Q11: 0.25 | R11: 0.25 | S11: 0.25 | T11: 0.25 | U11: 0.25 | V11: 0.25 | W11: 0.25 | X11: 0.25 | Y11: 0.25 | Z11: 0.25 | AA11: 0.25 | AB11: 0.25 | AC11: 0.25 | AD11: 0.25 | AE11: 0.25 | AF11: 0.25 | AG11: 0.33 | AH11: 0.33 | AI11: Yes | AJ11: Yes | AK11: Yes
A12: IHVHI93028 | B12: L | C12: Industrial | D12: HVAC | E12: HVAC System Improvements | F12: Air-Source Heat Pumps | G12: I-All-SecTotal-All-All-All-E | H12: 15 | I12: 0.7 | J12: 0.62699629 | K12: 0.12 | L12: 0.27 | M12: 0.27 | N12: 0.27 | O12: 0.25 | P12: 0.25 | Q12: 0.25 | R12: 0.25 | S12: 0.25 | T12: 0.25 | U12: 0.25 | V12: 0.25 | W12: 0.25 | X12: 0.25 | Y12: 0.25 | Z12: 0.25 | AA12: 0.25 | AB12: 0.25 | AC12: 0.25 | AD12: 0.25 | AE12: 0.25 | AF12: 0.25 | AG12: 0.33 | AH12: 0.33 | AI12: Yes | AJ12: Yes | AK12: Yes
A13: RHVHS81002 | B13: R | C13: Residential | D13: HVAC | E13: HVAC System | F13: Air-Source Heat Pumps w/Duct Sealing | G13: R-All-HVAC-ASHP-All-All-E | H13: 20 | I13: 0.7 | J13: 0.90105369 | K13: 0.2 | L13: 0.27 | M13: 0.27 | N13: 0.27 | O13: 0.27 | P13: 0.27 | Q13: 0.27 | R13: 0.35 | S13: 0.35 | T13: 0.35 | U13: 0.35 | V13: 0.35 | W13: 0.35 | X13: 0.35 | Y13: 0.35 | Z13: 0.35 | AA13: 0.35 | AB13: 0.35 | AC13: 0.35 | AD13: 0.35 | AE13: 0.35 | AF13: 0.35 | AG13: 0.38 | AH13: 0.38 | AI13: Yes | AJ13: Yes | AK13: Yes
A14: RHVHS91002 | B14: L | C14: Residential | D14: HVAC | E14: HVAC System | F14: Air-Source Heat Pumps w/Duct Sealing | G14: R-All-HVAC-ASHP-All-All-E | H14: 20 | I14: 0.7 | J14: 0.90105369 | K14: 0.2 | L14: 0.27 | M14: 0.27 | N14: 0.27 | O14: 0.27 | P14: 0.27 | Q14: 0.27 | R14: 0.35 | S14: 0.35 | T14: 0.35 | U14: 0.35 | V14: 0.35 | W14: 0.35 | X14: 0.35 | Y14: 0.35 | Z14: 0.35 | AA14: 0.35 | AB14: 0.35 | AC14: 0.35 | AD14: 0.35 | AE14: 0.35 | AF14: 0.35 | AG14: 0.38 | AH14: 0.38 | AI14: Yes | AJ14: Yes | AK14: Yes
... A16: RHVHS91003 | B16: L | C16: Residential | D16: HVAC | E16: HVAC System | F16: Air-Source Heat Pumps w/o Duct Sealing | G16: R-All-HVAC-ASHP-All-All-E | H16: 20 | I16: 0.7 | J16: 0.90105369 | K16: 0.2 | L16: 0.27 | M16: 0.27 | N16: 0.27 | O16: 0.27 | P16: 0.27 | Q16: 0.27 | R16: 0.35 | S16: 0.35 | T16: 0.35 | U16: 0.35 | V16: 0.35 | W16: 0.35 | X16: 0.35 | Y16: 0.35 | Z16: 0.35 | AA16: 0.35 | AB16: 0.35 | AC16: 0.35 | AD16: 0.35 | AE16: 0.35 | AF16: 0.35 | AG16: 0.38 | AH16: 0.38 | AI16: Yes | AJ16: Yes | AK16: Yes
A17: IHVHI83183 | B17: R | C17: Industrial | D17: HVAC | E17: HVAC System Improvements | F17: Air-Source Industrial Heat Pump | G17: I-All-SecTotal-All-All-All-E | H17: 15 | I17: 0.7 | J17: 0.62699629 | K17: NA | L17: NA | M17: NA | N17: NA | O17: NA | P17: NA | Q17: NA | R17: NA | S17: NA | T17: NA | U17: NA | V17: NA | W17: NA | X17: NA | Y17: NA | Z17: NA | AA17: NA | AB17: NA | AC17: NA | AD17: NA | AE17: NA | AF17: NA | AG17: NA | AH17: 0.33 | AI17: Yes | AJ17: Yes | AK17: Yes
A18: IHVHI93183 | B18: L | C18: Industrial | D18: HVAC | E18: HVAC System Improvements | F18: Air-Source Industrial Heat Pump | G18: I-All-SecTotal-All-All-All-E | H18: 15 | I18: 0.7 | J18: 0.62699629 | K18: NA | L18: NA | M18: NA | N18: NA | O18: NA | P18: NA | Q18: NA | R18: NA | S18: NA | T18: NA | U18: NA | V18: NA | W18: NA | X18: NA | Y18: NA | Z18: NA | AA18: NA | AB18: NA | AC18: NA | AD18: NA | AE18: NA | AF18: NA | AG18: NA | AH18: 0.33 | AI18: Yes | AJ18: Yes | AK18: Yes
A19: IPLHR83184 | B19: R | C19: Industrial | D19: Process Loads | E19: Heat Recovery | F19: Air-Source Industrial Heat Pump | G19: I-All-SecTotal-All-All-All-E | H19: 15 | I19: 0.7 | J19: 0.62699629 | K19: NA | L19: NA | M19: NA | N19: NA | O19: NA | P19: NA | Q19: NA | R19: NA | S19: NA | T19: NA | U19: NA | V19: NA | W19: NA | X19: NA | Y19: NA | Z19: NA | AA19: NA | AB19: NA | AC19: NA | AD19: NA | AE19: NA | AF19: NA | AG19: NA | AH19: 0.33 | AI19: Yes | AJ19: Yes | AK19: Yes
A20: IPLHR93184 | B20: L | C20: Industrial | D20: Process Loads | E20: Heat Recovery | F20: Air-Source Industrial Heat Pump | G20: I-All-SecTotal-All-All-All-E | H20: 15 | I20: 0.7 | J20: 0.62699629 | K20: NA | L20: NA | M20: NA | N20: NA | O20: NA | P20: NA | Q20: NA | R20: NA | S20: NA | T20: NA | U20: NA | V20: NA | W20: NA | X20: NA | Y20: NA | Z20: NA | AA20: NA | AB20: NA | AC20: NA | AD20: NA | AE20: NA | AF20: NA | AG20: NA | AH20: 0.33 | AI20: Yes | AJ20: Yes | AK20: Yes
A21: IWHHR83185 | B21: R | C21: Industrial | D21: Water Heating | E21: Heat Recovery | F21: Air-Source Industrial Heat Pump | G21: I-All-SecTotal-All-All-All-E | H21: 15 | I21: 0.7 | J21: 0.62699629 | K21: NA | L21: NA | M21: NA | N21: NA | O21: NA | P21: NA | Q21: NA | R21: NA | S21: NA | T21: NA | U21: NA | V21: NA | W21: NA | X21: NA | Y21: NA | Z21: NA | AA21: NA | AB21: NA | AC21: NA | AD21: NA | AE21: NA | AF21: NA | AG21: NA | AH21: 0.33 | AI21: Yes | AJ21: Yes | AK21: Yes
A22: IWHHR93185 | B22: L | C22: Industrial | D22: Water Heating | E22: Heat Recovery | F22: Air-Source Industrial Heat Pump | G22: I-All-SecTotal-All-All-All-E | H22: 15 | I22: 0.7 | J22: 0.62699629 | K22: NA | L22: NA | M22: NA | N22: NA | O22: NA | P22: NA | Q22: NA | R22: NA | S22: NA | T22: NA | U22: NA | V22: NA | W22: NA | X22: NA | Y22: NA | Z22: NA | AA22: NA | AB22: NA | AC22: NA | AD22: NA | AE22: NA | AF22: NA | AG22: NA | AH22: 0.33 | AI22: Yes | AJ22: Yes | AK22: Yes
A23: RWBWB81001 | B23: R | C23: Residential | D23: Whole Bldg/Meter Level | E23: Whole Bldg/Meter Level System Improvements | F23: Behavioral | G23: R-All-Bld-Bldg-All-All-R | H23: 1 | I23: 0.7 | J23: 0.070967134 | K23: NA | L23: NA | M23: NA | N23: NA | O23: NA | P23: NA | Q23: NA | R23: NA | S23: NA | T23: NA | U23: NA | V23: NA | W23: NA | X23: NA | Y23: NA | Z23: NA | AA23: 0.025 | AB23: 0.025 | AC23: 0.025 | AD23: 0.025 | AE23: 0.025 | AF23: 0.025 | AG23: 0.025 | AH23: 0.025 | AK23: Yes
A24: RWBWB91001 | B24: L | C24: Residential | D24: Whole Bldg/Meter Level | E24: Whole Bldg/Meter Level System Improvements | F24: Behavioral | G24: R-All-Bld-Bldg-All-All-R | H24: 1 | I24: 0.7 | J24: 0.070967134 | K24: NA | L24: NA | M24: NA | N24: NA | O24: NA | P24: NA | Q24: NA | R24: NA | S24: NA | T24: NA | U24: NA | V24: NA | W24: NA | X24: NA | Y24: NA | Z24: NA | AA24: 0.025 | AB24: 0.025 | AC24: 0.025 | AD24: 0.025 | AE24: 0.025 | AF24: 0.025 | AG24: 0.025 | AH24: 0.025 | AK24: Yes
A25: IPLPF83097 | B25: R | C25: Industrial | D25: Process Loads | E25: Pumps and Fans | F25: Blower System Improvements | G25: I-All-SecTotal-All-All-All-E | H25: 10 | I25: 0.7 | J25: 0.45890208 | K25: 0.2 | L25: 0.27 | M25: 0.27 | N25: 0.27 | O25: 0.27 | P25: 0.27 | Q25: 0.27 | R25: 0.25 | S25: 0.25 | T25: 0.25 | U25: 0.25 | V25: 0.25 | W25: 0.25 | X25: 0.25 | Y25: 0.25 | Z25: 0.25 | AA25: 0.25 | AB25: 0.25 | AC25: 0.25 | AD25: 0.25 | AE25: 0.25 | AF25: 0.25 | AG25: 0.33 | AH25: 0.33 | AI25: Yes | AJ25: Yes | AK25: Yes
A26: IPLPF93097 | B26: L | C26: Industrial | D26: Process Loads | E26: Pumps and Fans | F26: Blower System Improvements | G26: I-All-SecTotal-All-All-All-E | H26: 10 | I26: 0.7 | J26: 0.45890208 | K26: 0.2 | L26: 0.27 | M26: 0.27 | N26: 0.27 | O26: 0.27 | P26: 0.27 | Q26: 0.27 | R26: 0.25 | S26: 0.25 | T26: 0.25 | U26: 0.25 | V26: 0.25 | W26: 0.25 | X26: 0.25 | Y26: 0.25 | Z26: 0.25 | AA26: 0.25 | AB26: 0.25 | AC26: 0.25 | AD26: 0.25 | AE26: 0.25 | AF26: 0.25 | AG26: 0.33 | AH26: 0.33 | AI26: Yes | AJ26: Yes | AK26: Yes
A27: CHVHI82026 | B27: R | C27: Commercial | D27: HVAC | E27: HVAC System Improvements | F27: Building Commissioning Improvements | G27: Commercial-All Com-Vent | H27: 15 | I27: 0.7 | J27: 0.59221964 | K27: 0.13 | L27: 0.2 | M27: 0.2 | N27: 0.2 | O27: 0.2 | P27: 0.2 | Q27: 0.2 | R27: 0.2 | S27: 0.2 | T27: 0.2 | U27: 0.2 | V27: 0.2 | W27: 0.2 | X27: 0.2 | Y27: 0.2 | Z27: 0.2 | AA27: 0.2 | AB27: 0.2 | AC27: 0.2 | AD27: 0.23 | AE27: 0.23 | AF27: 0.23 | AG27: 0.33 | AH27: 0.33 | AI27: Yes | AJ27: Yes | AK27: Yes
A28: CHVHI92026 | B28: L | C28: Commercial | D28: HVAC | E28: HVAC System Improvements | F28: Building Commissioning Improvements | G28: Commercial-All Com-Vent | H28: 15 | I28: 0.7 | J28: 0.59221964 | K28: 0.2 | L28: 0.27 | M28: 0.27 | N28: 0.27 | O28: 0.27 | P28: 0.27 | Q28: 0.27 | R28: 0.27 | S28: 0.27 | T28: 0.27 | U28: 0.27 | V28: 0.27 | W28: 0.27 | X28: 0.27 | Y28: 0.27 | Z28: 0.27 | AA28: 0.27 | AB28: 0.27 | AC28: 0.27 | AD28: 0.31 | AE28: 0.31 | AF28: 0.31 | AG28: 0.33 | AH28: 0.33 | AI28: Yes | AJ28: Yes | AK28: Yes
A29: CRERI82082 | B29: R | C29: Commercial | D29: Refrigeration | E29: Refrigeration System Improvements | F29: Building Commissioning Improvements | G29: C-All-Ref-Refrig-All-All-C | H29: 15 | I29: 0.7 | J29: 0.62860243 | K29: 0.13 | L29: 0.2 | M29: 0.2 | N29: 0.2 | O29: 0.2 | P29: 0.2 | Q29: 0.2 | R29: 0.2 | S29: 0.2 | T29: 0.2 | U29: 0.2 | V29: 0.2 | W29: 0.2 | X29: 0.2 | Y29: 0.2 | Z29: 0.2 | AA29: 0.2 | AB29: 0.2 | AC29: 0.2 | AD29: 0.2 | AE29: 0.2 | AF29: 0.2 | AG29: 0.33 | AH29: 0.33 | AI29: Yes | AJ29: Yes | AK29: Yes
A30: CRERI92082 | B30: L | C30: Commercial | D30: Refrigeration | E30: Refrigeration System Improvements | F30: Building Commissioning Improvements | G30: C-All-Ref-Refrig-All-All-C | H30: 15 | I30: 0.7 | J30: 0.62860243 | K30: 0.2 | L30: 0.27 | M30: 0.27 | N30: 0.27 | O30: 0.27 | P30: 0.27 | Q30: 0.27 | R30: 0.27 | S30: 0.27 | T30: 0.27 | U30: 0.27 | V30: 0.27 | W30: 0.27 | X30: 0.27 | Y30: 0.27 | Z30: 0.27 | AA30: 0.27 | AB30: 0.27 | AC30: 0.27 | AD30: 0.27 | AE30: 0.27 | AF30: 0.27 | AG30: 0.33 | AH30: 0.33 | AI30: Yes | AJ30: Yes | AK30: Yes
A31: CWBWB82128 | B31: R | C31: Commercial | D31: Whole Bldg/Meter Level | E31: Whole Bldg/Meter Level System Improvements | F31: Building Commissioning Improvements | G31: C-All-SecTotal-ER-All-All-E | H31: 3 | I31: 0.7 | J31: 0.17866649 | K31: NA | L31: NA | M31: NA | N31: NA | O31: NA | P31: NA | Q31: NA | R31: NA | S31: NA | T31: NA | U31: NA | V31: NA | W31: NA | X31: NA | Y31: NA | Z31: NA | AA31: NA | AB31: 0.05 | AC31: 0.05 | AD31: 0.05 | AE31: 0.05 | AF31: 0.05 | AG31: 0.06 | AH31: 0.06 | AI31: Yes | AJ31: Yes | AK31: Yes
A32: CWBWB92128 | B32: L | C32: Commercial | D32: Whole Bldg/Meter Level | E32: Whole Bldg/Meter Level System Improvements | F32: Building Commissioning Improvements | G32: C-All-SecTotal-ER-All-All-E | H32: 3 | I32: 0.7 | J32: 0.17866649 | K32: 0.13 | L32: 0.2 | M32: 0.2 | N32: 0.2 | O32: 0.2 | P32: 0.2 | Q32: 0.2 | R32: 0.2 | S32: 0.2 | T32: 0.2 | U32: 0.2 | V32: 0.2 | W32: 0.2 | X32: 0.2 | Y32: 0.2 | Z32: 0.2 | AA32: 0.2 | AB32: 0.2 | AC32: 0.2 | AD32: 0.2 | AE32: 0.2 | AF32: 0.2 | AG32: 0.06 | AH32: 0.06 | AI32: Yes | AJ32: Yes | AK32: Yes
A33: IHVHI83029 | B33: R | C33: Industrial | D33: HVAC | E33: HVAC System Improvements | F33: Building Commissioning Improvements | G33: I-All-SecTotal-All-All-All-E | H33: 15 | I33: 0.7 | J33: 0.62699629 | K33: 0.12 | L33: 0.17 | M33: 0.17 | N33: 0.25 | O33: 0.25 | P33: 0.25 | Q33: 0.25 | R33: 0.25 | S33: 0.25 | T33: 0.25 | U33: 0.25 | V33: 0.25 | W33: 0.25 | X33: 0.25 | Y33: 0.25 | Z33: 0.25 | AA33: 0.25 | AB33: 0.25 | AC33: 0.25 | AD33: 0.25 | AE33: 0.25 | AF33: 0.25 | AG33: 0.33 | AH33: 0.33 | AI33: Yes | AJ33: Yes | AK33: Yes
A34: IHVHI93029 | B34: L | C34: Industrial | D34: HVAC | E34: HVAC System Improvements | F34: Building Commissioning Improvements | G34: I-All-SecTotal-All-All-All-E | H34: 15 | I34: 0.7 | J34: 0.62699629 | K34: 0.12 | L34: 0.27 | M34: 0.27 | N34: 0.27 | O34: 0.25 | P34: 0.25 | Q34: 0.25 | R34: 0.25 | S34: 0.25 | T34: 0.25 | U34: 0.25 | V34: 0.25 | W34: 0.25 | X34: 0.25 | Y34: 0.25 | Z34: 0.25 | AA34: 0.25 | AB34: 0.25 | AC34: 0.25 | AD34: 0.25 | AE34: 0.25 | AF34: 0.25 | AG34: 0.33 | AH34: 0.33 | AI34: Yes | AJ34: Yes | AK34: Yes
A35: IRERI83081 | B35: R | C35: Industrial | D35: Refrigeration | E35: Refrigeration System Improvements | F35: Building Commissioning Improvements | G35: C-All-Ref-Refrig-All-All-C | H35: 15 | I35: 0.7 | J35: 0.62860243 | K35: 0.2 | L35: 0.27 | M35: 0.27 | N35: 0.27 | O35: 0.27 | P35: 0.27 | Q35: 0.27 | R35: 0.25 | S35: 0.25 | T35: 0.25 | U35: 0.25 | V35: 0.25 | W35: 0.25 | X35: 0.25 | Y35: 0.25 | Z35: 0.25 | AA35: 0.25 | AB35: 0.25 | AC35: 0.25 | AD35: 0.25 | AE35: 0.25 | AF35: 0.25 | AG35: 0.33 | AH35: NA | AI35: Yes | AJ35: Yes | AK35: Yes
A36: IRERI93081 | B36: L | C36: Industrial | D36: Refrigeration | E36: Refrigeration System Improvements | F36: Building Commissioning Improvements | G36: C-All-Ref-Refrig-All-All-C | H36: 15 | I36: 0.7 | J36: 0.62860243 | K36: 0.2 | L36: 0.27 | M36: 0.27 | N36: 0.27 | O36: 0.27 | P36: 0.27 | Q36: 0.27 | R36: 0.25 | S36: 0.25 | T36: 0.25 | U36: 0.25 | V36: 0.25 | W36: 0.25 | X36: 0.25 | Y36: 0.25 | Z36: 0.25 | AA36: 0.25 | AB36: 0.25 | AC36: 0.25 | AD36: 0.25 | AE36: 0.25 | AF36: 0.25 | AG36: 0.33 | AH36: NA | AI36: Yes | AJ36: Yes | AK36: Yes
A37: AIRCP84012 | B37: R | C37: Agricultural | D37: Irrigation | E37: Center Pivot System and Equipment | F37: Center Pivot Conversions | G37: A-Irr-Irr-Irrigation-All-All-E | H37: 10 | I37: 0.7 | J37: 0.46921265 | K37: 0.15 | L37: 0.2 | M37: 0.2 | N37: 0.2 | O37: 0.25 | P37: 0.25 | Q37: 0.25 | R37: 0.25 | S37: 0.25 | T37: 0.25 | U37: 0.25 | V37: 0.25 | W37: 0.25 | X37: 0.25 | Y37: 0.25 | Z37: 0.25 | AA37: 0.25 | AB37: 0.25 | AC37: 0.25 | AD37: 0.25 | AE37: 0.25 | AF37: 0.25 | AG37: 0.33 | AH37: 0.33 | AI37: Yes | AJ37: Yes | AK37: Yes
A38: AIRCP94012 | B38: L | C38: Agricultural | D38: Irrigation | E38: Center Pivot System and Equipment | F38: Center Pivot Conversions | G38: A-Irr-Irr-Irrigation-All-All-E | H38: 10 | I38: 0.7 | J38: 0.46921265 | K38: 0.15 | L38: 0.27 | M38: 0.27 | N38: 0.27 | O38: 0.27 | P38: 0.27 | Q38: 0.27 | R38: 0.27 | S38: 0.27 | T38: 0.27 | U38: 0.27 | V38: 0.27 | W38: 0.27 | X38: 0.27 | Y38: 0.27 | Z38: 0.27 | AA38: 0.27 | AB38: 0.27 | AC38: 0.27 | AD38: 0.27 | AE38: 0.27 | AF38: 0.27 | AG38: 0.33 | AH38: 0.33 | AI38: Yes | AJ38: Yes | AK38: Yes
A39: CHVHI82027 | B39: R | C39: Commercial | D39: HVAC | E39: HVAC System Improvements | F39: Centrifugal Chiller Improvements | G39: Commercial-All Com-Cool | H39: 20 | I39: 0.7 | J39: 0.70116811 | K39: 0.13 | L39: 0.2 | M39: 0.2 | N39: 0.2 | O39: 0.2 | P39: 0.2 | Q39: 0.2 | R39: 0.2 | S39: 0.2 | T39: 0.2 | U39: 0.2 | V39: 0.2 | W39: 0.2 | X39: 0.2 | Y39: 0.2 | Z39: 0.2 | AA39: 0.2 | AB39: 0.2 | AC39: 0.2 | AD39: 0.23 | AE39: 0.23 | AF39: 0.23 | AG39: 0.33 | AH39: 0.38 | AI39: Yes | AJ39: Yes | AK39: Yes
A40: CHVHI92027 | B40: L | C40: Commercial | D40: HVAC | E40: HVAC System Improvements | F40: Centrifugal Chiller Improvements | G40: Commercial-All Com-Cool | H40: 20 | I40: 0.7 | J40: 0.70116811 | K40: 0.2 | L40: 0.27 | M40: 0.27 | N40: 0.27 | O40: 0.27 | P40: 0.27 | Q40: 0.27 | R40: 0.27 | S40: 0.27 | T40: 0.27 | U40: 0.27 | V40: 0.27 | W40: 0.27 | X40: 0.27 | Y40: 0.27 | Z40: 0.27 | AA40: 0.27 | AB40: 0.27 | AC40: 0.27 | AD40: 0.31 | AE40: 0.31 | AF40: 0.31 | AG40: 0.33 | AH40: 0.38 | AI40: Yes | AJ40: Yes | AK40: Yes
A41: IHVHI83030 | B41: R | C41: Industrial | D41: HVAC | E41: HVAC System Improvements | F41: Centrifugal Chiller Improvements | G41: I-All-SecTotal-All-All-All-E | H41: 20 | I41: 0.7 | J41: 0.74901333 | K41: 0.12 | L41: 0.17 | M41: 0.17 | N41: 0.25 | O41: 0.25 | P41: 0.25 | Q41: 0.25 | R41: 0.25 | S41: 0.25 | T41: 0.25 | U41: 0.25 | V41: 0.25 | W41: 0.25 | X41: 0.25 | Y41: 0.25 | Z41: 0.25 | AA41: 0.25 | AB41: 0.25 | AC41: 0.25 | AD41: 0.25 | AE41: 0.25 | AF41: 0.25 | AG41: 0.33 | AH41: 0.38 | AI41: Yes | AJ41: Yes | AK41: Yes
A42: IHVHI93030 | B42: L | C42: Industrial | D42: HVAC | E42: HVAC System Improvements | F42: Centrifugal Chiller Improvements | G42: I-All-SecTotal-All-All-All-E | H42: 20 | I42: 0.7 | J42: 0.74901333 | K42: 0.12 | L42: 0.27 | M42: 0.27 | N42: 0.27 | O42: 0.25 | P42: 0.25 | Q42: 0.25 | R42: 0.25 | S42: 0.25 | T42: 0.25 | U42: 0.25 | V42: 0.25 | W42: 0.25 | X42: 0.25 | Y42: 0.25 | Z42: 0.25 | AA42: 0.25 | AB42: 0.25 | AC42: 0.25 | AD42: 0.25 | AE42: 0.25 | AF42: 0.25 | AG42: 0.33 | AH42: 0.38 | AI42: Yes | AJ42: Yes | AK42: Yes
A43: AIRPF84038 | B43: R | C43: Agricultural | D43: Irrigation | E43: Pumps and Fans | F43: Centrifugal Pump System Improvements | G43: A-Irr-Irr-Irrigation-All-All-E | H43: 10 | I43: 0.7 | J43: 0.46921265 | K43: 0.15 | L43: 0.2 | M43: 0.2 | N43: 0.2 | O43: 0.25 | P43: 0.25 | Q43: 0.25 | R43: 0.25 | S43: 0.25 | T43: 0.25 | U43: 0.25 | V43: 0.25 | W43: 0.25 | X43: 0.25 | Y43: 0.25 | Z43: 0.25 | AA43: 0.25 | AB43: 0.25 | AC43: 0.25 | AD43: 0.25 | AE43: 0.25 | AF43: 0.25 | AG43: 0.33 | AH43: 0.33 | AI43: Yes | AJ43: Yes | AK43: Yes
A44: AIRPF94038 | B44: L | C44: Agricultural | D44: Irrigation | E44: Pumps and Fans | F44: Centrifugal Pump System Improvements | G44: A-Irr-Irr-Irrigation-All-All-E | H44: 10 | I44: 0.7 | J44: 0.46921265 | K44: 0.15 | L44: 0.27 | M44: 0.27 | N44: 0.27 | O44: 0.27 | P44: 0.27 | Q44: 0.27 | R44: 0.27 | S44: 0.27 | T44: 0.27 | U44: 0.27 | V44: 0.27 | W44: 0.27 | X44: 0.27 | Y44: 0.27 | Z44: 0.27 | AA44: 0.27 | AB44: 0.27 | AC44: 0.27 | AD44: 0.27 | AE44: 0.27 | AF44: 0.27 | AG44: 0.33 | AH44: 0.33 | AI44: Yes | AJ44: Yes | AK44: Yes
A45: CPLPF82068 | B45: R | C45: Commercial | D45: Process Loads | E45: Pumps and Fans | F45: Centrifugal Pump System Improvements | G45: Commercial-All Com-Vent | H45: 10 | I45: 0.7 | J45: 0.43297208 | K45: 0.13 | L45: 0.2 | M45: 0.2 | N45: 0.2 | O45: 0.2 | P45: 0.2 | Q45: 0.2 | R45: 0.2 | S45: 0.2 | T45: 0.2 | U45: 0.2 | V45: 0.2 | W45: 0.2 | X45: 0.2 | Y45: 0.2 | Z45: 0.2 | AA45: 0.2 | AB45: 0.2 | AC45: 0.2 | AD45: 0.2 | AE45: 0.2 | AF45: 0.2 | AG45: 0.33 | AH45: 0.33 | AI45: Yes | AJ45: Yes | AK45: Yes
A46: CPLPF92068 | B46: L | C46: Commercial | D46: Process Loads | E46: Pumps and Fans | F46: Centrifugal Pump System Improvements | G46: Commercial-All Com-Vent | H46: 10 | I46: 0.7 | J46: 0.43297208 | K46: 0.2 | L46: 0.27 | M46: 0.27 | N46: 0.27 | O46: 0.27 | P46: 0.27 | Q46: 0.27 | R46: 0.27 | S46: 0.27 | T46: 0.27 | U46: 0.27 | V46: 0.27 | W46: 0.27 | X46: 0.27 | Y46: 0.27 | Z46: 0.27 | AA46: 0.27 | AB46: 0.27 | AC46: 0.27 | AD46: 0.27 | AE46: 0.27 | AF46: 0.27 | AG46: 0.33 | AH46: 0.33 | AI46: Yes | AJ46: Yes | AK46: Yes
A47: IPLPF83067 | B47: R | C47: Industrial | D47: Process Loads | E47: Pumps and Fans | F47: Centrifugal Pump System Improvements | G47: I-All-SecTotal-All-All-All-E | H47: 10 | I47: 0.7 | J47: 0.45890208 | K47: 0.2 | L47: 0.27 | M47: 0.27 | N47: 0.27 | O47: 0.27 | P47: 0.27 | Q47: 0.27 | R47: 0.25 | S47: 0.25 | T47: 0.25 | U47: 0.25 | V47: 0.25 | W47: 0.25 | X47: 0.25 | Y47: 0.25 | Z47: 0.25 | AA47: 0.25 | AB47: 0.25 | AC47: 0.25 | AD47: 0.25 | AE47: 0.25 | AF47: 0.25 | AG47: 0.33 | AH47: 0.33 | AI47: Yes | AJ47: Yes | AK47: Yes
A48: IPLPF93067 | B48: L | C48: Industrial | D48: Process Loads | E48: Pumps and Fans | F48: Centrifugal Pump System Improvements | G48: I-All-SecTotal-All-All-All-E | H48: 10 | I48: 0.7 | J48: 0.45890208 | K48: 0.2 | L48: 0.27 | M48: 0.27 | N48: 0.27 | O48: 0.27 | P48: 0.27 | Q48: 0.27 | R48: 0.25 | S48: 0.25 | T48: 0.25 | U48: 0.25 | V48: 0.25 | W48: 0.25 | X48: 0.25 | Y48: 0.25 | Z48: 0.25 | AA48: 0.25 | AB48: 0.25 | AC48: 0.25 | AD48: 0.25 | AE48: 0.25 | AF48: 0.25 | AG48: 0.33 | AH48: 0.33 | AI48: Yes | AJ48: Yes | AK48: Yes
... A56: CRERI92083 | B56: L | C56: Commercial | D56: Refrigeration | E56: Refrigeration System Improvements | F56: Chiller Improvements | G56: C-All-Ref-Refrig-All-All-C | H56: 15 | I56: 0.7 | J56: 0.62860243 | K56: 0.2 | L56: 0.27 | M56: 0.27 | N56: 0.27 | O56: 0.27 | P56: 0.27 | Q56: 0.27 | R56: 0.27 | S56: 0.27 | T56: 0.27 | U56: 0.27 | V56: 0.27 | W56: 0.27 | X56: 0.27 | Y56: 0.27 | Z56: 0.27 | AA56: 0.27 | AB56: 0.27 | AC56: 0.27 | AD56: 0.27 | AE56: 0.27 | AF56: 0.27 | AG56: 0.33 | AH56: 0.33 | AI56: Yes | AJ56: Yes | AK56: Yes
A57: IPLPX83186 | B57: R | C57: Industrial | D57: Process Loads | E57: Process Load Cooling | F57: Chiller Improvements | G57: I-All-SecTotal-All-All-All-E | H57: 20 | I57: 0.7 | J57: 0.74901333 | K57: NA | L57: NA | M57: NA | N57: NA | O57: NA | P57: NA | Q57: NA | R57: NA | S57: NA | T57: NA | U57: NA | V57: NA | W57: NA | X57: NA | Y57: NA | Z57: NA | AA57: NA | AB57: NA | AC57: NA | AD57: NA | AE57: NA | AF57: NA | AG57: NA | AH57: 0.38 | AI57: Yes | AJ57: Yes | AK57: Yes
A58: IPLPX93186 | B58: L | C58: Industrial | D58: Process Loads | E58: Process Load Cooling | F58: Chiller Improvements | G58: I-All-SecTotal-All-All-All-E | H58: 20 | I58: 0.7 | J58: 0.74901333 | K58: NA | L58: NA | M58: NA | N58: NA | O58: NA | P58: NA | Q58: NA | R58: NA | S58: NA | T58: NA | U58: NA | V58: NA | W58: NA | X58: NA | Y58: NA | Z58: NA | AA58: NA | AB58: NA | AC58: NA | AD58: NA | AE58: NA | AF58: NA | AG58: NA | AH58: 0.38 | AI58: Yes | AJ58: Yes | AK58: Yes
A59: IRERI83082 | B59: R | C59: Industrial | D59: Refrigeration | E59: Refrigeration System Improvements | F59: Chiller Improvements | G59: C-All-Ref-Refrig-All-All-C | H59: 15 | I59: 0.7 | J59: 0.62860243 | K59: 0.2 | L59: 0.27 | M59: 0.27 | N59: 0.27 | O59: 0.27 | P59: 0.27 | Q59: 0.27 | R59: 0.25 | S59: 0.25 | T59: 0.25 | U59: 0.25 | V59: 0.25 | W59: 0.25 | X59: 0.25 | Y59: 0.25 | Z59: 0.25 | AA59: 0.25 | AB59: 0.25 | AC59: 0.25 | AD59: 0.25 | AE59: 0.25 | AF59: 0.25 | AG59: 0.33 | AH59: NA | AI59: Yes | AJ59: Yes | AK59: Yes
A60: IRERI93082 | B60: L | C60: Industrial | D60: Refrigeration | E60: Refrigeration System Improvements | F60: Chiller Improvements | G60: C-All-Ref-Refrig-All-All-C | H60: 15 | I60: 0.7 | J60: 0.62860243 | K60: 0.2 | L60: 0.27 | M60: 0.27 | N60: 0.27 | O60: 0.27 | P60: 0.27 | Q60: 0.27 | R60: 0.25 | S60: 0.25 | T60: 0.25 | U60: 0.25 | V60: 0.25 | W60: 0.25 | X60: 0.25 | Y60: 0.25 | Z60: 0.25 | AA60: 0.25 | AB60: 0.25 | AC60: 0.25 | AD60: 0.25 | AE60: 0.25 | AF60: 0.25 | AG60: 0.33 | AH60: NA | AI60: Yes | AJ60: Yes | AK60: Yes
A61: RELPL91001 | B61: L | C61: Residential | D61: Electronics | E61: Plug Load | F61: Clothes Dryers | G61: R-All-Plug-Dryer-All-All-R | H61: 12 | I61: 0.7 | J61: 0.57490639 | K61: NA | L61: NA | M61: NA | N61: NA | O61: NA | P61: NA | Q61: NA | R61: NA | S61: NA | T61: NA | U61: NA | V61: NA | W61: NA | X61: NA | Y61: NA | Z61: NA | AA61: NA | AB61: 0.27 | AC61: 0.27 | AD61: 0.27 | AE61: 0.27 | AF61: 0.27 | AG61: 0.33 | AH61: 0.33 | AI61: Yes | AJ61: Yes | AK61: Yes
A62: RWHWU91001 | B62: L | C62: Residential | D62: Water Heating | E62: Water Using Devices | F62: Clothes Washers | G62: R-All-WH-Cwash-All-All-R | H62: 14 | I62: 0.7 | J62: 0.58927653 | K62: NA | L62: NA | M62: NA | N62: NA | O62: NA | P62: NA | Q62: NA | R62: NA | S62: NA | T62: NA | U62: NA | V62: NA | W62: NA | X62: NA | Y62: NA | Z62: NA | AA62: NA | AB62: 0.27 | AC62: 0.27 | AD62: 0.27 | AE62: 0.27 | AF62: 0.27 | AG62: 0.33 | AH62: 0.33 | AI62: Yes | AJ62: Yes | AK62: Yes
A63: ALILB84100 | B63: R | C63: Agricultural | D63: Lighting | E63: Lamps/Ballasts/Fixtures | F63: Compact Fluorescents | G63: Commercial-All Com-IntLight | H63: 12 | I63: 0.7 | J63: 0.50142386 | K63: 0.2 | L63: 0.27 | M63: 0.27 | N63: 0.27 | O63: 0.27 | P63: 0.27 | Q63: 0.27 | R63: 0.18 | S63: 0.18 | T63: 0.18 | U63: 0.18 | V63: 0.18 | W63: 0.18 | X63: 0.18 | Y63: 0.18 | Z63: 0.18 | AA63: 0.18 | AB63: NA | AC63: NA | AD63: NA | AE63: NA | AF63: NA | AG63: NA | AH63: NA | AI63: Yes | AJ63: Yes
A64: ALILB94100 | B64: L | C64: Agricultural | D64: Lighting | E64: Lamps/Ballasts/Fixtures | F64: Compact Fluorescents | G64: Commercial-All Com-IntLight | H64: 12 | I64: 0.7 | J64: 0.50142386 | K64: 0.2 | L64: 0.27 | M64: 0.27 | N64: 0.27 | O64: 0.27 | P64: 0.27 | Q64: 0.27 | R64: 0.18 | S64: 0.18 | T64: 0.18 | U64: 0.18 | V64: 0.18 | W64: 0.18 | X64: 0.18 | Y64: 0.18 | Z64: 0.18 | AA64: 0.18 | AB64: NA | AC64: NA | AD64: NA | AE64: NA | AF64: NA | AG64: NA | AH64: NA | AI64: Yes | AJ64: Yes
A65: CLILB82105 | B65: R | C65: Commercial | D65: Lighting | E65: Lamps/Ballasts/Fixtures | F65: Compact Fluorescents | G65: Commercial-All Com-IntLight | H65: 12 | I65: 0.7 | J65: 0.50142386 | K65: 0.13 | L65: 0.2 | M65: 0.2 | N65: 0.2 | O65: 0.2 | P65: 0.2 | Q65: 0.2 | R65: 0.18 | S65: 0.18 | T65: 0.18 | U65: 0.18 | V65: 0.18 | W65: 0.18 | X65: 0.18 | Y65: 0.18 | Z65: 0.18 | AA65: 0.18 | AB65: NA | AC65: NA | AD65: NA | AE65: NA | AF65: NA | AG65: NA | AH65: NA | AI65: Yes | AJ65: Yes
A66: CLILB92105 | B66: L | C66: Commercial | D66: Lighting | E66: Lamps/Ballasts/Fixtures | F66: Compact Fluorescents | G66: Commercial-All Com-IntLight | H66: 12 | I66: 0.7 | J66: 0.50142386 | K66: 0.2 | L66: 0.27 | M66: 0.27 | N66: 0.27 | O66: 0.27 | P66: 0.27 | Q66: 0.27 | R66: 0.18 | S66: 0.18 | T66: 0.18 | U66: 0.18 | V66: 0.18 | W66: 0.18 | X66: 0.18 | Y66: 0.18 | Z66: 0.18 | AA66: 0.18 | AB66: NA | AC66: NA | AD66: NA | AE66: NA | AF66: NA | AG66: NA | AH66: NA | AI66: Yes | AJ66: Yes
A67: ILILB83099 | B67: R | C67: Industrial | D67: Lighting | E67: Lamps/Ballasts/Fixtures | F67: Compact Fluorescents | G67: Commercial-All Com-IntLight | H67: 12 | I67: 0.7 | J67: 0.50142386 | K67: 0.2 | L67: 0.27 | M67: 0.27 | N67: 0.27 | O67: 0.27 | P67: 0.27 | Q67: 0.27 | R67: 0.18 | S67: 0.18 | T67: 0.18 | U67: 0.18 | V67: 0.18 | W67: 0.18 | X67: 0.18 | Y67: 0.18 | Z67: 0.18 | AA67: 0.18 | AB67: NA | AC67: NA | AD67: NA | AE67: NA | AF67: NA | AG67: NA | AH67: NA | AI67: Yes | AJ67: Yes
A68: ILILB93099 | B68: L | C68: Industrial | D68: Lighting | E68: Lamps/Ballasts/Fixtures | F68: Compact Fluorescents | G68: Commercial-All Com-IntLight | H68: 12 | I68: 0.7 | J68: 0.50142386 | K68: 0.2 | L68: 0.27 | M68: 0.27 | N68: 0.27 | O68: 0.27 | P68: 0.27 | Q68: 0.27 | R68: 0.18 | S68: 0.18 | T68: 0.18 | U68: 0.18 | V68: 0.18 | W68: 0.18 | X68: 0.18 | Y68: 0.18 | Z68: 0.18 | AA68: 0.18 | AB68: NA | AC68: NA | AD68: NA | AE68: NA | AF68: NA | AG68: NA | AH68: NA | AI68: Yes | AJ68: Yes
A69: ACACC84001 | B69: R | C69: Agricultural | D69: Compressed Air | E69: Compressed Air System Controls | F69: Compressed Air Control Improvements (non-VFD) | G69: FLAT-System | H69: 10 | I69: 0.7 | J69: 0.46104 | K69: 0.15 | L69: 0.2 | M69: 0.2 | N69: 0.2 | O69: 0.25 | P69: 0.25 | Q69: 0.25 | R69: 0.25 | S69: 0.25 | T69: 0.25 | U69: 0.25 | V69: 0.25 | W69: 0.25 | X69: 0.25 | Y69: 0.25 | Z69: 0.25 | AA69: 0.25 | AB69: 0.25 | AC69: 0.25 | AD69: 0.25 | AE69: 0.25 | AF69: 0.25 | AG69: 0.33 | AH69: 0.33 | AI69: Yes | AJ69: Yes | AK69: Yes
A70: ACACC94001 | B70: L | C70: Agricultural | D70: Compressed Air | E70: Compressed Air System Controls | F70: Compressed Air Control Improvements (non-VFD) | G70: FLAT-System | H70: 10 | I70: 0.7 | J70: 0.46104 | K70: 0.15 | L70: 0.27 | M70: 0.27 | N70: 0.27 | O70: 0.27 | P70: 0.27 | Q70: 0.27 | R70: 0.27 | S70: 0.27 | T70: 0.27 | U70: 0.27 | V70: 0.27 | W70: 0.27 | X70: 0.27 | Y70: 0.27 | Z70: 0.27 | AA70: 0.27 | AB70: 0.27 | AC70: 0.27 | AD70: 0.27 | AE70: 0.27 | AF70: 0.27 | AG70: 0.33 | AH70: 0.33 | AI70: Yes | AJ70: Yes | AK70: Yes
A71: CCACC82001 | B71: R | C71: Commercial | D71: Compressed Air | E71: Compressed Air System Controls | F71: Compressed Air Control Improvements (non-VFD) | G71: Commercial-All Com-Misc | H71: 10 | I71: 0.7 | J71: 0.42958807 | K71: 0.13 | L71: 0.2 | M71: 0.2 | N71: 0.2 | O71: 0.2 | P71: 0.2 | Q71: 0.2 | R71: 0.2 | S71: 0.2 | T71: 0.2 | U71: 0.2 | V71: 0.2 | W71: 0.2 | X71: 0.2 | Y71: 0.2 | Z71: 0.2 | AA71: 0.2 | AB71: 0.2 | AC71: 0.2 | AD71: 0.2 | AE71: 0.2 | AF71: 0.2 | AG71: 0.33 | AH71: 0.33 | AI71: Yes | AJ71: Yes | AK71: Yes
A72: CCACC92001 | B72: L | C72: Commercial | D72: Compressed Air | E72: Compressed Air System Controls | F72: Compressed Air Control Improvements (non-VFD) | G72: Commercial-All Com-Misc | H72: 10 | I72: 0.7 | J72: 0.42958807 | K72: 0.2 | L72: 0.27 | M72: 0.27 | N72: 0.27 | O72: 0.27 | P72: 0.27 | Q72: 0.27 | R72: 0.27 | S72: 0.27 | T72: 0.27 | U72: 0.27 | V72: 0.27 | W72: 0.27 | X72: 0.27 | Y72: 0.27 | Z72: 0.27 | AA72: 0.27 | AB72: 0.27 | AC72: 0.27 | AD72: 0.27 | AE72: 0.27 | AF72: 0.27 | AG72: 0.33 | AH72: 0.33 | AI72: Yes | AJ72: Yes | AK72: Yes
A73: ICACC83001 | B73: R | C73: Industrial | D73: Compressed Air | E73: Compressed Air System Controls | F73: Compressed Air Control Improvements (non-VFD) | G73: I-All-SecTotal-All-All-All-E | H73: 10 | I73: 0.7 | J73: 0.45890208 | K73: 0.12 | L73: 0.17 | M73: 0.17 | N73: 0.25 | O73: 0.25 | P73: 0.25 | Q73: 0.25 | R73: 0.25 | S73: 0.25 | T73: 0.25 | U73: 0.25 | V73: 0.25 | W73: 0.25 | X73: 0.25 | Y73: 0.25 | Z73: 0.25 | AA73: 0.25 | AB73: 0.25 | AC73: 0.25 | AD73: 0.25 | AE73: 0.25 | AF73: 0.25 | AG73: 0.33 | AH73: 0.33 | AI73: Yes | AJ73: Yes | AK73: Yes
A74: ICACC93001 | B74: L | C74: Industrial | D74: Compressed Air | E74: Compressed Air System Controls | F74: Compressed Air Control Improvements (non-VFD) | G74: I-All-SecTotal-All-All-All-E | H74: 10 | I74: 0.7 | J74: 0.45890208 | K74: 0.12 | L74: 0.27 | M74: 0.27 | N74: 0.27 | O74: 0.25 | P74: 0.25 | Q74: 0.25 | R74: 0.25 | S74: 0.25 | T74: 0.25 | U74: 0.25 | V74: 0.25 | W74: 0.25 | X74: 0.25 | Y74: 0.25 | Z74: 0.25 | AA74: 0.25 | AB74: 0.25 | AC74: 0.25 | AD74: 0.25 | AE74: 0.25 | AF74: 0.25 | AG74: 0.33 | AH74: 0.33 | AI74: Yes | AJ74: Yes | AK74: Yes
A75: ACACC84002 | B75: R | C75: Agricultural | D75: Compressed Air | E75: Compressed Air System Controls | F75: Compressed Air Control Improvements (VFD) | G75: FLAT-System | H75: 10 | I75: 0.7 | J75: 0.46104 | K75: 0.15 | L75: 0.2 | M75: 0.2 | N75: 0.2 | O75: 0.25 | P75: 0.25 | Q75: 0.25 | R75: 0.25 | S75: 0.25 | T75: 0.25 | U75: 0.25 | V75: 0.25 | W75: 0.25 | X75: 0.25 | Y75: 0.25 | Z75: 0.25 | AA75: 0.25 | AB75: 0.25 | AC75: 0.25 | AD75: 0.25 | AE75: 0.25 | AF75: 0.25 | AG75: 0.33 | AH75: 0.33 | AI75: Yes | AJ75: Yes | AK75: Yes
A76: ACACC94002 | B76: L | C76: Agricultural | D76: Compressed Air | E76: Compressed Air System Controls | F76: Compressed Air Control Improvements (VFD) | G76: FLAT-System | H76: 10 | I76: 0.7 | J76: 0.46104 | K76: 0.15 | L76: 0.27 | M76: 0.27 | N76: 0.27 | O76: 0.27 | P76: 0.27 | Q76: 0.27 | R76: 0.27 | S76: 0.27 | T76: 0.27 | U76: 0.27 | V76: 0.27 | W76: 0.27 | X76: 0.27 | Y76: 0.27 | Z76: 0.27 | AA76: 0.27 | AB76: 0.27 | AC76: 0.27 | AD76: 0.27 | AE76: 0.27 | AF76: 0.27 | AG76: 0.33 | AH76: 0.33 | AI76: Yes | AJ76: Yes | AK76: Yes
A77: CCACC82002 | B77: R | C77: Commercial | D77: Compressed Air | E77: Compressed Air System Controls | F77: Compressed Air Control Improvements (VFD) | G77: Commercial-All Com-Misc | H77: 10 | I77: 0.7 | J77: 0.42958807 | K77: 0.13 | L77: 0.2 | M77: 0.2 | N77: 0.2 | O77: 0.2 | P77: 0.2 | Q77: 0.2 | R77: 0.2 | S77: 0.2 | T77: 0.2 | U77: 0.2 | V77: 0.2 | W77: 0.2 | X77: 0.2 | Y77: 0.2 | Z77: 0.2 | AA77: 0.2 | AB77: 0.2 | AC77: 0.2 | AD77: 0.2 | AE77: 0.2 | AF77: 0.2 | AG77: 0.33 | AH77: 0.33 | AI77: Yes | AJ77: Yes | AK77: Yes
A78: CCACC92002 | B78: L | C78: Commercial | D78: Compressed Air | E78: Compressed Air System Controls | F78: Compressed Air Control Improvements (VFD) | G78: Commercial-All Com-Misc | H78: 10 | I78: 0.7 | J78: 0.42958807 | K78: 0.2 | L78: 0.27 | M78: 0.27 | N78: 0.27 | O78: 0.27 | P78: 0.27 | Q78: 0.27 | R78: 0.27 | S78: 0.27 | T78: 0.27 | U78: 0.27 | V78: 0.27 | W78: 0.27 | X78: 0.27 | Y78: 0.27 | Z78: 0.27 | AA78: 0.27 | AB78: 0.27 | AC78: 0.27 | AD78: 0.27 | AE78: 0.27 | AF78: 0.27 | AG78: 0.33 | AH78: 0.33 | AI78: Yes | AJ78: Yes | AK78: Yes
A79: ICACC83002 | B79: R | C79: Industrial | D79: Compressed Air | E79: Compressed Air System Controls | F79: Compressed Air Control Improvements (VFD) | G79: I-All-SecTotal-All-All-All-E | H79: 10 | I79: 0.7 | J79: 0.45890208 | K79: 0.12 | L79: 0.17 | M79: 0.17 | N79: 0.25 | O79: 0.25 | P79: 0.25 | Q79: 0.25 | R79: 0.25 | S79: 0.25 | T79: 0.25 | U79: 0.25 | V79: 0.25 | W79: 0.25 | X79: 0.25 | Y79: 0.25 | Z79: 0.25 | AA79: 0.25 | AB79: 0.25 | AC79: 0.25 | AD79: 0.25 | AE79: 0.25 | AF79: 0.25 | AG79: 0.33 | AH79: 0.33 | AI79: Yes | AJ79: Yes | AK79: Yes
A80: ICACC93002 | B80: L | C80: Industrial | D80: Compressed Air | E80: Compressed Air System Controls | F80: Compressed Air Control Improvements (VFD) | G80: I-All-SecTotal-All-All-All-E | H80: 10 | I80: 0.7 | J80: 0.45890208 | K80: 0.12 | L80: 0.27 | M80: 0.27 | N80: 0.27 | O80: 0.25 | P80: 0.25 | Q80: 0.25 | R80: 0.25 | S80: 0.25 | T80: 0.25 | U80: 0.25 | V80: 0.25 | W80: 0.25 | X80: 0.25 | Y80: 0.25 | Z80: 0.25 | AA80: 0.25 | AB80: 0.25 | AC80: 0.25 | AD80: 0.25 | AE80: 0.25 | AF80: 0.25 | AG80: 0.33 | AH80: 0.33 | AI80: Yes | AJ80: Yes | AK80: Yes
... A84: CCACI92003 | B84: L | C84: Commercial | D84: Compressed Air | E84: Compressed Air System Improvements | F84: Compressed Air System Compressor Improvements (non-VFD) | G84: Commercial-All Com-Misc | H84: 10 | I84: 0.7 | J84: 0.42958807 | K84: 0.2 | L84: 0.27 | M84: 0.27 | N84: 0.27 | O84: 0.27 | P84: 0.27 | Q84: 0.27 | R84: 0.27 | S84: 0.27 | T84: 0.27 | U84: 0.27 | V84: 0.27 | W84: 0.27 | X84: 0.27 | Y84: 0.27 | Z84: 0.27 | AA84: 0.27 | AB84: 0.27 | AC84: 0.27 | AD84: 0.27 | AE84: 0.27 | AF84: 0.27 | AG84: 0.33 | AH84: 0.33 | AI84: Yes | AJ84: Yes | AK84: Yes
A85: ICACI83003 | B85: R | C85: Industrial | D85: Compressed Air | E85: Compressed Air System Improvements | F85: Compressed Air System Compressor Improvements (non-VFD) | G85: I-All-SecTotal-All-All-All-E | H85: 10 | I85: 0.7 | J85: 0.45890208 | K85: 0.12 | L85: 0.17 | M85: 0.17 | N85: 0.25 | O85: 0.25 | P85: 0.25 | Q85: 0.25 | R85: 0.25 | S85: 0.25 | T85: 0.25 | U85: 0.25 | V85: 0.25 | W85: 0.25 | X85: 0.25 | Y85: 0.25 | Z85: 0.25 | AA85: 0.25 | AB85: 0.25 | AC85: 0.25 | AD85: 0.25 | AE85: 0.25 | AF85: 0.25 | AG85: NA | AH85: NA | AI85: Yes | AJ85: Yes | AK85: Yes
A86: ICACI93003 | B86: L | C86: Industrial | D86: Compressed Air | E86: Compressed Air System Improvements | F86: Compressed Air System Compressor Improvements (non-VFD) | G86: I-All-SecTotal-All-All-All-E | H86: 10 | I86: 0.7 | J86: 0.45890208 | K86: 0.12 | L86: 0.27 | M86: 0.27 | N86: 0.27 | O86: 0.25 | P86: 0.25 | Q86: 0.25 | R86: 0.25 | S86: 0.25 | T86: 0.25 | U86: 0.25 | V86: 0.25 | W86: 0.25 | X86: 0.25 | Y86: 0.25 | Z86: 0.25 | AA86: 0.25 | AB86: 0.25 | AC86: 0.25 | AD86: 0.25 | AE86: 0.25 | AF86: 0.25 | AG86: NA | AH86: NA | AI86: Yes | AJ86: Yes | AK86: Yes
A87: ACACI84004 | B87: R | C87: Agricultural | D87: Compressed Air | E87: Compressed Air System Improvements | F87: Compressed Air System Compressor Improvements (VFD) | G87: FLAT-System | H87: 10 | I87: 0.7 | J87: 0.46104 | K87: 0.15 | L87: 0.2 | M87: 0.2 | N87: 0.2 | O87: 0.25 | P87: 0.25 | Q87: 0.25 | R87: 0.25 | S87: 0.25 | T87: 0.25 | U87: 0.25 | V87: 0.25 | W87: 0.25 | X87: 0.25 | Y87: 0.25 | Z87: 0.25 | AA87: 0.25 | AB87: 0.25 | AC87: 0.25 | AD87: 0.25 | AE87: 0.25 | AF87: 0.25 | AG87: 0.33 | AH87: 0.33 | AI87: Yes | AJ87: Yes | AK87: Yes
A88: ACACI94004 | B88: L | C88: Agricultural | D88: Compressed Air | E88: Compressed Air System Improvements | F88: Compressed Air System Compressor Improvements (VFD) | G88: FLAT-System | H88: 10 | I88: 0.7 | J88: 0.46104 | K88: 0.15 | L88: 0.27 | M88: 0.27 | N88: 0.27 | O88: 0.27 | P88: 0.27 | Q88: 0.27 | R88: 0.27 | S88: 0.27 | T88: 0.27 | U88: 0.27 | V88: 0.27 | W88: 0.27 | X88: 0.27 | Y88: 0.27 | Z88: 0.27 | AA88: 0.27 | AB88: 0.27 | AC88: 0.27 | AD88: 0.27 | AE88: 0.27 | AF88: 0.27 | AG88: 0.33 | AH88: 0.33 | AI88: Yes | AJ88: Yes | AK88: Yes
A89: CCACI82004 | B89: R | C89: Commercial | D89: Compressed Air | E89: Compressed Air System Improvements | F89: Compressed Air System Compressor Improvements (VFD) | G89: Commercial-All Com-Misc | H89: 10 | I89: 0.7 | J89: 0.42958807 | K89: 0.13 | L89: 0.2 | M89: 0.2 | N89: 0.2 | O89: 0.2 | P89: 0.2 | Q89: 0.2 | R89: 0.2 | S89: 0.2 | T89: 0.2 | U89: 0.2 | V89: 0.2 | W89: 0.2 | X89: 0.2 | Y89: 0.2 | Z89: 0.2 | AA89: 0.2 | AB89: 0.2 | AC89: 0.2 | AD89: 0.2 | AE89: 0.2 | AF89: 0.2 | AG89: 0.33 | AH89: 0.33 | AI89: Yes | AJ89: Yes | AK89: Yes
A90: CCACI92004 | B90: L | C90: Commercial | D90: Compressed Air | E90: Compressed Air System Improvements | F90: Compressed Air System Compressor Improvements (VFD) | G90: Commercial-All Com-Misc | H90: 10 | I90: 0.7 | J90: 0.42958807 | K90: 0.2 | L90: 0.27 | M90: 0.27 | N90: 0.27 | O90: 0.27 | P90: 0.27 | Q90: 0.27 | R90: 0.27 | S90: 0.27 | T90: 0.27 | U90: 0.27 | V90: 0.27 | W90: 0.27 | X90: 0.27 | Y90: 0.27 | Z90: 0.27 | AA90: 0.27 | AB90: 0.27 | AC90: 0.27 | AD90: 0.27 | AE90: 0.27 | AF90: 0.27 | AG90: 0.33 | AH90: 0.33 | AI90: Yes | AJ90: Yes | AK90: Yes
A91: ICACI83004 | B91: R | C91: Industrial | D91: Compressed Air | E91: Compressed Air System Improvements | F91: Compressed Air System Compressor Improvements (VFD) | G91: I-All-SecTotal-All-All-All-E | H91: 10 | I91: 0.7 | J91: 0.45890208 | K91: 0.12 | L91: 0.17 | M91: 0.17 | N91: 0.25 | O91: 0.25 | P91: 0.25 | Q91: 0.25 | R91: 0.25 | S91: 0.25 | T91: 0.25 | U91: 0.25 | V91: 0.25 | W91: 0.25 | X91: 0.25 | Y91: 0.25 | Z91: 0.25 | AA91: 0.25 | AB91: 0.25 | AC91: 0.25 | AD91: 0.25 | AE91: 0.25 | AF91: 0.25 | AG91: NA | AH91: NA | AI91: Yes | AJ91: Yes | AK91: Yes
A92: ICACI93004 | B92: L | C92: Industrial | D92: Compressed Air | E92: Compressed Air System Improvements | F92: Compressed Air System Compressor Improvements (VFD) | G92: I-All-SecTotal-All-All-All-E | H92: 10 | I92: 0.7 | J92: 0.45890208 | K92: 0.12 | L92: 0.27 | M92: 0.27 | N92: 0.27 | O92: 0.25 | P92: 0.25 | Q92: 0.25 | R92: 0.25 | S92: 0.25 | T92: 0.25 | U92: 0.25 | V92: 0.25 | W92: 0.25 | X92: 0.25 | Y92: 0.25 | Z92: 0.25 | AA92: 0.25 | AB92: 0.25 | AC92: 0.25 | AD92: 0.25 | AE92: 0.25 | AF92: 0.25 | AG92: NA | AH92: NA | AI92: Yes | AJ92: Yes | AK92: Yes
A93: ACACI84005 | B93: R | C93: Agricultural | D93: Compressed Air | E93: Compressed Air System Improvements | F93: Compressed Air System Demand Side Improvements | G93: FLAT-System | H93: 10 | I93: 0.7 | J93: 0.46104 | K93: 0.15 | L93: 0.2 | M93: 0.2 | N93: 0.2 | O93: 0.25 | P93: 0.25 | Q93: 0.25 | R93: 0.25 | S93: 0.25 | T93: 0.25 | U93: 0.25 | V93: 0.25 | W93: 0.25 | X93: 0.25 | Y93: 0.25 | Z93: 0.25 | AA93: 0.25 | AB93: 0.25 | AC93: 0.25 | AD93: 0.25 | AE93: 0.25 | AF93: 0.25 | AG93: 0.33 | AH93: 0.33 | AI93: Yes | AJ93: Yes | AK93: Yes
A94: ACACI94005 | B94: L | C94: Agricultural | D94: Compressed Air | E94: Compressed Air System Improvements | F94: Compressed Air System Demand Side Improvements | G94: FLAT-System | H94: 10 | I94: 0.7 | J94: 0.46104 | K94: 0.15 | L94: 0.27 | M94: 0.27 | N94: 0.27 | O94: 0.27 | P94: 0.27 | Q94: 0.27 | R94: 0.27 | S94: 0.27 | T94: 0.27 | U94: 0.27 | V94: 0.27 | W94: 0.27 | X94: 0.27 | Y94: 0.27 | Z94: 0.27 | AA94: 0.27 | AB94: 0.27 | AC94: 0.27 | AD94: 0.27 | AE94: 0.27 | AF94: 0.27 | AG94: 0.33 | AH94: 0.33 | AI94: Yes | AJ94: Yes | AK94: Yes
A95: CCACI82005 | B95: R | C95: Commercial | D95: Compressed Air | E95: Compressed Air System Improvements | F95: Compressed Air System Demand Side Improvements | G95: Commercial-All Com-Misc | H95: 10 | I95: 0.7 | J95: 0.42958807 | K95: 0.13 | L95: 0.2 | M95: 0.2 | N95: 0.2 | O95: 0.2 | P95: 0.2 | Q95: 0.2 | R95: 0.2 | S95: 0.2 | T95: 0.2 | U95: 0.2 | V95: 0.2 | W95: 0.2 | X95: 0.2 | Y95: 0.2 | Z95: 0.2 | AA95: 0.2 | AB95: 0.2 | AC95: 0.2 | AD95: 0.2 | AE95: 0.2 | AF95: 0.2 | AG95: 0.33 | AH95: 0.33 | AI95: Yes | AJ95: Yes | AK95: Yes
A96: CCACI92005 | B96: L | C96: Commercial | D96: Compressed Air | E96: Compressed Air System Improvements | F96: Compressed Air System Demand Side Improvements | G96: Commercial-All Com-Misc | H96: 10 | I96: 0.7 | J96: 0.42958807 | K96: 0.2 | L96: 0.27 | M96: 0.27 | N96: 0.27 | O96: 0.27 | P96: 0.27 | Q96: 0.27 | R96: 0.27 | S96: 0.27 | T96: 0.27 | U96: 0.27 | V96: 0.27 | W96: 0.27 | X96: 0.27 | Y96: 0.27 | Z96: 0.27 | AA96: 0.27 | AB96: 0.27 | AC96: 0.27 | AD96: 0.27 | AE96: 0.27 | AF96: 0.27 | AG96: 0.33 | AH96: 0.33 | AI96: Yes | AJ96: Yes | AK96: Yes
A97: ICACI83005 | B97: R | C97: Industrial | D97: Compressed Air | E97: Compressed Air System Improvements | F97: Compressed Air System Demand Side Improvements | G97: I-All-SecTotal-All-All-All-E | H97: 5 | I97: 0.7 | J97: 0.2887034 | K97: 0.12 | L97: 0.17 | M97: 0.17 | N97: 0.25 | O97: 0.25 | P97: 0.25 | Q97: 0.25 | R97: 0.25 | S97: 0.25 | T97: 0.25 | U97: 0.25 | V97: 0.25 | W97: 0.25 | X97: 0.25 | Y97: 0.25 | Z97: 0.25 | AA97: 0.25 | AB97: 0.25 | AC97: 0.25 | AD97: 0.25 | AE97: 0.25 | AF97: 0.25 | AG97: 0.33 | AH97: 0.33 | AI97: Yes | AJ97: Yes | AK97: Yes
A98: ICACI93005 | B98: L | C98: Industrial | D98: Compressed Air | E98: Compressed Air System Improvements | F98: Compressed Air System Demand Side Improvements | G98: I-All-SecTotal-All-All-All-E | H98: 5 | I98: 0.7 | J98: 0.2887034 | K98: 0.12 | L98: 0.27 | M98: 0.27 | N98: 0.27 | O98: 0.25 | P98: 0.25 | Q98: 0.25 | R98: 0.25 | S98: 0.25 | T98: 0.25 | U98: 0.25 | V98: 0.25 | W98: 0.25 | X98: 0.25 | Y98: 0.25 | Z98: 0.25 | AA98: 0.25 | AB98: 0.25 | AC98: 0.25 | AD98: 0.25 | AE98: 0.25 | AF98: 0.25 | AG98: 0.33 | AH98: 0.33 | AI98: Yes | AJ98: Yes | AK98: Yes
A99: ICACI83168 | B99: R | C99: Industrial | D99: Compressed Air | E99: Compressed Air System Improvements | F99: Compressed Air System Demand Side Improvements | G99: I-All-SecTotal-All-All-All-E | H99: 15 | I99: 0.7 | J99: 0.62699629 | K99: NA | L99: NA | M99: NA | N99: NA | O99: NA | P99: NA | Q99: NA | R99: NA | S99: NA | T99: NA | U99: NA | V99: NA | W99: NA | X99: NA | Y99: NA | Z99: NA | AA99: NA | AB99: NA | AC99: NA | AD99: NA | AE99: NA | AF99: NA | AG99: 0.33 | AH99: 0.33 | AI99: Yes | AJ99: Yes | AK99: Yes
